Workbook
Name FECHAPPT: [40]Consideraciones!$D$40
Name Lista_Insumos: [40]Insumos!$B$8:$G$222
Name Listado_SP: '[40]Listado SubPartidas'!$A$87:$K$207
Name NOMBRE_P: [40]Consideraciones!$D$41
Name P: [40]Insumos!$F$24
Name Presupuesto: #REF!
Name Tabla_Combustible: [40]Combustible!$B$10:$F$24
Name TC: [40]Consideraciones!$F$10
Name tit_ab: Comparativo!#REF!
Name tit_codigo_recurso: Comparativo!$B$3
Name tit_coste_em: Comparativo!$J$3
Name tit_descripcion: Comparativo!$C$3
Name tit_medicion: Comparativo!$E$3
Name tit_om: Comparativo!#REF!
Name tit_pb: Comparativo!#REF!
Name tit_punit_cem: Comparativo!$J$8
Name tit_punit_om: Comparativo!#REF!
Name tit_punit_p: Comparativo!$T$8
Name tit_tasa: Comparativo!#REF!
Name tit_tcv: Comparativo!#REF!
Name tit_total_om: Comparativo!#REF!
Name tit_total_p: Comparativo!$U$8
Name tit_tov: Comparativo!$B$280
Name tit_tsv: Comparativo!#REF!
Name tit_UM: Comparativo!$D$3

Sheet Comparativo
B1: SUBPROYECTO A3 - R00
AQ2: PROVEEDOR ELEGIDO
B3: CÓDIGO | C3: DESCRIPCIÓN | D3: U.M. | E3: MEDICION | F3: PRESUPUESTADO S/ | J3: METRADO POR PROVEEDOR | T3: CONSORCIO CHAQUICOCHA S.R.L. | AN3: PRECIOS MÍNIMOS | AQ3: =IF(AN282="","",IF(AN282=T282,T3,IF(AN282=V282,V3,IF(AN282=X282,X3,IF(AN282=Z282,Z3,IF(AN282=AB282,AB3,IF(AN282=AD282,AD3,IF(AN282=AF282,AF3,IF(AN282=AH282,AH3,IF(AN282=AJ282,AJ3,IF(AN282=AL282,AL3,IF(AN282=AL282,AL3)))))))))))) -> CONSORCIO CHAQUICOCHA S.R.L. | AT3: OBSERVACIONES
F4: U.M. | G4: MEDICION | H4: P. UNIT | I4: TOTAL | T4: Nombre Contacto | V4: Nombre Contacto | X4: Nombre Contacto | Z4: Nombre Contacto | AB4: Nombre Contacto | AD4: Nombre Contacto | AF4: Nombre Contacto | AH4: Nombre Contacto | AJ4: Nombre Contacto | AL4: Nombre Contacto | AQ4: Nombre Contacto | AR4: =IF($AQ$3=$T$3,U4,IF($AQ$3=$V$3,W4,IF($AQ$3=$X$3,Y4,IF($AQ$3=$Z$3,AA4,IF($AQ$3=$AB$3,AC4,IF($AQ$3=$AD$3,AE4,IF($AQ$3=$AF$3,AG4,IF($AQ$3=$AH$3,AI4,IF($AQ$3=$AJ$3,AK4,IF($AQ$3=$AL$3,AM4,"")))))))))) -> 0
T5: Teléfono | V5: Teléfono | X5: Teléfono | Z5: Teléfono | AB5: Teléfono | AD5: Teléfono | AF5: Teléfono | AH5: Teléfono | AJ5: Teléfono | AL5: Teléfono | AQ5: Contacto Telefono | AR5: =IF($AQ$3=$T$3,U5,IF($AQ$3=$V$3,W5,IF($AQ$3=$X$3,Y5,IF($AQ$3=$Z$3,AA5,IF($AQ$3=$AB$3,AC5,IF($AQ$3=$AD$3,AE5,IF($AQ$3=$AF$3,AG5,IF($AQ$3=$AH$3,AI5,IF($AQ$3=$AJ$3,AK5,IF($AQ$3=$AL$3,AM5,"")))))))))) -> 0
T6: mail | V6: mail | X6: mail | Z6: mail | AB6: mail | AD6: mail | AF6: mail | AH6: mail | AJ6: mail | AL6: mail | AQ6: mail | AR6: =IF($AQ$3=$T$3,U6,IF($AQ$3=$V$3,W6,IF($AQ$3=$X$3,Y6,IF($AQ$3=$Z$3,AA6,IF($AQ$3=$AB$3,AC6,IF($AQ$3=$AD$3,AE6,IF($AQ$3=$AF$3,AG6,IF($AQ$3=$AH$3,AI6,IF($AQ$3=$AJ$3,AK6,IF($AQ$3=$AL$3,AM6,"")))))))))) -> 0
T7: Fecha Oferta | U7: 45201 | V7: Fecha Oferta | W7: 45201 | X7: Fecha Oferta | Y7: 45201 | Z7: Fecha Oferta | AB7: Fecha Oferta | AD7: Fecha Oferta | AF7: Fecha Oferta | AH7: Fecha Oferta | AJ7: Fecha Oferta | AL7: Fecha Oferta | AQ7: Fecha Oferta | AR7: =IF($AQ$3=$T$3,U7,IF($AQ$3=$V$3,W7,IF($AQ$3=$X$3,Y7,IF($AQ$3=$Z$3,AA7,IF($AQ$3=$AB$3,AC7,IF($AQ$3=$AD$3,AE7,IF($AQ$3=$AF$3,AG7,IF($AQ$3=$AH$3,AI7,IF($AQ$3=$AJ$3,AK7,IF($AQ$3=$AL$3,AM7,"")))))))))) -> 45201
J8: =+T3 -> CONSORCIO CHAQUICOCHA S.R.L. | K8: =+V3 -> 0 | L8: =+X3 -> 0 | M8: =+Z3 -> 0 | N8: =+AB3 -> 0 | O8: =+AD3 -> 0 | P8: =+AF3 -> 0 | Q8: =+AH3 -> 0 | R8: =+AJ3 -> 0 | S8: =+AL3 -> 0 | T8: P. UNIT | U8: TOTAL | V8: P. UNIT | W8: TOTAL | X8: P. UNIT | Y8: TOTAL | Z8: P. UNIT | AA8: TOTAL | AB8: P. UNIT | AC8: TOTAL | AD8: P. UNIT | AE8: TOTAL | AF8: P. UNIT | AG8: TOTAL | AH8: P. UNIT | AI8: TOTAL | AJ8: P. UNIT | AK8: TOTAL | AL8: P. UNIT | AM8: TOTAL | AN8: P.UNIT | AO8: TOTAL | AP8: PROVEEDOR | AQ8: P. UNIT. | AR8: TOTAL
C9: =+B1 -> SUBPROYECTO A3 - R00
B10: 1 | C10: DEFENSAS RIBEREÑAS | I10: =IF(H10="","",+H10*G10) | U10: =IF(J10="",IF(T10="","",E10*T10),J10*T10) | W10: =IF(K10="",IF(V10="","",E10*V10),K10*V10) | Y10: =IF(L10="",IF(X10="","",E10*X10),L10*X10) | AA10: =IF(M10="",IF(Z10="","",E10*Z10),M10*Z10) | AC10: =IF(N10="",IF(AB10="","",E10*AB10),N10*AB10) | AE10: =IF(O10="",IF(AD10="","",E10*AD10),O10*AD10) | AG10: =IF(P10="",IF(AF10="","",E10*AF10),P10*AF10) | AI10: =IF(Q10="",IF(AH10="","",E10*AH10),Q10*AH10) | AK10: =IF(R10="",IF(AJ10="","",E10*AJ10),R10*AJ10) | AM10: =IF(S10="",IF(AL10="","",E10*AL10),S10*AL10) | AN10: =IF(AND(T10="",V10="",Z10="",AB10="",X10="",AD10="",AF10="",AH10="",AJ10="",AL10=""),"",MIN(T10,V10,Z10,AB10,X10,AD10,AF10,AH10,AJ10,AL10)) | AO10: =IF(AN10="","",IF(AP10=$T$3,IF(J10="",+AN10*E10,AN10*J10),IF(AP10=$V$3,IF(K10="",AN10*E10,AN10*K10),IF(AP10=$X$3,IF(L10="",AN10*E10,AN10*L10),IF(AP10=$Z$3,IF(M10="",AN10*E10,AN10*M10),IF(AP10=$AB$3,IF(N10="",AN10*E10,AN10*N10),IF(AP10=$AD$3,IF(O10="",AN10*E10,AN10*O10),IF(AP10=$AF$3,IF(P10="",AN10*E10,AN10*P10),IF(AP10=$AH$3,IF(Q10="",AN10*E10,AN10*Q10),IF(AP10=$AJ$3,IF(R10="",AN10*E10,AN10*R10),IF(AP10=$AL$3,IF(S10="",AN10*E10,AN10*S10),""))))))))))) | AP10: =IF(AN10="","",IF(AN10=T10,$T$3,IF(AN10=V10,$V$3,IF(AN10=X10,$X$3,IF(AN10=Z10,$Z$3,IF(AN10=AB10,$AB$3,IF(AN10=AD10,$AD$3,IF(AN10=AF10,$AF$3,IF(AN10=AH10,$AH$3,IF(AN10=AJ10,$AJ$3,IF(AN10=AL10,$AL$3,"")))))))))))
B11: 1.1 | C11: OBRAS PRELIMINARES | I11: =IF(H11="","",+H11*G11) | U11: =IF(J11="",IF(T11="","",E11*T11),J11*T11) | W11: =IF(K11="",IF(V11="","",E11*V11),K11*V11) | Y11: =IF(L11="",IF(X11="","",E11*X11),L11*X11) | AA11: =IF(M11="",IF(Z11="","",E11*Z11),M11*Z11) | AC11: =IF(N11="",IF(AB11="","",E11*AB11),N11*AB11) | AE11: =IF(O11="",IF(AD11="","",E11*AD11),O11*AD11) | AG11: =IF(P11="",IF(AF11="","",E11*AF11),P11*AF11) | AI11: =IF(Q11="",IF(AH11="","",E11*AH11),Q11*AH11) | AK11: =IF(R11="",IF(AJ11="","",E11*AJ11),R11*AJ11) | AM11: =IF(S11="",IF(AL11="","",E11*AL11),S11*AL11) | AN11: =IF(AND(T11="",V11="",Z11="",AB11="",X11="",AD11="",AF11="",AH11="",AJ11="",AL11=""),"",MIN(T11,V11,Z11,AB11,X11,AD11,AF11,AH11,AJ11,AL11)) | AO11: =IF(AN11="","",IF(AP11=$T$3,IF(J11="",+AN11*E11,AN11*J11),IF(AP11=$V$3,IF(K11="",AN11*E11,AN11*K11),IF(AP11=$X$3,IF(L11="",AN11*E11,AN11*L11),IF(AP11=$Z$3,IF(M11="",AN11*E11,AN11*M11),IF(AP11=$AB$3,IF(N11="",AN11*E11,AN11*N11),IF(AP11=$AD$3,IF(O11="",AN11*E11,AN11*O11),IF(AP11=$AF$3,IF(P11="",AN11*E11,AN11*P11),IF(AP11=$AH$3,IF(Q11="",AN11*E11,AN11*Q11),IF(AP11=$AJ$3,IF(R11="",AN11*E11,AN11*R11),IF(AP11=$AL$3,IF(S11="",AN11*E11,AN11*S11),""))))))))))) | AP11: =IF(AN11="","",IF(AN11=T11,$T$3,IF(AN11=V11,$V$3,IF(AN11=X11,$X$3,IF(AN11=Z11,$Z$3,IF(AN11=AB11,$AB$3,IF(AN11=AD11,$AD$3,IF(AN11=AF11,$AF$3,IF(AN11=AH11,$AH$3,IF(AN11=AJ11,$AJ$3,IF(AN11=AL11,$AL$3,"")))))))))))
B12: 1.1.1 | C12: CARTEL DE IDENTIFICACIÓN OBRA 4.80 x 3.60 m. | D12: und | E12: 1 | I12: =IF(H12="","",+H12*G12) | K12: 1 | T12: 1834.78 | U12: 1834.78 | W12: =IF(K12="",IF(V12="","",E12*V12),K12*V12) -> 0 | Y12: =IF(L12="",IF(X12="","",E12*X12),L12*X12) | AA12: =IF(M12="",IF(Z12="","",E12*Z12),M12*Z12) | AC12: =IF(N12="",IF(AB12="","",E12*AB12),N12*AB12) | AE12: =IF(O12="",IF(AD12="","",E12*AD12),O12*AD12) | AG12: =IF(P12="",IF(AF12="","",E12*AF12),P12*AF12) | AI12: =IF(Q12="",IF(AH12="","",E12*AH12),Q12*AH12) | AK12: =IF(R12="",IF(AJ12="","",E12*AJ12),R12*AJ12) | AM12: =IF(S12="",IF(AL12="","",E12*AL12),S12*AL12) | AN12: =IF(AND(T12="",V12="",Z12="",AB12="",X12="",AD12="",AF12="",AH12="",AJ12="",AL12=""),"",MIN(T12,V12,Z12,AB12,X12,AD12,AF12,AH12,AJ12,AL12)) -> 1834.78 | AO12: =IF(AN12="","",IF(AP12=$T$3,IF(J12="",+AN12*E12,AN12*J12),IF(AP12=$V$3,IF(K12="",AN12*E12,AN12*K12),IF(AP12=$X$3,IF(L12="",AN12*E12,AN12*L12),IF(AP12=$Z$3,IF(M12="",AN12*E12,AN12*M12),IF(AP12=$AB$3,IF(N12="",AN12*E12,AN12*N12),IF(AP12=$AD$3,IF(O12="",AN12*E12,AN12*O12),IF(AP12=$AF$3,IF(P12="",AN12*E12,AN12*P12),IF(AP12=$AH$3,IF(Q12="",AN12*E12,AN12*Q12),IF(AP12=$AJ$3,IF(R12="",AN12*E12,AN12*R12),IF(AP12=$AL$3,IF(S12="",AN12*E12,AN12*S12),""))))))))))) -> 1834.78 | AP12: =IF(AN12="","",IF(AN12=T12,$T$3,IF(AN12=V12,$V$3,IF(AN12=X12,$X$3,IF(AN12=Z12,$Z$3,IF(AN12=AB12,$AB$3,IF(AN12=AD12,$AD$3,IF(AN12=AF12,$AF$3,IF(AN12=AH12,$AH$3,IF(AN12=AJ12,$AJ$3,IF(AN12=AL12,$AL$3,""))))))))))) -> CONSORCIO CHAQUICOCHA S.R.L. | AQ12: =IF($AQ$3="","",IF($AQ$3=$T$3,T12,IF($AQ$3=$V$3,V12,IF($AQ$3=$X$3,X12,IF($AQ$3=$Z$3,Z12,IF($AQ$3=$AB$3,AB12,IF($AQ$3=$AD$3,AD12,IF($AQ$3=$AF$3,AF12,IF($AQ$3=$AH$3,AH12,IF($AQ$3=$AJ$3,AJ12,IF($AQ$3=$AL$3,AL12,""))))))))))) -> 1834.78 | AR12: =IF(AQ12="","",IF($AQ$3=$T$3,IF(J12="",AQ12*E12,AQ12*J12),IF($AQ$3=$V$3,IF(K12="",AQ12*E12,AQ12*K12),IF($AQ$3=$X$3,IF(L12="",AQ12*E12,AQ12*L12),IF($AQ$3=$Z$3,IF(M12="",AQ12*E12,AQ12*M12),IF($AQ$3=$AB$3,IF(N12="",AQ12*E12,AQ12*N12),IF($AQ$3=$AD$3,IF(O12="",AQ12*E12,AQ12*O12),IF($AQ$3=$AF$3,IF(P12="",AQ12*E12,AQ12*P12),IF($AQ$3=$AH$3,IF(Q12="",AQ12*E12,AQ12*Q12),IF($AQ$3=$AJ$3,IF(R12="",AQ12*E12,AQ12*R12),IF($AQ$3=$AL$3,IF(S12="",AQ12*E12,AQ12*S12),""))))))))))) -> 1834.78 | AT12: Retirar esta Partida
B13: 1.1.2 | C13: INSTALACIONES PROVISIONALES PARA LA OBRA | D13: glb | E13: 1 | I13: =IF(H13="","",+H13*G13) | K13: 1 | T13: 347149.67 | U13: 347149.67 | W13: =IF(K13="",IF(V13="","",E13*V13),K13*V13) -> 0 | Y13: =IF(L13="",IF(X13="","",E13*X13),L13*X13) | AA13: =IF(M13="",IF(Z13="","",E13*Z13),M13*Z13) | AC13: =IF(N13="",IF(AB13="","",E13*AB13),N13*AB13) | AE13: =IF(O13="",IF(AD13="","",E13*AD13),O13*AD13) | AG13: =IF(P13="",IF(AF13="","",E13*AF13),P13*AF13) | AI13: =IF(Q13="",IF(AH13="","",E13*AH13),Q13*AH13) | AK13: =IF(R13="",IF(AJ13="","",E13*AJ13),R13*AJ13) | AM13: =IF(S13="",IF(AL13="","",E13*AL13),S13*AL13) | AN13: =IF(AND(T13="",V13="",Z13="",AB13="",X13="",AD13="",AF13="",AH13="",AJ13="",AL13=""),"",MIN(T13,V13,Z13,AB13,X13,AD13,AF13,AH13,AJ13,AL13)) -> 347149.67 | AO13: =IF(AN13="","",IF(AP13=$T$3,IF(J13="",+AN13*E13,AN13*J13),IF(AP13=$V$3,IF(K13="",AN13*E13,AN13*K13),IF(AP13=$X$3,IF(L13="",AN13*E13,AN13*L13),IF(AP13=$Z$3,IF(M13="",AN13*E13,AN13*M13),IF(AP13=$AB$3,IF(N13="",AN13*E13,AN13*N13),IF(AP13=$AD$3,IF(O13="",AN13*E13,AN13*O13),IF(AP13=$AF$3,IF(P13="",AN13*E13,AN13*P13),IF(AP13=$AH$3,IF(Q13="",AN13*E13,AN13*Q13),IF(AP13=$AJ$3,IF(R13="",AN13*E13,AN13*R13),IF(AP13=$AL$3,IF(S13="",AN13*E13,AN13*S13),""))))))))))) -> 347149.67 | AP13: =IF(AN13="","",IF(AN13=T13,$T$3,IF(AN13=V13,$V$3,IF(AN13=X13,$X$3,IF(AN13=Z13,$Z$3,IF(AN13=AB13,$AB$3,IF(AN13=AD13,$AD$3,IF(AN13=AF13,$AF$3,IF(AN13=AH13,$AH$3,IF(AN13=AJ13,$AJ$3,IF(AN13=AL13,$AL$3,""))))))))))) -> CONSORCIO CHAQUICOCHA S.R.L. | AQ13: =IF($AQ$3="","",IF($AQ$3=$T$3,T13,IF($AQ$3=$V$3,V13,IF($AQ$3=$X$3,X13,IF($AQ$3=$Z$3,Z13,IF($AQ$3=$AB$3,AB13,IF($AQ$3=$AD$3,AD13,IF($AQ$3=$AF$3,AF13,IF($AQ$3=$AH$3,AH13,IF($AQ$3=$AJ$3,AJ13,IF($AQ$3=$AL$3,AL13,""))))))))))) -> 347149.67 | AR13: =IF(AQ13="","",IF($AQ$3=$T$3,IF(J13="",AQ13*E13,AQ13*J13),IF($AQ$3=$V$3,IF(K13="",AQ13*E13,AQ13*K13),IF($AQ$3=$X$3,IF(L13="",AQ13*E13,AQ13*L13),IF($AQ$3=$Z$3,IF(M13="",AQ13*E13,AQ13*M13),IF($AQ$3=$AB$3,IF(N13="",AQ13*E13,AQ13*N13),IF($AQ$3=$AD$3,IF(O13="",AQ13*E13,AQ13*O13),IF($AQ$3=$AF$3,IF(P13="",AQ13*E13,AQ13*P13),IF($AQ$3=$AH$3,IF(Q13="",AQ13*E13,AQ13*Q13),IF($AQ$3=$AJ$3,IF(R13="",AQ13*E13,AQ13*R13),IF($AQ$3=$AL$3,IF(S13="",AQ13*E13,AQ13*S13),""))))))))))) -> 347149.67
B14: 1.1.3 | C14: MANTENIMIENTO DE TRÁNSITO Y SEGURIDAD VIAL | D14: mes | E14: 6.7 | I14: =IF(H14="","",+H14*G14) | K14: 6 | T14: 132765.2 | U14: 889526.84 | W14: =IF(K14="",IF(V14="","",E14*V14),K14*V14) -> 0 | Y14: =IF(L14="",IF(X14="","",E14*X14),L14*X14) | AA14: =IF(M14="",IF(Z14="","",E14*Z14),M14*Z14) | AC14: =IF(N14="",IF(AB14="","",E14*AB14),N14*AB14) | AE14: =IF(O14="",IF(AD14="","",E14*AD14),O14*AD14) | AG14: =IF(P14="",IF(AF14="","",E14*AF14),P14*AF14) | AI14: =IF(Q14="",IF(AH14="","",E14*AH14),Q14*AH14) | AK14: =IF(R14="",IF(AJ14="","",E14*AJ14),R14*AJ14) | AM14: =IF(S14="",IF(AL14="","",E14*AL14),S14*AL14) | AN14: =IF(AND(T14="",V14="",Z14="",AB14="",X14="",AD14="",AF14="",AH14="",AJ14="",AL14=""),"",MIN(T14,V14,Z14,AB14,X14,AD14,AF14,AH14,AJ14,AL14)) -> 132765.2 | AO14: =IF(AN14="","",IF(AP14=$T$3,IF(J14="",+AN14*E14,AN14*J14),IF(AP14=$V$3,IF(K14="",AN14*E14,AN14*K14),IF(AP14=$X$3,IF(L14="",AN14*E14,AN14*L14),IF(AP14=$Z$3,IF(M14="",AN14*E14,AN14*M14),IF(AP14=$AB$3,IF(N14="",AN14*E14,AN14*N14),IF(AP14=$AD$3,IF(O14="",AN14*E14,AN14*O14),IF(AP14=$AF$3,IF(P14="",AN14*E14,AN14*P14),IF(AP14=$AH$3,IF(Q14="",AN14*E14,AN14*Q14),IF(AP14=$AJ$3,IF(R14="",AN14*E14,AN14*R14),IF(AP14=$AL$3,IF(S14="",AN14*E14,AN14*S14),""))))))))))) -> 889526.84 | AP14: =IF(AN14="","",IF(AN14=T14,$T$3,IF(AN14=V14,$V$3,IF(AN14=X14,$X$3,IF(AN14=Z14,$Z$3,IF(AN14=AB14,$AB$3,IF(AN14=AD14,$AD$3,IF(AN14=AF14,$AF$3,IF(AN14=AH14,$AH$3,IF(AN14=AJ14,$AJ$3,IF(AN14=AL14,$AL$3,""))))))))))) -> CONSORCIO CHAQUICOCHA S.R.L. | AQ14: =IF($AQ$3="","",IF($AQ$3=$T$3,T14,IF($AQ$3=$V$3,V14,IF($AQ$3=$X$3,X14,IF($AQ$3=$Z$3,Z14,IF($AQ$3=$AB$3,AB14,IF($AQ$3=$AD$3,AD14,IF($AQ$3=$AF$3,AF14,IF($AQ$3=$AH$3,AH14,IF($AQ$3=$AJ$3,AJ14,IF($AQ$3=$AL$3,AL14,""))))))))))) -> 132765.2 | AR14: =IF(AQ14="","",IF($AQ$3=$T$3,IF(J14="",AQ14*E14,AQ14*J14),IF($AQ$3=$V$3,IF(K14="",AQ14*E14,AQ14*K14),IF($AQ$3=$X$3,IF(L14="",AQ14*E14,AQ14*L14),IF($AQ$3=$Z$3,IF(M14="",AQ14*E14,AQ14*M14),IF($AQ$3=$AB$3,IF(N14="",AQ14*E14,AQ14*N14),IF($AQ$3=$AD$3,IF(O14="",AQ14*E14,AQ14*O14),IF($AQ$3=$AF$3,IF(P14="",AQ14*E14,AQ14*P14),IF($AQ$3=$AH$3,IF(Q14="",AQ14*E14,AQ14*Q14),IF($AQ$3=$AJ$3,IF(R14="",AQ14*E14,AQ14*R14),IF($AQ$3=$AL$3,IF(S14="",AQ14*E14,AQ14*S14),""))))))))))) -> 889526.84
B15: 1.2 | C15: TRABAJOS PRELIMINARES | I15: =IF(H15="","",+H15*G15) | W15: =IF(K15="",IF(V15="","",E15*V15),K15*V15) | Y15: =IF(L15="",IF(X15="","",E15*X15),L15*X15) | AA15: =IF(M15="",IF(Z15="","",E15*Z15),M15*Z15) | AC15: =IF(N15="",IF(AB15="","",E15*AB15),N15*AB15) | AE15: =IF(O15="",IF(AD15="","",E15*AD15),O15*AD15) | AG15: =IF(P15="",IF(AF15="","",E15*AF15),P15*AF15) | AI15: =IF(Q15="",IF(AH15="","",E15*AH15),Q15*AH15) | AK15: =IF(R15="",IF(AJ15="","",E15*AJ15),R15*AJ15) | AM15: =IF(S15="",IF(AL15="","",E15*AL15),S15*AL15) | AN15: =IF(AND(T15="",V15="",Z15="",AB15="",X15="",AD15="",AF15="",AH15="",AJ15="",AL15=""),"",MIN(T15,V15,Z15,AB15,X15,AD15,AF15,AH15,AJ15,AL15)) | AO15: =IF(AN15="","",IF(AP15=$T$3,IF(J15="",+AN15*E15,AN15*J15),IF(AP15=$V$3,IF(K15="",AN15*E15,AN15*K15),IF(AP15=$X$3,IF(L15="",AN15*E15,AN15*L15),IF(AP15=$Z$3,IF(M15="",AN15*E15,AN15*M15),IF(AP15=$AB$3,IF(N15="",AN15*E15,AN15*N15),IF(AP15=$AD$3,IF(O15="",AN15*E15,AN15*O15),IF(AP15=$AF$3,IF(P15="",AN15*E15,AN15*P15),IF(AP15=$AH$3,IF(Q15="",AN15*E15,AN15*Q15),IF(AP15=$AJ$3,IF(R15="",AN15*E15,AN15*R15),IF(AP15=$AL$3,IF(S15="",AN15*E15,AN15*S15),""))))))))))) | AP15: =IF(AN15="","",IF(AN15=T15,$T$3,IF(AN15=V15,$V$3,IF(AN15=X15,$X$3,IF(AN15=Z15,$Z$3,IF(AN15=AB15,$AB$3,IF(AN15=AD15,$AD$3,IF(AN15=AF15,$AF$3,IF(AN15=AH15,$AH$3,IF(AN15=AJ15,$AJ$3,IF(AN15=AL15,$AL$3,"")))))))))))
B16: 1.2.1 | C16: MOVILIZACION Y DESMOVILIZACION DE EQUIPOS | D16: glb | E16: 1 | I16: =IF(H16="","",+H16*G16) | K16: 1 | T16: 825600 | U16: 825600 | W16: =IF(K16="",IF(V16="","",E16*V16),K16*V16) -> 0 | Y16: =IF(L16="",IF(X16="","",E16*X16),L16*X16) | AA16: =IF(M16="",IF(Z16="","",E16*Z16),M16*Z16) | AC16: =IF(N16="",IF(AB16="","",E16*AB16),N16*AB16) | AE16: =IF(O16="",IF(AD16="","",E16*AD16),O16*AD16) | AG16: =IF(P16="",IF(AF16="","",E16*AF16),P16*AF16) | AI16: =IF(Q16="",IF(AH16="","",E16*AH16),Q16*AH16) | AK16: =IF(R16="",IF(AJ16="","",E16*AJ16),R16*AJ16) | AM16: =IF(S16="",IF(AL16="","",E16*AL16),S16*AL16) | AN16: =IF(AND(T16="",V16="",Z16="",AB16="",X16="",AD16="",AF16="",AH16="",AJ16="",AL16=""),"",MIN(T16,V16,Z16,AB16,X16,AD16,AF16,AH16,AJ16,AL16)) -> 825600 | AO16: =IF(AN16="","",IF(AP16=$T$3,IF(J16="",+AN16*E16,AN16*J16),IF(AP16=$V$3,IF(K16="",AN16*E16,AN16*K16),IF(AP16=$X$3,IF(L16="",AN16*E16,AN16*L16),IF(AP16=$Z$3,IF(M16="",AN16*E16,AN16*M16),IF(AP16=$AB$3,IF(N16="",AN16*E16,AN16*N16),IF(AP16=$AD$3,IF(O16="",AN16*E16,AN16*O16),IF(AP16=$AF$3,IF(P16="",AN16*E16,AN16*P16),IF(AP16=$AH$3,IF(Q16="",AN16*E16,AN16*Q16),IF(AP16=$AJ$3,IF(R16="",AN16*E16,AN16*R16),IF(AP16=$AL$3,IF(S16="",AN16*E16,AN16*S16),""))))))))))) -> 825600 | AP16: =IF(AN16="","",IF(AN16=T16,$T$3,IF(AN16=V16,$V$3,IF(AN16=X16,$X$3,IF(AN16=Z16,$Z$3,IF(AN16=AB16,$AB$3,IF(AN16=AD16,$AD$3,IF(AN16=AF16,$AF$3,IF(AN16=AH16,$AH$3,IF(AN16=AJ16,$AJ$3,IF(AN16=AL16,$AL$3,""))))))))))) -> CONSORCIO CHAQUICOCHA S.R.L. | AQ16: =IF($AQ$3="","",IF($AQ$3=$T$3,T16,IF($AQ$3=$V$3,V16,IF($AQ$3=$X$3,X16,IF($AQ$3=$Z$3,Z16,IF($AQ$3=$AB$3,AB16,IF($AQ$3=$AD$3,AD16,IF($AQ$3=$AF$3,AF16,IF($AQ$3=$AH$3,AH16,IF($AQ$3=$AJ$3,AJ16,IF($AQ$3=$AL$3,AL16,""))))))))))) -> 825600 | AR16: =IF(AQ16="","",IF($AQ$3=$T$3,IF(J16="",AQ16*E16,AQ16*J16),IF($AQ$3=$V$3,IF(K16="",AQ16*E16,AQ16*K16),IF($AQ$3=$X$3,IF(L16="",AQ16*E16,AQ16*L16),IF($AQ$3=$Z$3,IF(M16="",AQ16*E16,AQ16*M16),IF($AQ$3=$AB$3,IF(N16="",AQ16*E16,AQ16*N16),IF($AQ$3=$AD$3,IF(O16="",AQ16*E16,AQ16*O16),IF($AQ$3=$AF$3,IF(P16="",AQ16*E16,AQ16*P16),IF($AQ$3=$AH$3,IF(Q16="",AQ16*E16,AQ16*Q16),IF($AQ$3=$AJ$3,IF(R16="",AQ16*E16,AQ16*R16),IF($AQ$3=$AL$3,IF(S16="",AQ16*E16,AQ16*S16),""))))))))))) -> 825600 | AT16: Evaluar la cantidad de equipos a movilizar y verificar posibilidad de optimización en el costo unitario
B17: 1.2.2 | C17: TOPOGRAFÍA Y GEOREFERENCIACIÓN | D17: mes | E17: 6.7 | I17: =IF(H17="","",+H17*G17) | K17: 6 | T17: 44120.09 | U17: 295604.6 | W17: =IF(K17="",IF(V17="","",E17*V17),K17*V17) -> 0 | Y17: =IF(L17="",IF(X17="","",E17*X17),L17*X17) | AA17: =IF(M17="",IF(Z17="","",E17*Z17),M17*Z17) | AC17: =IF(N17="",IF(AB17="","",E17*AB17),N17*AB17) | AE17: =IF(O17="",IF(AD17="","",E17*AD17),O17*AD17) | AG17: =IF(P17="",IF(AF17="","",E17*AF17),P17*AF17) | AI17: =IF(Q17="",IF(AH17="","",E17*AH17),Q17*AH17) | AK17: =IF(R17="",IF(AJ17="","",E17*AJ17),R17*AJ17) | AM17: =IF(S17="",IF(AL17="","",E17*AL17),S17*AL17) | AN17: =IF(AND(T17="",V17="",Z17="",AB17="",X17="",AD17="",AF17="",AH17="",AJ17="",AL17=""),"",MIN(T17,V17,Z17,AB17,X17,AD17,AF17,AH17,AJ17,AL17)) -> 44120.09 | AO17: =IF(AN17="","",IF(AP17=$T$3,IF(J17="",+AN17*E17,AN17*J17),IF(AP17=$V$3,IF(K17="",AN17*E17,AN17*K17),IF(AP17=$X$3,IF(L17="",AN17*E17,AN17*L17),IF(AP17=$Z$3,IF(M17="",AN17*E17,AN17*M17),IF(AP17=$AB$3,IF(N17="",AN17*E17,AN17*N17),IF(AP17=$AD$3,IF(O17="",AN17*E17,AN17*O17),IF(AP17=$AF$3,IF(P17="",AN17*E17,AN17*P17),IF(AP17=$AH$3,IF(Q17="",AN17*E17,AN17*Q17),IF(AP17=$AJ$3,IF(R17="",AN17*E17,AN17*R17),IF(AP17=$AL$3,IF(S17="",AN17*E17,AN17*S17),""))))))))))) -> 295604.6 | AP17: =IF(AN17="","",IF(AN17=T17,$T$3,IF(AN17=V17,$V$3,IF(AN17=X17,$X$3,IF(AN17=Z17,$Z$3,IF(AN17=AB17,$AB$3,IF(AN17=AD17,$AD$3,IF(AN17=AF17,$AF$3,IF(AN17=AH17,$AH$3,IF(AN17=AJ17,$AJ$3,IF(AN17=AL17,$AL$3,""))))))))))) -> CONSORCIO CHAQUICOCHA S.R.L. | AQ17: =IF($AQ$3="","",IF($AQ$3=$T$3,T17,IF($AQ$3=$V$3,V17,IF($AQ$3=$X$3,X17,IF($AQ$3=$Z$3,Z17,IF($AQ$3=$AB$3,AB17,IF($AQ$3=$AD$3,AD17,IF($AQ$3=$AF$3,AF17,IF($AQ$3=$AH$3,AH17,IF($AQ$3=$AJ$3,AJ17,IF($AQ$3=$AL$3,AL17,""))))))))))) -> 44120.09 | AR17: =IF(AQ17="","",IF($AQ$3=$T$3,IF(J17="",AQ17*E17,AQ17*J17),IF($AQ$3=$V$3,IF(K17="",AQ17*E17,AQ17*K17),IF($AQ$3=$X$3,IF(L17="",AQ17*E17,AQ17*L17),IF($AQ$3=$Z$3,IF(M17="",AQ17*E17,AQ17*M17),IF($AQ$3=$AB$3,IF(N17="",AQ17*E17,AQ17*N17),IF($AQ$3=$AD$3,IF(O17="",AQ17*E17,AQ17*O17),IF($AQ$3=$AF$3,IF(P17="",AQ17*E17,AQ17*P17),IF($AQ$3=$AH$3,IF(Q17="",AQ17*E17,AQ17*Q17),IF($AQ$3=$AJ$3,IF(R17="",AQ17*E17,AQ17*R17),IF($AQ$3=$AL$3,IF(S17="",AQ17*E17,AQ17*S17),""))))))))))) -> 295604.6
B18: 1.3 | C18: MEJORAMIENTO DE VÍAS EXISTENTES | I18: =IF(H18="","",+H18*G18) | W18: =IF(K18="",IF(V18="","",E18*V18),K18*V18) | Y18: =IF(L18="",IF(X18="","",E18*X18),L18*X18) | AA18: =IF(M18="",IF(Z18="","",E18*Z18),M18*Z18) | AC18: =IF(N18="",IF(AB18="","",E18*AB18),N18*AB18) | AE18: =IF(O18="",IF(AD18="","",E18*AD18),O18*AD18) | AG18: =IF(P18="",IF(AF18="","",E18*AF18),P18*AF18) | AI18: =IF(Q18="",IF(AH18="","",E18*AH18),Q18*AH18) | AK18: =IF(R18="",IF(AJ18="","",E18*AJ18),R18*AJ18) | AM18: =IF(S18="",IF(AL18="","",E18*AL18),S18*AL18) | AN18: =IF(AND(T18="",V18="",Z18="",AB18="",X18="",AD18="",AF18="",AH18="",AJ18="",AL18=""),"",MIN(T18,V18,Z18,AB18,X18,AD18,AF18,AH18,AJ18,AL18)) | AO18: =IF(AN18="","",IF(AP18=$T$3,IF(J18="",+AN18*E18,AN18*J18),IF(AP18=$V$3,IF(K18="",AN18*E18,AN18*K18),IF(AP18=$X$3,IF(L18="",AN18*E18,AN18*L18),IF(AP18=$Z$3,IF(M18="",AN18*E18,AN18*M18),IF(AP18=$AB$3,IF(N18="",AN18*E18,AN18*N18),IF(AP18=$AD$3,IF(O18="",AN18*E18,AN18*O18),IF(AP18=$AF$3,IF(P18="",AN18*E18,AN18*P18),IF(AP18=$AH$3,IF(Q18="",AN18*E18,AN18*Q18),IF(AP18=$AJ$3,IF(R18="",AN18*E18,AN18*R18),IF(AP18=$AL$3,IF(S18="",AN18*E18,AN18*S18),""))))))))))) | AP18: =IF(AN18="","",IF(AN18=T18,$T$3,IF(AN18=V18,$V$3,IF(AN18=X18,$X$3,IF(AN18=Z18,$Z$3,IF(AN18=AB18,$AB$3,IF(AN18=AD18,$AD$3,IF(AN18=AF18,$AF$3,IF(AN18=AH18,$AH$3,IF(AN18=AJ18,$AJ$3,IF(AN18=AL18,$AL$3,"")))))))))))
B19: 1.3.1 | C19: MOVIMIENTO DE TIERRAS | I19: =IF(H19="","",+H19*G19) | W19: =IF(K19="",IF(V19="","",E19*V19),K19*V19) | Y19: =IF(L19="",IF(X19="","",E19*X19),L19*X19) | AA19: =IF(M19="",IF(Z19="","",E19*Z19),M19*Z19) | AC19: =IF(N19="",IF(AB19="","",E19*AB19),N19*AB19) | AE19: =IF(O19="",IF(AD19="","",E19*AD19),O19*AD19) | AG19: =IF(P19="",IF(AF19="","",E19*AF19),P19*AF19) | AI19: =IF(Q19="",IF(AH19="","",E19*AH19),Q19*AH19) | AK19: =IF(R19="",IF(AJ19="","",E19*AJ19),R19*AJ19) | AM19: =IF(S19="",IF(AL19="","",E19*AL19),S19*AL19) | AN19: =IF(AND(T19="",V19="",Z19="",AB19="",X19="",AD19="",AF19="",AH19="",AJ19="",AL19=""),"",MIN(T19,V19,Z19,AB19,X19,AD19,AF19,AH19,AJ19,AL19)) | AO19: =IF(AN19="","",IF(AP19=$T$3,IF(J19="",+AN19*E19,AN19*J19),IF(AP19=$V$3,IF(K19="",AN19*E19,AN19*K19),IF(AP19=$X$3,IF(L19="",AN19*E19,AN19*L19),IF(AP19=$Z$3,IF(M19="",AN19*E19,AN19*M19),IF(AP19=$AB$3,IF(N19="",AN19*E19,AN19*N19),IF(AP19=$AD$3,IF(O19="",AN19*E19,AN19*O19),IF(AP19=$AF$3,IF(P19="",AN19*E19,AN19*P19),IF(AP19=$AH$3,IF(Q19="",AN19*E19,AN19*Q19),IF(AP19=$AJ$3,IF(R19="",AN19*E19,AN19*R19),IF(AP19=$AL$3,IF(S19="",AN19*E19,AN19*S19),""))))))))))) | AP19: =IF(AN19="","",IF(AN19=T19,$T$3,IF(AN19=V19,$V$3,IF(AN19=X19,$X$3,IF(AN19=Z19,$Z$3,IF(AN19=AB19,$AB$3,IF(AN19=AD19,$AD$3,IF(AN19=AF19,$AF$3,IF(AN19=AH19,$AH$3,IF(AN19=AJ19,$AJ$3,IF(AN19=AL19,$AL$3,"")))))))))))
B20: 1.3.1.1 | C20: ROCE Y LIMPIEZA DE MALEZA | D20: m2 | E20: 933 | I20: =IF(H20="","",+H20*G20) | K20: 933 | T20: 3.97 | U20: 3704.01 | W20: =IF(K20="",IF(V20="","",E20*V20),K20*V20) -> 0 | Y20: =IF(L20="",IF(X20="","",E20*X20),L20*X20) | AA20: =IF(M20="",IF(Z20="","",E20*Z20),M20*Z20) | AC20: =IF(N20="",IF(AB20="","",E20*AB20),N20*AB20) | AE20: =IF(O20="",IF(AD20="","",E20*AD20),O20*AD20) | AG20: =IF(P20="",IF(AF20="","",E20*AF20),P20*AF20) | AI20: =IF(Q20="",IF(AH20="","",E20*AH20),Q20*AH20) | AK20: =IF(R20="",IF(AJ20="","",E20*AJ20),R20*AJ20) | AM20: =IF(S20="",IF(AL20="","",E20*AL20),S20*AL20) | AN20: =IF(AND(T20="",V20="",Z20="",AB20="",X20="",AD20="",AF20="",AH20="",AJ20="",AL20=""),"",MIN(T20,V20,Z20,AB20,X20,AD20,AF20,AH20,AJ20,AL20)) -> 3.97 | AO20: =IF(AN20="","",IF(AP20=$T$3,IF(J20="",+AN20*E20,AN20*J20),IF(AP20=$V$3,IF(K20="",AN20*E20,AN20*K20),IF(AP20=$X$3,IF(L20="",AN20*E20,AN20*L20),IF(AP20=$Z$3,IF(M20="",AN20*E20,AN20*M20),IF(AP20=$AB$3,IF(N20="",AN20*E20,AN20*N20),IF(AP20=$AD$3,IF(O20="",AN20*E20,AN20*O20),IF(AP20=$AF$3,IF(P20="",AN20*E20,AN20*P20),IF(AP20=$AH$3,IF(Q20="",AN20*E20,AN20*Q20),IF(AP20=$AJ$3,IF(R20="",AN20*E20,AN20*R20),IF(AP20=$AL$3,IF(S20="",AN20*E20,AN20*S20),""))))))))))) -> 3704.01 | AP20: =IF(AN20="","",IF(AN20=T20,$T$3,IF(AN20=V20,$V$3,IF(AN20=X20,$X$3,IF(AN20=Z20,$Z$3,IF(AN20=AB20,$AB$3,IF(AN20=AD20,$AD$3,IF(AN20=AF20,$AF$3,IF(AN20=AH20,$AH$3,IF(AN20=AJ20,$AJ$3,IF(AN20=AL20,$AL$3,""))))))))))) -> CONSORCIO CHAQUICOCHA S.R.L. | AQ20: =IF($AQ$3="","",IF($AQ$3=$T$3,T20,IF($AQ$3=$V$3,V20,IF($AQ$3=$X$3,X20,IF($AQ$3=$Z$3,Z20,IF($AQ$3=$AB$3,AB20,IF($AQ$3=$AD$3,AD20,IF($AQ$3=$AF$3,AF20,IF($AQ$3=$AH$3,AH20,IF($AQ$3=$AJ$3,AJ20,IF($AQ$3=$AL$3,AL20,""))))))))))) -> 3.97 | AR20: =IF(AQ20="","",IF($AQ$3=$T$3,IF(J20="",AQ20*E20,AQ20*J20),IF($AQ$3=$V$3,IF(K20="",AQ20*E20,AQ20*K20),IF($AQ$3=$X$3,IF(L20="",AQ20*E20,AQ20*L20),IF($AQ$3=$Z$3,IF(M20="",AQ20*E20,AQ20*M20),IF($AQ$3=$AB$3,IF(N20="",AQ20*E20,AQ20*N20),IF($AQ$3=$AD$3,IF(O20="",AQ20*E20,AQ20*O20),IF($AQ$3=$AF$3,IF(P20="",AQ20*E20,AQ20*P20),IF($AQ$3=$AH$3,IF(Q20="",AQ20*E20,AQ20*Q20),IF($AQ$3=$AJ$3,IF(R20="",AQ20*E20,AQ20*R20),IF($AQ$3=$AL$3,IF(S20="",AQ20*E20,AQ20*S20),""))))))))))) -> 3704.01
B21: 1.3.1.2 | C21: MEJORAMIENTO DE VIAS EXISTENTES | D21: km | E21: 4.61 | I21: =IF(H21="","",+H21*G21) | K21: 4.61 | T21: 45343.29 | U21: 209032.57 | W21: =IF(K21="",IF(V21="","",E21*V21),K21*V21) -> 0 | Y21: =IF(L21="",IF(X21="","",E21*X21),L21*X21) | AA21: =IF(M21="",IF(Z21="","",E21*Z21),M21*Z21) | AC21: =IF(N21="",IF(AB21="","",E21*AB21),N21*AB21) | AE21: =IF(O21="",IF(AD21="","",E21*AD21),O21*AD21) | AG21: =IF(P21="",IF(AF21="","",E21*AF21),P21*AF21) | AI21: =IF(Q21="",IF(AH21="","",E21*AH21),Q21*AH21) | AK21: =IF(R21="",IF(AJ21="","",E21*AJ21),R21*AJ21) | AM21: =IF(S21="",IF(AL21="","",E21*AL21),S21*AL21) | AN21: =IF(AND(T21="",V21="",Z21="",AB21="",X21="",AD21="",AF21="",AH21="",AJ21="",AL21=""),"",MIN(T21,V21,Z21,AB21,X21,AD21,AF21,AH21,AJ21,AL21)) -> 45343.29 | AO21: =IF(AN21="","",IF(AP21=$T$3,IF(J21="",+AN21*E21,AN21*J21),IF(AP21=$V$3,IF(K21="",AN21*E21,AN21*K21),IF(AP21=$X$3,IF(L21="",AN21*E21,AN21*L21),IF(AP21=$Z$3,IF(M21="",AN21*E21,AN21*M21),IF(AP21=$AB$3,IF(N21="",AN21*E21,AN21*N21),IF(AP21=$AD$3,IF(O21="",AN21*E21,AN21*O21),IF(AP21=$AF$3,IF(P21="",AN21*E21,AN21*P21),IF(AP21=$AH$3,IF(Q21="",AN21*E21,AN21*Q21),IF(AP21=$AJ$3,IF(R21="",AN21*E21,AN21*R21),IF(AP21=$AL$3,IF(S21="",AN21*E21,AN21*S21),""))))))))))) -> 209032.57 | AP21: =IF(AN21="","",IF(AN21=T21,$T$3,IF(AN21=V21,$V$3,IF(AN21=X21,$X$3,IF(AN21=Z21,$Z$3,IF(AN21=AB21,$AB$3,IF(AN21=AD21,$AD$3,IF(AN21=AF21,$AF$3,IF(AN21=AH21,$AH$3,IF(AN21=AJ21,$AJ$3,IF(AN21=AL21,$AL$3,""))))))))))) -> CONSORCIO CHAQUICOCHA S.R.L. | AQ21: =IF($AQ$3="","",IF($AQ$3=$T$3,T21,IF($AQ$3=$V$3,V21,IF($AQ$3=$X$3,X21,IF($AQ$3=$Z$3,Z21,IF($AQ$3=$AB$3,AB21,IF($AQ$3=$AD$3,AD21,IF($AQ$3=$AF$3,AF21,IF($AQ$3=$AH$3,AH21,IF($AQ$3=$AJ$3,AJ21,IF($AQ$3=$AL$3,AL21,""))))))))))) -> 45343.29 | AR21: =IF(AQ21="","",IF($AQ$3=$T$3,IF(J21="",AQ21*E21,AQ21*J21),IF($AQ$3=$V$3,IF(K21="",AQ21*E21,AQ21*K21),IF($AQ$3=$X$3,IF(L21="",AQ21*E21,AQ21*L21),IF($AQ$3=$Z$3,IF(M21="",AQ21*E21,AQ21*M21),IF($AQ$3=$AB$3,IF(N21="",AQ21*E21,AQ21*N21),IF($AQ$3=$AD$3,IF(O21="",AQ21*E21,AQ21*O21),IF($AQ$3=$AF$3,IF(P21="",AQ21*E21,AQ21*P21),IF($AQ$3=$AH$3,IF(Q21="",AQ21*E21,AQ21*Q21),IF($AQ$3=$AJ$3,IF(R21="",AQ21*E21,AQ21*R21),IF($AQ$3=$AL$3,IF(S21="",AQ21*E21,AQ21*S21),""))))))))))) -> 209032.57
B22: 1.3.2 | C22: REPOSICIÓN DE ESTRUCTURAS | I22: =IF(H22="","",+H22*G22) | W22: =IF(K22="",IF(V22="","",E22*V22),K22*V22) | Y22: =IF(L22="",IF(X22="","",E22*X22),L22*X22) | AA22: =IF(M22="",IF(Z22="","",E22*Z22),M22*Z22) | AC22: =IF(N22="",IF(AB22="","",E22*AB22),N22*AB22) | AE22: =IF(O22="",IF(AD22="","",E22*AD22),O22*AD22) | AG22: =IF(P22="",IF(AF22="","",E22*AF22),P22*AF22) | AI22: =IF(Q22="",IF(AH22="","",E22*AH22),Q22*AH22) | AK22: =IF(R22="",IF(AJ22="","",E22*AJ22),R22*AJ22) | AM22: =IF(S22="",IF(AL22="","",E22*AL22),S22*AL22) | AN22: =IF(AND(T22="",V22="",Z22="",AB22="",X22="",AD22="",AF22="",AH22="",AJ22="",AL22=""),"",MIN(T22,V22,Z22,AB22,X22,AD22,AF22,AH22,AJ22,AL22)) | AO22: =IF(AN22="","",IF(AP22=$T$3,IF(J22="",+AN22*E22,AN22*J22),IF(AP22=$V$3,IF(K22="",AN22*E22,AN22*K22),IF(AP22=$X$3,IF(L22="",AN22*E22,AN22*L22),IF(AP22=$Z$3,IF(M22="",AN22*E22,AN22*M22),IF(AP22=$AB$3,IF(N22="",AN22*E22,AN22*N22),IF(AP22=$AD$3,IF(O22="",AN22*E22,AN22*O22),IF(AP22=$AF$3,IF(P22="",AN22*E22,AN22*P22),IF(AP22=$AH$3,IF(Q22="",AN22*E22,AN22*Q22),IF(AP22=$AJ$3,IF(R22="",AN22*E22,AN22*R22),IF(AP22=$AL$3,IF(S22="",AN22*E22,AN22*S22),""))))))))))) | AP22: =IF(AN22="","",IF(AN22=T22,$T$3,IF(AN22=V22,$V$3,IF(AN22=X22,$X$3,IF(AN22=Z22,$Z$3,IF(AN22=AB22,$AB$3,IF(AN22=AD22,$AD$3,IF(AN22=AF22,$AF$3,IF(AN22=AH22,$AH$3,IF(AN22=AJ22,$AJ$3,IF(AN22=AL22,$AL$3,"")))))))))))
B23: 1.3.2.1 | C23: DEMOLICIÓN DE ESTRUCTURAS EXISTENTES | D23: m3 | E23: 5.6 | I23: =IF(H23="","",+H23*G23) | K23: 5.6 | T23: 394.9 | U23: 2211.44 | W23: =IF(K23="",IF(V23="","",E23*V23),K23*V23) -> 0 | Y23: =IF(L23="",IF(X23="","",E23*X23),L23*X23) | AA23: =IF(M23="",IF(Z23="","",E23*Z23),M23*Z23) | AC23: =IF(N23="",IF(AB23="","",E23*AB23),N23*AB23) | AE23: =IF(O23="",IF(AD23="","",E23*AD23),O23*AD23) | AG23: =IF(P23="",IF(AF23="","",E23*AF23),P23*AF23) | AI23: =IF(Q23="",IF(AH23="","",E23*AH23),Q23*AH23) | AK23: =IF(R23="",IF(AJ23="","",E23*AJ23),R23*AJ23) | AM23: =IF(S23="",IF(AL23="","",E23*AL23),S23*AL23) | AN23: =IF(AND(T23="",V23="",Z23="",AB23="",X23="",AD23="",AF23="",AH23="",AJ23="",AL23=""),"",MIN(T23,V23,Z23,AB23,X23,AD23,AF23,AH23,AJ23,AL23)) -> 394.9 | AO23: =IF(AN23="","",IF(AP23=$T$3,IF(J23="",+AN23*E23,AN23*J23),IF(AP23=$V$3,IF(K23="",AN23*E23,AN23*K23),IF(AP23=$X$3,IF(L23="",AN23*E23,AN23*L23),IF(AP23=$Z$3,IF(M23="",AN23*E23,AN23*M23),IF(AP23=$AB$3,IF(N23="",AN23*E23,AN23*N23),IF(AP23=$AD$3,IF(O23="",AN23*E23,AN23*O23),IF(AP23=$AF$3,IF(P23="",AN23*E23,AN23*P23),IF(AP23=$AH$3,IF(Q23="",AN23*E23,AN23*Q23),IF(AP23=$AJ$3,IF(R23="",AN23*E23,AN23*R23),IF(AP23=$AL$3,IF(S23="",AN23*E23,AN23*S23),""))))))))))) -> 2211.44 | AP23: =IF(AN23="","",IF(AN23=T23,$T$3,IF(AN23=V23,$V$3,IF(AN23=X23,$X$3,IF(AN23=Z23,$Z$3,IF(AN23=AB23,$AB$3,IF(AN23=AD23,$AD$3,IF(AN23=AF23,$AF$3,IF(AN23=AH23,$AH$3,IF(AN23=AJ23,$AJ$3,IF(AN23=AL23,$AL$3,""))))))))))) -> CONSORCIO CHAQUICOCHA S.R.L. | AQ23: =IF($AQ$3="","",IF($AQ$3=$T$3,T23,IF($AQ$3=$V$3,V23,IF($AQ$3=$X$3,X23,IF($AQ$3=$Z$3,Z23,IF($AQ$3=$AB$3,AB23,IF($AQ$3=$AD$3,AD23,IF($AQ$3=$AF$3,AF23,IF($AQ$3=$AH$3,AH23,IF($AQ$3=$AJ$3,AJ23,IF($AQ$3=$AL$3,AL23,""))))))))))) -> 394.9 | AR23: =IF(AQ23="","",IF($AQ$3=$T$3,IF(J23="",AQ23*E23,AQ23*J23),IF($AQ$3=$V$3,IF(K23="",AQ23*E23,AQ23*K23),IF($AQ$3=$X$3,IF(L23="",AQ23*E23,AQ23*L23),IF($AQ$3=$Z$3,IF(M23="",AQ23*E23,AQ23*M23),IF($AQ$3=$AB$3,IF(N23="",AQ23*E23,AQ23*N23),IF($AQ$3=$AD$3,IF(O23="",AQ23*E23,AQ23*O23),IF($AQ$3=$AF$3,IF(P23="",AQ23*E23,AQ23*P23),IF($AQ$3=$AH$3,IF(Q23="",AQ23*E23,AQ23*Q23),IF($AQ$3=$AJ$3,IF(R23="",AQ23*E23,AQ23*R23),IF($AQ$3=$AL$3,IF(S23="",AQ23*E23,AQ23*S23),""))))))))))) -> 2211.44
B24: 1.3.2.2 | C24: REPOSICIÓN DE PASE DE AGUA TUBO HDPE Ø=18" | D24: m | E24: 5 | I24: =IF(H24="","",+H24*G24) | K24: 5 | T24: 773.62 | U24: 3868.1 | W24: =IF(K24="",IF(V24="","",E24*V24),K24*V24) -> 0 | Y24: =IF(L24="",IF(X24="","",E24*X24),L24*X24) | AA24: =IF(M24="",IF(Z24="","",E24*Z24),M24*Z24) | AC24: =IF(N24="",IF(AB24="","",E24*AB24),N24*AB24) | AE24: =IF(O24="",IF(AD24="","",E24*AD24),O24*AD24) | AG24: =IF(P24="",IF(AF24="","",E24*AF24),P24*AF24) | AI24: =IF(Q24="",IF(AH24="","",E24*AH24),Q24*AH24) | AK24: =IF(R24="",IF(AJ24="","",E24*AJ24),R24*AJ24) | AM24: =IF(S24="",IF(AL24="","",E24*AL24),S24*AL24) | AN24: =IF(AND(T24="",V24="",Z24="",AB24="",X24="",AD24="",AF24="",AH24="",AJ24="",AL24=""),"",MIN(T24,V24,Z24,AB24,X24,AD24,AF24,AH24,AJ24,AL24)) -> 773.62 | AO24: =IF(AN24="","",IF(AP24=$T$3,IF(J24="",+AN24*E24,AN24*J24),IF(AP24=$V$3,IF(K24="",AN24*E24,AN24*K24),IF(AP24=$X$3,IF(L24="",AN24*E24,AN24*L24),IF(AP24=$Z$3,IF(M24="",AN24*E24,AN24*M24),IF(AP24=$AB$3,IF(N24="",AN24*E24,AN24*N24),IF(AP24=$AD$3,IF(O24="",AN24*E24,AN24*O24),IF(AP24=$AF$3,IF(P24="",AN24*E24,AN24*P24),IF(AP24=$AH$3,IF(Q24="",AN24*E24,AN24*Q24),IF(AP24=$AJ$3,IF(R24="",AN24*E24,AN24*R24),IF(AP24=$AL$3,IF(S24="",AN24*E24,AN24*S24),""))))))))))) -> 3868.1 | AP24: =IF(AN24="","",IF(AN24=T24,$T$3,IF(AN24=V24,$V$3,IF(AN24=X24,$X$3,IF(AN24=Z24,$Z$3,IF(AN24=AB24,$AB$3,IF(AN24=AD24,$AD$3,IF(AN24=AF24,$AF$3,IF(AN24=AH24,$AH$3,IF(AN24=AJ24,$AJ$3,IF(AN24=AL24,$AL$3,""))))))))))) -> CONSORCIO CHAQUICOCHA S.R.L. | AQ24: =IF($AQ$3="","",IF($AQ$3=$T$3,T24,IF($AQ$3=$V$3,V24,IF($AQ$3=$X$3,X24,IF($AQ$3=$Z$3,Z24,IF($AQ$3=$AB$3,AB24,IF($AQ$3=$AD$3,AD24,IF($AQ$3=$AF$3,AF24,IF($AQ$3=$AH$3,AH24,IF($AQ$3=$AJ$3,AJ24,IF($AQ$3=$AL$3,AL24,""))))))))))) -> 773.62 | AR24: =IF(AQ24="","",IF($AQ$3=$T$3,IF(J24="",AQ24*E24,AQ24*J24),IF($AQ$3=$V$3,IF(K24="",AQ24*E24,AQ24*K24),IF($AQ$3=$X$3,IF(L24="",AQ24*E24,AQ24*L24),IF($AQ$3=$Z$3,IF(M24="",AQ24*E24,AQ24*M24),IF($AQ$3=$AB$3,IF(N24="",AQ24*E24,AQ24*N24),IF($AQ$3=$AD$3,IF(O24="",AQ24*E24,AQ24*O24),IF($AQ$3=$AF$3,IF(P24="",AQ24*E24,AQ24*P24),IF($AQ$3=$AH$3,IF(Q24="",AQ24*E24,AQ24*Q24),IF($AQ$3=$AJ$3,IF(R24="",AQ24*E24,AQ24*R24),IF($AQ$3=$AL$3,IF(S24="",AQ24*E24,AQ24*S24),""))))))))))) -> 3868.1
B25: 1.3.2.3 | C25: REPOSICIÓN DE PASE DE AGUA TUBO HDPE Ø=36" | D25: m | E25: 5 | I25: =IF(H25="","",+H25*G25) | K25: 5 | T25: 983.62 | U25: 4918.1 | W25: =IF(K25="",IF(V25="","",E25*V25),K25*V25) -> 0 | Y25: =IF(L25="",IF(X25="","",E25*X25),L25*X25) | AA25: =IF(M25="",IF(Z25="","",E25*Z25),M25*Z25) | AC25: =IF(N25="",IF(AB25="","",E25*AB25),N25*AB25) | AE25: =IF(O25="",IF(AD25="","",E25*AD25),O25*AD25) | AG25: =IF(P25="",IF(AF25="","",E25*AF25),P25*AF25) | AI25: =IF(Q25="",IF(AH25="","",E25*AH25),Q25*AH25) | AK25: =IF(R25="",IF(AJ25="","",E25*AJ25),R25*AJ25) | AM25: =IF(S25="",IF(AL25="","",E25*AL25),S25*AL25) | AN25: =IF(AND(T25="",V25="",Z25="",AB25="",X25="",AD25="",AF25="",AH25="",AJ25="",AL25=""),"",MIN(T25,V25,Z25,AB25,X25,AD25,AF25,AH25,AJ25,AL25)) -> 983.62 | AO25: =IF(AN25="","",IF(AP25=$T$3,IF(J25="",+AN25*E25,AN25*J25),IF(AP25=$V$3,IF(K25="",AN25*E25,AN25*K25),IF(AP25=$X$3,IF(L25="",AN25*E25,AN25*L25),IF(AP25=$Z$3,IF(M25="",AN25*E25,AN25*M25),IF(AP25=$AB$3,IF(N25="",AN25*E25,AN25*N25),IF(AP25=$AD$3,IF(O25="",AN25*E25,AN25*O25),IF(AP25=$AF$3,IF(P25="",AN25*E25,AN25*P25),IF(AP25=$AH$3,IF(Q25="",AN25*E25,AN25*Q25),IF(AP25=$AJ$3,IF(R25="",AN25*E25,AN25*R25),IF(AP25=$AL$3,IF(S25="",AN25*E25,AN25*S25),""))))))))))) -> 4918.1 | AP25: =IF(AN25="","",IF(AN25=T25,$T$3,IF(AN25=V25,$V$3,IF(AN25=X25,$X$3,IF(AN25=Z25,$Z$3,IF(AN25=AB25,$AB$3,IF(AN25=AD25,$AD$3,IF(AN25=AF25,$AF$3,IF(AN25=AH25,$AH$3,IF(AN25=AJ25,$AJ$3,IF(AN25=AL25,$AL$3,""))))))))))) -> CONSORCIO CHAQUICOCHA S.R.L. | AQ25: =IF($AQ$3="","",IF($AQ$3=$T$3,T25,IF($AQ$3=$V$3,V25,IF($AQ$3=$X$3,X25,IF($AQ$3=$Z$3,Z25,IF($AQ$3=$AB$3,AB25,IF($AQ$3=$AD$3,AD25,IF($AQ$3=$AF$3,AF25,IF($AQ$3=$AH$3,AH25,IF($AQ$3=$AJ$3,AJ25,IF($AQ$3=$AL$3,AL25,""))))))))))) -> 983.62 | AR25: =IF(AQ25="","",IF($AQ$3=$T$3,IF(J25="",AQ25*E25,AQ25*J25),IF($AQ$3=$V$3,IF(K25="",AQ25*E25,AQ25*K25),IF($AQ$3=$X$3,IF(L25="",AQ25*E25,AQ25*L25),IF($AQ$3=$Z$3,IF(M25="",AQ25*E25,AQ25*M25),IF($AQ$3=$AB$3,IF(N25="",AQ25*E25,AQ25*N25),IF($AQ$3=$AD$3,IF(O25="",AQ25*E25,AQ25*O25),IF($AQ$3=$AF$3,IF(P25="",AQ25*E25,AQ25*P25),IF($AQ$3=$AH$3,IF(Q25="",AQ25*E25,AQ25*Q25),IF($AQ$3=$AJ$3,IF(R25="",AQ25*E25,AQ25*R25),IF($AQ$3=$AL$3,IF(S25="",AQ25*E25,AQ25*S25),""))))))))))) -> 4918.1
B26: 1.3.2.4 | C26: SUMINISTRO Y MONTAJE DE PANELES DE C°A° 1.6mx1.0mx0.20m EN PASE DE AGUA | D26: und | E26: 7 | I26: =IF(H26="","",+H26*G26) | K26: 7 | T26: 619.92 | U26: 4339.44 | W26: =IF(K26="",IF(V26="","",E26*V26),K26*V26) -> 0 | Y26: =IF(L26="",IF(X26="","",E26*X26),L26*X26) | AA26: =IF(M26="",IF(Z26="","",E26*Z26),M26*Z26) | AC26: =IF(N26="",IF(AB26="","",E26*AB26),N26*AB26) | AE26: =IF(O26="",IF(AD26="","",E26*AD26),O26*AD26) | AG26: =IF(P26="",IF(AF26="","",E26*AF26),P26*AF26) | AI26: =IF(Q26="",IF(AH26="","",E26*AH26),Q26*AH26) | AK26: =IF(R26="",IF(AJ26="","",E26*AJ26),R26*AJ26) | AM26: =IF(S26="",IF(AL26="","",E26*AL26),S26*AL26) | AN26: =IF(AND(T26="",V26="",Z26="",AB26="",X26="",AD26="",AF26="",AH26="",AJ26="",AL26=""),"",MIN(T26,V26,Z26,AB26,X26,AD26,AF26,AH26,AJ26,AL26)) -> 619.92 | AO26: =IF(AN26="","",IF(AP26=$T$3,IF(J26="",+AN26*E26,AN26*J26),IF(AP26=$V$3,IF(K26="",AN26*E26,AN26*K26),IF(AP26=$X$3,IF(L26="",AN26*E26,AN26*L26),IF(AP26=$Z$3,IF(M26="",AN26*E26,AN26*M26),IF(AP26=$AB$3,IF(N26="",AN26*E26,AN26*N26),IF(AP26=$AD$3,IF(O26="",AN26*E26,AN26*O26),IF(AP26=$AF$3,IF(P26="",AN26*E26,AN26*P26),IF(AP26=$AH$3,IF(Q26="",AN26*E26,AN26*Q26),IF(AP26=$AJ$3,IF(R26="",AN26*E26,AN26*R26),IF(AP26=$AL$3,IF(S26="",AN26*E26,AN26*S26),""))))))))))) -> 4339.44 | AP26: =IF(AN26="","",IF(AN26=T26,$T$3,IF(AN26=V26,$V$3,IF(AN26=X26,$X$3,IF(AN26=Z26,$Z$3,IF(AN26=AB26,$AB$3,IF(AN26=AD26,$AD$3,IF(AN26=AF26,$AF$3,IF(AN26=AH26,$AH$3,IF(AN26=AJ26,$AJ$3,IF(AN26=AL26,$AL$3,""))))))))))) -> CONSORCIO CHAQUICOCHA S.R.L. | AQ26: =IF($AQ$3="","",IF($AQ$3=$T$3,T26,IF($AQ$3=$V$3,V26,IF($AQ$3=$X$3,X26,IF($AQ$3=$Z$3,Z26,IF($AQ$3=$AB$3,AB26,IF($AQ$3=$AD$3,AD26,IF($AQ$3=$AF$3,AF26,IF($AQ$3=$AH$3,AH26,IF($AQ$3=$AJ$3,AJ26,IF($AQ$3=$AL$3,AL26,""))))))))))) -> 619.92 | AR26: =IF(AQ26="","",IF($AQ$3=$T$3,IF(J26="",AQ26*E26,AQ26*J26),IF($AQ$3=$V$3,IF(K26="",AQ26*E26,AQ26*K26),IF($AQ$3=$X$3,IF(L26="",AQ26*E26,AQ26*L26),IF($AQ$3=$Z$3,IF(M26="",AQ26*E26,AQ26*M26),IF($AQ$3=$AB$3,IF(N26="",AQ26*E26,AQ26*N26),IF($AQ$3=$AD$3,IF(O26="",AQ26*E26,AQ26*O26),IF($AQ$3=$AF$3,IF(P26="",AQ26*E26,AQ26*P26),IF($AQ$3=$AH$3,IF(Q26="",AQ26*E26,AQ26*Q26),IF($AQ$3=$AJ$3,IF(R26="",AQ26*E26,AQ26*R26),IF($AQ$3=$AL$3,IF(S26="",AQ26*E26,AQ26*S26),""))))))))))) -> 4339.44
B27: 1.3.2.5 | C27: SUMINISTRO Y MONTAJE DE PANELES DE C°A° 2.20mx1.0mx0.20m EN PASE DE AGUA | D27: und | E27: 5 | I27: =IF(H27="","",+H27*G27) | K27: 5 | T27: 669.92 | U27: 3349.6 | W27: =IF(K27="",IF(V27="","",E27*V27),K27*V27) -> 0 | Y27: =IF(L27="",IF(X27="","",E27*X27),L27*X27) | AA27: =IF(M27="",IF(Z27="","",E27*Z27),M27*Z27) | AC27: =IF(N27="",IF(AB27="","",E27*AB27),N27*AB27) | AE27: =IF(O27="",IF(AD27="","",E27*AD27),O27*AD27) | AG27: =IF(P27="",IF(AF27="","",E27*AF27),P27*AF27) | AI27: =IF(Q27="",IF(AH27="","",E27*AH27),Q27*AH27) | AK27: =IF(R27="",IF(AJ27="","",E27*AJ27),R27*AJ27) | AM27: =IF(S27="",IF(AL27="","",E27*AL27),S27*AL27) | AN27: =IF(AND(T27="",V27="",Z27="",AB27="",X27="",AD27="",AF27="",AH27="",AJ27="",AL27=""),"",MIN(T27,V27,Z27,AB27,X27,AD27,AF27,AH27,AJ27,AL27)) -> 669.92 | AO27: =IF(AN27="","",IF(AP27=$T$3,IF(J27="",+AN27*E27,AN27*J27),IF(AP27=$V$3,IF(K27="",AN27*E27,AN27*K27),IF(AP27=$X$3,IF(L27="",AN27*E27,AN27*L27),IF(AP27=$Z$3,IF(M27="",AN27*E27,AN27*M27),IF(AP27=$AB$3,IF(N27="",AN27*E27,AN27*N27),IF(AP27=$AD$3,IF(O27="",AN27*E27,AN27*O27),IF(AP27=$AF$3,IF(P27="",AN27*E27,AN27*P27),IF(AP27=$AH$3,IF(Q27="",AN27*E27,AN27*Q27),IF(AP27=$AJ$3,IF(R27="",AN27*E27,AN27*R27),IF(AP27=$AL$3,IF(S27="",AN27*E27,AN27*S27),""))))))))))) -> 3349.6 | AP27: =IF(AN27="","",IF(AN27=T27,$T$3,IF(AN27=V27,$V$3,IF(AN27=X27,$X$3,IF(AN27=Z27,$Z$3,IF(AN27=AB27,$AB$3,IF(AN27=AD27,$AD$3,IF(AN27=AF27,$AF$3,IF(AN27=AH27,$AH$3,IF(AN27=AJ27,$AJ$3,IF(AN27=AL27,$AL$3,""))))))))))) -> CONSORCIO CHAQUICOCHA S.R.L. | AQ27: =IF($AQ$3="","",IF($AQ$3=$T$3,T27,IF($AQ$3=$V$3,V27,IF($AQ$3=$X$3,X27,IF($AQ$3=$Z$3,Z27,IF($AQ$3=$AB$3,AB27,IF($AQ$3=$AD$3,AD27,IF($AQ$3=$AF$3,AF27,IF($AQ$3=$AH$3,AH27,IF($AQ$3=$AJ$3,AJ27,IF($AQ$3=$AL$3,AL27,""))))))))))) -> 669.92 | AR27: =IF(AQ27="","",IF($AQ$3=$T$3,IF(J27="",AQ27*E27,AQ27*J27),IF($AQ$3=$V$3,IF(K27="",AQ27*E27,AQ27*K27),IF($AQ$3=$X$3,IF(L27="",AQ27*E27,AQ27*L27),IF($AQ$3=$Z$3,IF(M27="",AQ27*E27,AQ27*M27),IF($AQ$3=$AB$3,IF(N27="",AQ27*E27,AQ27*N27),IF($AQ$3=$AD$3,IF(O27="",AQ27*E27,AQ27*O27),IF($AQ$3=$AF$3,IF(P27="",AQ27*E27,AQ27*P27),IF($AQ$3=$AH$3,IF(Q27="",AQ27*E27,AQ27*Q27),IF($AQ$3=$AJ$3,IF(R27="",AQ27*E27,AQ27*R27),IF($AQ$3=$AL$3,IF(S27="",AQ27*E27,AQ27*S27),""))))))))))) -> 3349.6
B28: 1.3.3 | C28: CABEZAL DE ENTRADA Y SALIDA | I28: =IF(H28="","",+H28*G28) | W28: =IF(K28="",IF(V28="","",E28*V28),K28*V28) | Y28: =IF(L28="",IF(X28="","",E28*X28),L28*X28) | AA28: =IF(M28="",IF(Z28="","",E28*Z28),M28*Z28) | AC28: =IF(N28="",IF(AB28="","",E28*AB28),N28*AB28) | AE28: =IF(O28="",IF(AD28="","",E28*AD28),O28*AD28) | AG28: =IF(P28="",IF(AF28="","",E28*AF28),P28*AF28) | AI28: =IF(Q28="",IF(AH28="","",E28*AH28),Q28*AH28) | AK28: =IF(R28="",IF(AJ28="","",E28*AJ28),R28*AJ28) | AM28: =IF(S28="",IF(AL28="","",E28*AL28),S28*AL28) | AN28: =IF(AND(T28="",V28="",Z28="",AB28="",X28="",AD28="",AF28="",AH28="",AJ28="",AL28=""),"",MIN(T28,V28,Z28,AB28,X28,AD28,AF28,AH28,AJ28,AL28)) | AO28: =IF(AN28="","",IF(AP28=$T$3,IF(J28="",+AN28*E28,AN28*J28),IF(AP28=$V$3,IF(K28="",AN28*E28,AN28*K28),IF(AP28=$X$3,IF(L28="",AN28*E28,AN28*L28),IF(AP28=$Z$3,IF(M28="",AN28*E28,AN28*M28),IF(AP28=$AB$3,IF(N28="",AN28*E28,AN28*N28),IF(AP28=$AD$3,IF(O28="",AN28*E28,AN28*O28),IF(AP28=$AF$3,IF(P28="",AN28*E28,AN28*P28),IF(AP28=$AH$3,IF(Q28="",AN28*E28,AN28*Q28),IF(AP28=$AJ$3,IF(R28="",AN28*E28,AN28*R28),IF(AP28=$AL$3,IF(S28="",AN28*E28,AN28*S28),""))))))))))) | AP28: =IF(AN28="","",IF(AN28=T28,$T$3,IF(AN28=V28,$V$3,IF(AN28=X28,$X$3,IF(AN28=Z28,$Z$3,IF(AN28=AB28,$AB$3,IF(AN28=AD28,$AD$3,IF(AN28=AF28,$AF$3,IF(AN28=AH28,$AH$3,IF(AN28=AJ28,$AJ$3,IF(AN28=AL28,$AL$3,"")))))))))))
B29: 1.3.3.1 | C29: CONCRETOS | D29: m3 | E29: 3.0164 | I29: =IF(H29="","",+H29*G29) | K29: 3.0164 | T29: 455.18 | U29: 1374.6436 | W29: =IF(K29="",IF(V29="","",E29*V29),K29*V29) -> 0 | Y29: =IF(L29="",IF(X29="","",E29*X29),L29*X29) | AA29: =IF(M29="",IF(Z29="","",E29*Z29),M29*Z29) | AC29: =IF(N29="",IF(AB29="","",E29*AB29),N29*AB29) | AE29: =IF(O29="",IF(AD29="","",E29*AD29),O29*AD29) | AG29: =IF(P29="",IF(AF29="","",E29*AF29),P29*AF29) | AI29: =IF(Q29="",IF(AH29="","",E29*AH29),Q29*AH29) | AK29: =IF(R29="",IF(AJ29="","",E29*AJ29),R29*AJ29) | AM29: =IF(S29="",IF(AL29="","",E29*AL29),S29*AL29) | AN29: =IF(AND(T29="",V29="",Z29="",AB29="",X29="",AD29="",AF29="",AH29="",AJ29="",AL29=""),"",MIN(T29,V29,Z29,AB29,X29,AD29,AF29,AH29,AJ29,AL29)) -> 455.18 | AO29: =IF(AN29="","",IF(AP29=$T$3,IF(J29="",+AN29*E29,AN29*J29),IF(AP29=$V$3,IF(K29="",AN29*E29,AN29*K29),IF(AP29=$X$3,IF(L29="",AN29*E29,AN29*L29),IF(AP29=$Z$3,IF(M29="",AN29*E29,AN29*M29),IF(AP29=$AB$3,IF(N29="",AN29*E29,AN29*N29),IF(AP29=$AD$3,IF(O29="",AN29*E29,AN29*O29),IF(AP29=$AF$3,IF(P29="",AN29*E29,AN29*P29),IF(AP29=$AH$3,IF(Q29="",AN29*E29,AN29*Q29),IF(AP29=$AJ$3,IF(R29="",AN29*E29,AN29*R29),IF(AP29=$AL$3,IF(S29="",AN29*E29,AN29*S29),""))))))))))) -> 1373.005 | AP29: =IF(AN29="","",IF(AN29=T29,$T$3,IF(AN29=V29,$V$3,IF(AN29=X29,$X$3,IF(AN29=Z29,$Z$3,IF(AN29=AB29,$AB$3,IF(AN29=AD29,$AD$3,IF(AN29=AF29,$AF$3,IF(AN29=AH29,$AH$3,IF(AN29=AJ29,$AJ$3,IF(AN29=AL29,$AL$3,""))))))))))) -> CONSORCIO CHAQUICOCHA S.R.L. | AQ29: =IF($AQ$3="","",IF($AQ$3=$T$3,T29,IF($AQ$3=$V$3,V29,IF($AQ$3=$X$3,X29,IF($AQ$3=$Z$3,Z29,IF($AQ$3=$AB$3,AB29,IF($AQ$3=$AD$3,AD29,IF($AQ$3=$AF$3,AF29,IF($AQ$3=$AH$3,AH29,IF($AQ$3=$AJ$3,AJ29,IF($AQ$3=$AL$3,AL29,""))))))))))) -> 455.18 | AR29: =IF(AQ29="","",IF($AQ$3=$T$3,IF(J29="",AQ29*E29,AQ29*J29),IF($AQ$3=$V$3,IF(K29="",AQ29*E29,AQ29*K29),IF($AQ$3=$X$3,IF(L29="",AQ29*E29,AQ29*L29),IF($AQ$3=$Z$3,IF(M29="",AQ29*E29,AQ29*M29),IF($AQ$3=$AB$3,IF(N29="",AQ29*E29,AQ29*N29),IF($AQ$3=$AD$3,IF(O29="",AQ29*E29,AQ29*O29),IF($AQ$3=$AF$3,IF(P29="",AQ29*E29,AQ29*P29),IF($AQ$3=$AH$3,IF(Q29="",AQ29*E29,AQ29*Q29),IF($AQ$3=$AJ$3,IF(R29="",AQ29*E29,AQ29*R29),IF($AQ$3=$AL$3,IF(S29="",AQ29*E29,AQ29*S29),""))))))))))) -> 1373.005
B30: 1.3.3.2 | C30: ENCOFRADO Y DESENCOFRADO RECTO | D30: m2 | E30: 21.176 | I30: =IF(H30="","",+H30*G30) | K30: 21.176 | T30: 67.84 | U30: 1436.8512 | W30: =IF(K30="",IF(V30="","",E30*V30),K30*V30) -> 0 | Y30: =IF(L30="",IF(X30="","",E30*X30),L30*X30) | AA30: =IF(M30="",IF(Z30="","",E30*Z30),M30*Z30) | AC30: =IF(N30="",IF(AB30="","",E30*AB30),N30*AB30) | AE30: =IF(O30="",IF(AD30="","",E30*AD30),O30*AD30) | AG30: =IF(P30="",IF(AF30="","",E30*AF30),P30*AF30) | AI30: =IF(Q30="",IF(AH30="","",E30*AH30),Q30*AH30) | AK30: =IF(R30="",IF(AJ30="","",E30*AJ30),R30*AJ30) | AM30: =IF(S30="",IF(AL30="","",E30*AL30),S30*AL30) | AN30: =IF(AND(T30="",V30="",Z30="",AB30="",X30="",AD30="",AF30="",AH30="",AJ30="",AL30=""),"",MIN(T30,V30,Z30,AB30,X30,AD30,AF30,AH30,AJ30,AL30)) -> 67.84 | AO30: =IF(AN30="","",IF(AP30=$T$3,IF(J30="",+AN30*E30,AN30*J30),IF(AP30=$V$3,IF(K30="",AN30*E30,AN30*K30),IF(AP30=$X$3,IF(L30="",AN30*E30,AN30*L30),IF(AP30=$Z$3,IF(M30="",AN30*E30,AN30*M30),IF(AP30=$AB$3,IF(N30="",AN30*E30,AN30*N30),IF(AP30=$AD$3,IF(O30="",AN30*E30,AN30*O30),IF(AP30=$AF$3,IF(P30="",AN30*E30,AN30*P30),IF(AP30=$AH$3,IF(Q30="",AN30*E30,AN30*Q30),IF(AP30=$AJ$3,IF(R30="",AN30*E30,AN30*R30),IF(AP30=$AL$3,IF(S30="",AN30*E30,AN30*S30),""))))))))))) -> 1436.5798 | AP30: =IF(AN30="","",IF(AN30=T30,$T$3,IF(AN30=V30,$V$3,IF(AN30=X30,$X$3,IF(AN30=Z30,$Z$3,IF(AN30=AB30,$AB$3,IF(AN30=AD30,$AD$3,IF(AN30=AF30,$AF$3,IF(AN30=AH30,$AH$3,IF(AN30=AJ30,$AJ$3,IF(AN30=AL30,$AL$3,""))))))))))) -> CONSORCIO CHAQUICOCHA S.R.L. | AQ30: =IF($AQ$3="","",IF($AQ$3=$T$3,T30,IF($AQ$3=$V$3,V30,IF($AQ$3=$X$3,X30,IF($AQ$3=$Z$3,Z30,IF($AQ$3=$AB$3,AB30,IF($AQ$3=$AD$3,AD30,IF($AQ$3=$AF$3,AF30,IF($AQ$3=$AH$3,AH30,IF($AQ$3=$AJ$3,AJ30,IF($AQ$3=$AL$3,AL30,""))))))))))) -> 67.84 | AR30: =IF(AQ30="","",IF($AQ$3=$T$3,IF(J30="",AQ30*E30,AQ30*J30),IF($AQ$3=$V$3,IF(K30="",AQ30*E30,AQ30*K30),IF($AQ$3=$X$3,IF(L30="",AQ30*E30,AQ30*L30),IF($AQ$3=$Z$3,IF(M30="",AQ30*E30,AQ30*M30),IF($AQ$3=$AB$3,IF(N30="",AQ30*E30,AQ30*N30),IF($AQ$3=$AD$3,IF(O30="",AQ30*E30,AQ30*O30),IF($AQ$3=$AF$3,IF(P30="",AQ30*E30,AQ30*P30),IF($AQ$3=$AH$3,IF(Q30="",AQ30*E30,AQ30*Q30),IF($AQ$3=$AJ$3,IF(R30="",AQ30*E30,AQ30*R30),IF($AQ$3=$AL$3,IF(S30="",AQ30*E30,AQ30*S30),""))))))))))) -> 1436.5798 | AT30: Evaluar rendimiento de partida de encofrado para optimizar costos
B31: 1.4 | C31: DESCOLMATACIÓN DE CAUCE y OBRAS AUXILIARES | I31: =IF(H31="","",+H31*G31) | W31: =IF(K31="",IF(V31="","",E31*V31),K31*V31) | Y31: =IF(L31="",IF(X31="","",E31*X31),L31*X31) | AA31: =IF(M31="",IF(Z31="","",E31*Z31),M31*Z31) | AC31: =IF(N31="",IF(AB31="","",E31*AB31),N31*AB31) | AE31: =IF(O31="",IF(AD31="","",E31*AD31),O31*AD31) | AG31: =IF(P31="",IF(AF31="","",E31*AF31),P31*AF31) | AI31: =IF(Q31="",IF(AH31="","",E31*AH31),Q31*AH31) | AK31: =IF(R31="",IF(AJ31="","",E31*AJ31),R31*AJ31) | AM31: =IF(S31="",IF(AL31="","",E31*AL31),S31*AL31) | AN31: =IF(AND(T31="",V31="",Z31="",AB31="",X31="",AD31="",AF31="",AH31="",AJ31="",AL31=""),"",MIN(T31,V31,Z31,AB31,X31,AD31,AF31,AH31,AJ31,AL31)) | AO31: =IF(AN31="","",IF(AP31=$T$3,IF(J31="",+AN31*E31,AN31*J31),IF(AP31=$V$3,IF(K31="",AN31*E31,AN31*K31),IF(AP31=$X$3,IF(L31="",AN31*E31,AN31*L31),IF(AP31=$Z$3,IF(M31="",AN31*E31,AN31*M31),IF(AP31=$AB$3,IF(N31="",AN31*E31,AN31*N31),IF(AP31=$AD$3,IF(O31="",AN31*E31,AN31*O31),IF(AP31=$AF$3,IF(P31="",AN31*E31,AN31*P31),IF(AP31=$AH$3,IF(Q31="",AN31*E31,AN31*Q31),IF(AP31=$AJ$3,IF(R31="",AN31*E31,AN31*R31),IF(AP31=$AL$3,IF(S31="",AN31*E31,AN31*S31),""))))))))))) | AP31: =IF(AN31="","",IF(AN31=T31,$T$3,IF(AN31=V31,$V$3,IF(AN31=X31,$X$3,IF(AN31=Z31,$Z$3,IF(AN31=AB31,$AB$3,IF(AN31=AD31,$AD$3,IF(AN31=AF31,$AF$3,IF(AN31=AH31,$AH$3,IF(AN31=AJ31,$AJ$3,IF(AN31=AL31,$AL$3,"")))))))))))
B32: 1.4.1 | C32: DESBROCE Y LIMPIEZA EN ZONA NO BOSCOSA | D32: m2 | E32: 304613 | I32: =IF(H32="","",+H32*G32) | K32: 304613 | T32: 1.2 | U32: 365535.6 | W32: =IF(K32="",IF(V32="","",E32*V32),K32*V32) -> 0 | Y32: =IF(L32="",IF(X32="","",E32*X32),L32*X32) | AA32: =IF(M32="",IF(Z32="","",E32*Z32),M32*Z32) | AC32: =IF(N32="",IF(AB32="","",E32*AB32),N32*AB32) | AE32: =IF(O32="",IF(AD32="","",E32*AD32),O32*AD32) | AG32: =IF(P32="",IF(AF32="","",E32*AF32),P32*AF32) | AI32: =IF(Q32="",IF(AH32="","",E32*AH32),Q32*AH32) | AK32: =IF(R32="",IF(AJ32="","",E32*AJ32),R32*AJ32) | AM32: =IF(S32="",IF(AL32="","",E32*AL32),S32*AL32) | AN32: =IF(AND(T32="",V32="",Z32="",AB32="",X32="",AD32="",AF32="",AH32="",AJ32="",AL32=""),"",MIN(T32,V32,Z32,AB32,X32,AD32,AF32,AH32,AJ32,AL32)) -> 1.2 | AO32: =IF(AN32="","",IF(AP32=$T$3,IF(J32="",+AN32*E32,AN32*J32),IF(AP32=$V$3,IF(K32="",AN32*E32,AN32*K32),IF(AP32=$X$3,IF(L32="",AN32*E32,AN32*L32),IF(AP32=$Z$3,IF(M32="",AN32*E32,AN32*M32),IF(AP32=$AB$3,IF(N32="",AN32*E32,AN32*N32),IF(AP32=$AD$3,IF(O32="",AN32*E32,AN32*O32),IF(AP32=$AF$3,IF(P32="",AN32*E32,AN32*P32),IF(AP32=$AH$3,IF(Q32="",AN32*E32,AN32*Q32),IF(AP32=$AJ$3,IF(R32="",AN32*E32,AN32*R32),IF(AP32=$AL$3,IF(S32="",AN32*E32,AN32*S32),""))))))))))) -> 365535.6 | AP32: =IF(AN32="","",IF(AN32=T32,$T$3,IF(AN32=V32,$V$3,IF(AN32=X32,$X$3,IF(AN32=Z32,$Z$3,IF(AN32=AB32,$AB$3,IF(AN32=AD32,$AD$3,IF(AN32=AF32,$AF$3,IF(AN32=AH32,$AH$3,IF(AN32=AJ32,$AJ$3,IF(AN32=AL32,$AL$3,""))))))))))) -> CONSORCIO CHAQUICOCHA S.R.L. | AQ32: =IF($AQ$3="","",IF($AQ$3=$T$3,T32,IF($AQ$3=$V$3,V32,IF($AQ$3=$X$3,X32,IF($AQ$3=$Z$3,Z32,IF($AQ$3=$AB$3,AB32,IF($AQ$3=$AD$3,AD32,IF($AQ$3=$AF$3,AF32,IF($AQ$3=$AH$3,AH32,IF($AQ$3=$AJ$3,AJ32,IF($AQ$3=$AL$3,AL32,""))))))))))) -> 1.2 | AR32: =IF(AQ32="","",IF($AQ$3=$T$3,IF(J32="",AQ32*E32,AQ32*J32),IF($AQ$3=$V$3,IF(K32="",AQ32*E32,AQ32*K32),IF($AQ$3=$X$3,IF(L32="",AQ32*E32,AQ32*L32),IF($AQ$3=$Z$3,IF(M32="",AQ32*E32,AQ32*M32),IF($AQ$3=$AB$3,IF(N32="",AQ32*E32,AQ32*N32),IF($AQ$3=$AD$3,IF(O32="",AQ32*E32,AQ32*O32),IF($AQ$3=$AF$3,IF(P32="",AQ32*E32,AQ32*P32),IF($AQ$3=$AH$3,IF(Q32="",AQ32*E32,AQ32*Q32),IF($AQ$3=$AJ$3,IF(R32="",AQ32*E32,AQ32*R32),IF($AQ$3=$AL$3,IF(S32="",AQ32*E32,AQ32*S32),""))))))))))) -> 365535.6 | AT32: Evaluar optimización de cuadrilla de mano de obra
B33: 1.4.2 | C33: DESCOLMATACIÓN DE CAUCE NATURAL DEL RÍO LACRAMARCA | D33: m3 | E33: 116188.11 | I33: =IF(H33="","",+H33*G33) | K33: 116188.11 | T33: 6.25 | U33: 726175.69 | W33: =IF(K33="",IF(V33="","",E33*V33),K33*V33) -> 0 | Y33: =IF(L33="",IF(X33="","",E33*X33),L33*X33) | AA33: =IF(M33="",IF(Z33="","",E33*Z33),M33*Z33) | AC33: =IF(N33="",IF(AB33="","",E33*AB33),N33*AB33) | AE33: =IF(O33="",IF(AD33="","",E33*AD33),O33*AD33) | AG33: =IF(P33="",IF(AF33="","",E33*AF33),P33*AF33) | AI33: =IF(Q33="",IF(AH33="","",E33*AH33),Q33*AH33) | AK33: =IF(R33="",IF(AJ33="","",E33*AJ33),R33*AJ33) | AM33: =IF(S33="",IF(AL33="","",E33*AL33),S33*AL33) | AN33: =IF(AND(T33="",V33="",Z33="",AB33="",X33="",AD33="",AF33="",AH33="",AJ33="",AL33=""),"",MIN(T33,V33,Z33,AB33,X33,AD33,AF33,AH33,AJ33,AL33)) -> 6.25 | AO33: =IF(AN33="","",IF(AP33=$T$3,IF(J33="",+AN33*E33,AN33*J33),IF(AP33=$V$3,IF(K33="",AN33*E33,AN33*K33),IF(AP33=$X$3,IF(L33="",AN33*E33,AN33*L33),IF(AP33=$Z$3,IF(M33="",AN33*E33,AN33*M33),IF(AP33=$AB$3,IF(N33="",AN33*E33,AN33*N33),IF(AP33=$AD$3,IF(O33="",AN33*E33,AN33*O33),IF(AP33=$AF$3,IF(P33="",AN33*E33,AN33*P33),IF(AP33=$AH$3,IF(Q33="",AN33*E33,AN33*Q33),IF(AP33=$AJ$3,IF(R33="",AN33*E33,AN33*R33),IF(AP33=$AL$3,IF(S33="",AN33*E33,AN33*S33),""))))))))))) -> 726175.7 | AP33: =IF(AN33="","",IF(AN33=T33,$T$3,IF(AN33=V33,$V$3,IF(AN33=X33,$X$3,IF(AN33=Z33,$Z$3,IF(AN33=AB33,$AB$3,IF(AN33=AD33,$AD$3,IF(AN33=AF33,$AF$3,IF(AN33=AH33,$AH$3,IF(AN33=AJ33,$AJ$3,IF(AN33=AL33,$AL$3,""))))))))))) -> CONSORCIO CHAQUICOCHA S.R.L. | AQ33: =IF($AQ$3="","",IF($AQ$3=$T$3,T33,IF($AQ$3=$V$3,V33,IF($AQ$3=$X$3,X33,IF($AQ$3=$Z$3,Z33,IF($AQ$3=$AB$3,AB33,IF($AQ$3=$AD$3,AD33,IF($AQ$3=$AF$3,AF33,IF($AQ$3=$AH$3,AH33,IF($AQ$3=$AJ$3,AJ33,IF($AQ$3=$AL$3,AL33,""))))))))))) -> 6.25 | AR33: =IF(AQ33="","",IF($AQ$3=$T$3,IF(J33="",AQ33*E33,AQ33*J33),IF($AQ$3=$V$3,IF(K33="",AQ33*E33,AQ33*K33),IF($AQ$3=$X$3,IF(L33="",AQ33*E33,AQ33*L33),IF($AQ$3=$Z$3,IF(M33="",AQ33*E33,AQ33*M33),IF($AQ$3=$AB$3,IF(N33="",AQ33*E33,AQ33*N33),IF($AQ$3=$AD$3,IF(O33="",AQ33*E33,AQ33*O33),IF($AQ$3=$AF$3,IF(P33="",AQ33*E33,AQ33*P33),IF($AQ$3=$AH$3,IF(Q33="",AQ33*E33,AQ33*Q33),IF($AQ$3=$AJ$3,IF(R33="",AQ33*E33,AQ33*R33),IF($AQ$3=$AL$3,IF(S33="",AQ33*E33,AQ33*S33),""))))))))))) -> 726175.7
B34: 1.4.3 | C34: CONFORMACIÓN DE DESVIO EN CAUCE DE RÍO | D34: m3 | E34: 57167 | I34: =IF(H34="","",+H34*G34) | K34: 57167 | T34: 4.37 | U34: 249819.79 | W34: =IF(K34="",IF(V34="","",E34*V34),K34*V34) -> 0 | Y34: =IF(L34="",IF(X34="","",E34*X34),L34*X34) | AA34: =IF(M34="",IF(Z34="","",E34*Z34),M34*Z34) | AC34: =IF(N34="",IF(AB34="","",E34*AB34),N34*AB34) | AE34: =IF(O34="",IF(AD34="","",E34*AD34),O34*AD34) | AG34: =IF(P34="",IF(AF34="","",E34*AF34),P34*AF34) | AI34: =IF(Q34="",IF(AH34="","",E34*AH34),Q34*AH34) | AK34: =IF(R34="",IF(AJ34="","",E34*AJ34),R34*AJ34) | AM34: =IF(S34="",IF(AL34="","",E34*AL34),S34*AL34) | AN34: =IF(AND(T34="",V34="",Z34="",AB34="",X34="",AD34="",AF34="",AH34="",AJ34="",AL34=""),"",MIN(T34,V34,Z34,AB34,X34,AD34,AF34,AH34,AJ34,AL34)) -> 4.37 | AO34: =IF(AN34="","",IF(AP34=$T$3,IF(J34="",+AN34*E34,AN34*J34),IF(AP34=$V$3,IF(K34="",AN34*E34,AN34*K34),IF(AP34=$X$3,IF(L34="",AN34*E34,AN34*L34),IF(AP34=$Z$3,IF(M34="",AN34*E34,AN34*M34),IF(AP34=$AB$3,IF(N34="",AN34*E34,AN34*N34),IF(AP34=$AD$3,IF(O34="",AN34*E34,AN34*O34),IF(AP34=$AF$3,IF(P34="",AN34*E34,AN34*P34),IF(AP34=$AH$3,IF(Q34="",AN34*E34,AN34*Q34),IF(AP34=$AJ$3,IF(R34="",AN34*E34,AN34*R34),IF(AP34=$AL$3,IF(S34="",AN34*E34,AN34*S34),""))))))))))) -> 249819.79 | AP34: =IF(AN34="","",IF(AN34=T34,$T$3,IF(AN34=V34,$V$3,IF(AN34=X34,$X$3,IF(AN34=Z34,$Z$3,IF(AN34=AB34,$AB$3,IF(AN34=AD34,$AD$3,IF(AN34=AF34,$AF$3,IF(AN34=AH34,$AH$3,IF(AN34=AJ34,$AJ$3,IF(AN34=AL34,$AL$3,""))))))))))) -> CONSORCIO CHAQUICOCHA S.R.L. | AQ34: =IF($AQ$3="","",IF($AQ$3=$T$3,T34,IF($AQ$3=$V$3,V34,IF($AQ$3=$X$3,X34,IF($AQ$3=$Z$3,Z34,IF($AQ$3=$AB$3,AB34,IF($AQ$3=$AD$3,AD34,IF($AQ$3=$AF$3,AF34,IF($AQ$3=$AH$3,AH34,IF($AQ$3=$AJ$3,AJ34,IF($AQ$3=$AL$3,AL34,""))))))))))) -> 4.37 | AR34: =IF(AQ34="","",IF($AQ$3=$T$3,IF(J34="",AQ34*E34,AQ34*J34),IF($AQ$3=$V$3,IF(K34="",AQ34*E34,AQ34*K34),IF($AQ$3=$X$3,IF(L34="",AQ34*E34,AQ34*L34),IF($AQ$3=$Z$3,IF(M34="",AQ34*E34,AQ34*M34),IF($AQ$3=$AB$3,IF(N34="",AQ34*E34,AQ34*N34),IF($AQ$3=$AD$3,IF(O34="",AQ34*E34,AQ34*O34),IF($AQ$3=$AF$3,IF(P34="",AQ34*E34,AQ34*P34),IF($AQ$3=$AH$3,IF(Q34="",AQ34*E34,AQ34*Q34),IF($AQ$3=$AJ$3,IF(R34="",AQ34*E34,AQ34*R34),IF($AQ$3=$AL$3,IF(S34="",AQ34*E34,AQ34*S34),""))))))))))) -> 249819.79
B35: 1.4.4 | C35: RELLENO NO ESTRUCTURAL CON MATERIAL PROPIO | D35: m3 | E35: 57377 | I35: =IF(H35="","",+H35*G35) | K35: 57377 | T35: 3.94 | U35: 226065.38 | W35: =IF(K35="",IF(V35="","",E35*V35),K35*V35) -> 0 | Y35: =IF(L35="",IF(X35="","",E35*X35),L35*X35) | AA35: =IF(M35="",IF(Z35="","",E35*Z35),M35*Z35) | AC35: =IF(N35="",IF(AB35="","",E35*AB35),N35*AB35) | AE35: =IF(O35="",IF(AD35="","",E35*AD35),O35*AD35) | AG35: =IF(P35="",IF(AF35="","",E35*AF35),P35*AF35) | AI35: =IF(Q35="",IF(AH35="","",E35*AH35),Q35*AH35) | AK35: =IF(R35="",IF(AJ35="","",E35*AJ35),R35*AJ35) | AM35: =IF(S35="",IF(AL35="","",E35*AL35),S35*AL35) | AN35: =IF(AND(T35="",V35="",Z35="",AB35="",X35="",AD35="",AF35="",AH35="",AJ35="",AL35=""),"",MIN(T35,V35,Z35,AB35,X35,AD35,AF35,AH35,AJ35,AL35)) -> 3.94 | AO35: =IF(AN35="","",IF(AP35=$T$3,IF(J35="",+AN35*E35,AN35*J35),IF(AP35=$V$3,IF(K35="",AN35*E35,AN35*K35),IF(AP35=$X$3,IF(L35="",AN35*E35,AN35*L35),IF(AP35=$Z$3,IF(M35="",AN35*E35,AN35*M35),IF(AP35=$AB$3,IF(N35="",AN35*E35,AN35*N35),IF(AP35=$AD$3,IF(O35="",AN35*E35,AN35*O35),IF(AP35=$AF$3,IF(P35="",AN35*E35,AN35*P35),IF(AP35=$AH$3,IF(Q35="",AN35*E35,AN35*Q35),IF(AP35=$AJ$3,IF(R35="",AN35*E35,AN35*R35),IF(AP35=$AL$3,IF(S35="",AN35*E35,AN35*S35),""))))))))))) -> 226065.38 | AP35: =IF(AN35="","",IF(AN35=T35,$T$3,IF(AN35=V35,$V$3,IF(AN35=X35,$X$3,IF(AN35=Z35,$Z$3,IF(AN35=AB35,$AB$3,IF(AN35=AD35,$AD$3,IF(AN35=AF35,$AF$3,IF(AN35=AH35,$AH$3,IF(AN35=AJ35,$AJ$3,IF(AN35=AL35,$AL$3,""))))))))))) -> CONSORCIO CHAQUICOCHA S.R.L. | AQ35: =IF($AQ$3="","",IF($AQ$3=$T$3,T35,IF($AQ$3=$V$3,V35,IF($AQ$3=$X$3,X35,IF($AQ$3=$Z$3,Z35,IF($AQ$3=$AB$3,AB35,IF($AQ$3=$AD$3,AD35,IF($AQ$3=$AF$3,AF35,IF($AQ$3=$AH$3,AH35,IF($AQ$3=$AJ$3,AJ35,IF($AQ$3=$AL$3,AL35,""))))))))))) -> 3.94 | AR35: =IF(AQ35="","",IF($AQ$3=$T$3,IF(J35="",AQ35*E35,AQ35*J35),IF($AQ$3=$V$3,IF(K35="",AQ35*E35,AQ35*K35),IF($AQ$3=$X$3,IF(L35="",AQ35*E35,AQ35*L35),IF($AQ$3=$Z$3,IF(M35="",AQ35*E35,AQ35*M35),IF($AQ$3=$AB$3,IF(N35="",AQ35*E35,AQ35*N35),IF($AQ$3=$AD$3,IF(O35="",AQ35*E35,AQ35*O35),IF($AQ$3=$AF$3,IF(P35="",AQ35*E35,AQ35*P35),IF($AQ$3=$AH$3,IF(Q35="",AQ35*E35,AQ35*Q35),IF($AQ$3=$AJ$3,IF(R35="",AQ35*E35,AQ35*R35),IF($AQ$3=$AL$3,IF(S35="",AQ35*E35,AQ35*S35),""))))))))))) -> 226065.38
B36: 1.5 | C36: DIQUES DE TIERRA COMPACTADA CON ENROCADO | I36: =IF(H36="","",+H36*G36) | W36: =IF(K36="",IF(V36="","",E36*V36),K36*V36) | Y36: =IF(L36="",IF(X36="","",E36*X36),L36*X36) | AA36: =IF(M36="",IF(Z36="","",E36*Z36),M36*Z36) | AC36: =IF(N36="",IF(AB36="","",E36*AB36),N36*AB36) | AE36: =IF(O36="",IF(AD36="","",E36*AD36),O36*AD36) | AG36: =IF(P36="",IF(AF36="","",E36*AF36),P36*AF36) | AI36: =IF(Q36="",IF(AH36="","",E36*AH36),Q36*AH36) | AK36: =IF(R36="",IF(AJ36="","",E36*AJ36),R36*AJ36) | AM36: =IF(S36="",IF(AL36="","",E36*AL36),S36*AL36) | AN36: =IF(AND(T36="",V36="",Z36="",AB36="",X36="",AD36="",AF36="",AH36="",AJ36="",AL36=""),"",MIN(T36,V36,Z36,AB36,X36,AD36,AF36,AH36,AJ36,AL36)) | AO36: =IF(AN36="","",IF(AP36=$T$3,IF(J36="",+AN36*E36,AN36*J36),IF(AP36=$V$3,IF(K36="",AN36*E36,AN36*K36),IF(AP36=$X$3,IF(L36="",AN36*E36,AN36*L36),IF(AP36=$Z$3,IF(M36="",AN36*E36,AN36*M36),IF(AP36=$AB$3,IF(N36="",AN36*E36,AN36*N36),IF(AP36=$AD$3,IF(O36="",AN36*E36,AN36*O36),IF(AP36=$AF$3,IF(P36="",AN36*E36,AN36*P36),IF(AP36=$AH$3,IF(Q36="",AN36*E36,AN36*Q36),IF(AP36=$AJ$3,IF(R36="",AN36*E36,AN36*R36),IF(AP36=$AL$3,IF(S36="",AN36*E36,AN36*S36),""))))))))))) | AP36: =IF(AN36="","",IF(AN36=T36,$T$3,IF(AN36=V36,$V$3,IF(AN36=X36,$X$3,IF(AN36=Z36,$Z$3,IF(AN36=AB36,$AB$3,IF(AN36=AD36,$AD$3,IF(AN36=AF36,$AF$3,IF(AN36=AH36,$AH$3,IF(AN36=AJ36,$AJ$3,IF(AN36=AL36,$AL$3,"")))))))))))
B37: 1.5.1 | C37: DIQUE DE TIERRA COMPACTADA A3-D-01 | I37: =IF(H37="","",+H37*G37) | W37: =IF(K37="",IF(V37="","",E37*V37),K37*V37) | Y37: =IF(L37="",IF(X37="","",E37*X37),L37*X37) | AA37: =IF(M37="",IF(Z37="","",E37*Z37),M37*Z37) | AC37: =IF(N37="",IF(AB37="","",E37*AB37),N37*AB37) | AE37: =IF(O37="",IF(AD37="","",E37*AD37),O37*AD37) | AG37: =IF(P37="",IF(AF37="","",E37*AF37),P37*AF37) | AI37: =IF(Q37="",IF(AH37="","",E37*AH37),Q37*AH37) | AK37: =IF(R37="",IF(AJ37="","",E37*AJ37),R37*AJ37) | AM37: =IF(S37="",IF(AL37="","",E37*AL37),S37*AL37) | AN37: =IF(AND(T37="",V37="",Z37="",AB37="",X37="",AD37="",AF37="",AH37="",AJ37="",AL37=""),"",MIN(T37,V37,Z37,AB37,X37,AD37,AF37,AH37,AJ37,AL37)) | AO37: =IF(AN37="","",IF(AP37=$T$3,IF(J37="",+AN37*E37,AN37*J37),IF(AP37=$V$3,IF(K37="",AN37*E37,AN37*K37),IF(AP37=$X$3,IF(L37="",AN37*E37,AN37*L37),IF(AP37=$Z$3,IF(M37="",AN37*E37,AN37*M37),IF(AP37=$AB$3,IF(N37="",AN37*E37,AN37*N37),IF(AP37=$AD$3,IF(O37="",AN37*E37,AN37*O37),IF(AP37=$AF$3,IF(P37="",AN37*E37,AN37*P37),IF(AP37=$AH$3,IF(Q37="",AN37*E37,AN37*Q37),IF(AP37=$AJ$3,IF(R37="",AN37*E37,AN37*R37),IF(AP37=$AL$3,IF(S37="",AN37*E37,AN37*S37),""))))))))))) | AP37: =IF(AN37="","",IF(AN37=T37,$T$3,IF(AN37=V37,$V$3,IF(AN37=X37,$X$3,IF(AN37=Z37,$Z$3,IF(AN37=AB37,$AB$3,IF(AN37=AD37,$AD$3,IF(AN37=AF37,$AF$3,IF(AN37=AH37,$AH$3,IF(AN37=AJ37,$AJ$3,IF(AN37=AL37,$AL$3,"")))))))))))
B38: 1.5.1.1 | C38: EXCAVACIÓN EN TERRENO NATURAL CON EQUIPO | D38: m3 | E38: 6167.174 | I38: =IF(H38="","",+H38*G38) | K38: 6167.174 | T38: 6.54 | U38: 40333.292 | W38: =IF(K38="",IF(V38="","",E38*V38),K38*V38) -> 0 | Y38: =IF(L38="",IF(X38="","",E38*X38),L38*X38) | AA38: =IF(M38="",IF(Z38="","",E38*Z38),M38*Z38) | AC38: =IF(N38="",IF(AB38="","",E38*AB38),N38*AB38) | AE38: =IF(O38="",IF(AD38="","",E38*AD38),O38*AD38) | AG38: =IF(P38="",IF(AF38="","",E38*AF38),P38*AF38) | AI38: =IF(Q38="",IF(AH38="","",E38*AH38),Q38*AH38) | AK38: =IF(R38="",IF(AJ38="","",E38*AJ38),R38*AJ38) | AM38: =IF(S38="",IF(AL38="","",E38*AL38),S38*AL38) | AN38: =IF(AND(T38="",V38="",Z38="",AB38="",X38="",AD38="",AF38="",AH38="",AJ38="",AL38=""),"",MIN(T38,V38,Z38,AB38,X38,AD38,AF38,AH38,AJ38,AL38)) -> 6.54 | AO38: =IF(AN38="","",IF(AP38=$T$3,IF(J38="",+AN38*E38,AN38*J38),IF(AP38=$V$3,IF(K38="",AN38*E38,AN38*K38),IF(AP38=$X$3,IF(L38="",AN38*E38,AN38*L38),IF(AP38=$Z$3,IF(M38="",AN38*E38,AN38*M38),IF(AP38=$AB$3,IF(N38="",AN38*E38,AN38*N38),IF(AP38=$AD$3,IF(O38="",AN38*E38,AN38*O38),IF(AP38=$AF$3,IF(P38="",AN38*E38,AN38*P38),IF(AP38=$AH$3,IF(Q38="",AN38*E38,AN38*Q38),IF(AP38=$AJ$3,IF(R38="",AN38*E38,AN38*R38),IF(AP38=$AL$3,IF(S38="",AN38*E38,AN38*S38),""))))))))))) -> 40333.318 | AP38: =IF(AN38="","",IF(AN38=T38,$T$3,IF(AN38=V38,$V$3,IF(AN38=X38,$X$3,IF(AN38=Z38,$Z$3,IF(AN38=AB38,$AB$3,IF(AN38=AD38,$AD$3,IF(AN38=AF38,$AF$3,IF(AN38=AH38,$AH$3,IF(AN38=AJ38,$AJ$3,IF(AN38=AL38,$AL$3,""))))))))))) -> CONSORCIO CHAQUICOCHA S.R.L. | AQ38: =IF($AQ$3="","",IF($AQ$3=$T$3,T38,IF($AQ$3=$V$3,V38,IF($AQ$3=$X$3,X38,IF($AQ$3=$Z$3,Z38,IF($AQ$3=$AB$3,AB38,IF($AQ$3=$AD$3,AD38,IF($AQ$3=$AF$3,AF38,IF($AQ$3=$AH$3,AH38,IF($AQ$3=$AJ$3,AJ38,IF($AQ$3=$AL$3,AL38,""))))))))))) -> 6.54 | AR38: =IF(AQ38="","",IF($AQ$3=$T$3,IF(J38="",AQ38*E38,AQ38*J38),IF($AQ$3=$V$3,IF(K38="",AQ38*E38,AQ38*K38),IF($AQ$3=$X$3,IF(L38="",AQ38*E38,AQ38*L38),IF($AQ$3=$Z$3,IF(M38="",AQ38*E38,AQ38*M38),IF($AQ$3=$AB$3,IF(N38="",AQ38*E38,AQ38*N38),IF($AQ$3=$AD$3,IF(O38="",AQ38*E38,AQ38*O38),IF($AQ$3=$AF$3,IF(P38="",AQ38*E38,AQ38*P38),IF($AQ$3=$AH$3,IF(Q38="",AQ38*E38,AQ38*Q38),IF($AQ$3=$AJ$3,IF(R38="",AQ38*E38,AQ38*R38),IF($AQ$3=$AL$3,IF(S38="",AQ38*E38,AQ38*S38),""))))))))))) -> 40333.318
B39: 1.5.1.2 | C39: EXCAVACIÓN DE UÑA CON EQUIPO | D39: m3 | E39: 2325.015 | I39: =IF(H39="","",+H39*G39) | K39: 2325.015 | T39: 6.72 | U39: 15624.134 | W39: =IF(K39="",IF(V39="","",E39*V39),K39*V39) -> 0 | Y39: =IF(L39="",IF(X39="","",E39*X39),L39*X39) | AA39: =IF(M39="",IF(Z39="","",E39*Z39),M39*Z39) | AC39: =IF(N39="",IF(AB39="","",E39*AB39),N39*AB39) | AE39: =IF(O39="",IF(AD39="","",E39*AD39),O39*AD39) | AG39: =IF(P39="",IF(AF39="","",E39*AF39),P39*AF39) | AI39: =IF(Q39="",IF(AH39="","",E39*AH39),Q39*AH39) | AK39: =IF(R39="",IF(AJ39="","",E39*AJ39),R39*AJ39) | AM39: =IF(S39="",IF(AL39="","",E39*AL39),S39*AL39) | AN39: =IF(AND(T39="",V39="",Z39="",AB39="",X39="",AD39="",AF39="",AH39="",AJ39="",AL39=""),"",MIN(T39,V39,Z39,AB39,X39,AD39,AF39,AH39,AJ39,AL39)) -> 6.72 | AO39: =IF(AN39="","",IF(AP39=$T$3,IF(J39="",+AN39*E39,AN39*J39),IF(AP39=$V$3,IF(K39="",AN39*E39,AN39*K39),IF(AP39=$X$3,IF(L39="",AN39*E39,AN39*L39),IF(AP39=$Z$3,IF(M39="",AN39*E39,AN39*M39),IF(AP39=$AB$3,IF(N39="",AN39*E39,AN39*N39),IF(AP39=$AD$3,IF(O39="",AN39*E39,AN39*O39),IF(AP39=$AF$3,IF(P39="",AN39*E39,AN39*P39),IF(AP39=$AH$3,IF(Q39="",AN39*E39,AN39*Q39),IF(AP39=$AJ$3,IF(R39="",AN39*E39,AN39*R39),IF(AP39=$AL$3,IF(S39="",AN39*E39,AN39*S39),""))))))))))) -> 15624.101 | AP39: =IF(AN39="","",IF(AN39=T39,$T$3,IF(AN39=V39,$V$3,IF(AN39=X39,$X$3,IF(AN39=Z39,$Z$3,IF(AN39=AB39,$AB$3,IF(AN39=AD39,$AD$3,IF(AN39=AF39,$AF$3,IF(AN39=AH39,$AH$3,IF(AN39=AJ39,$AJ$3,IF(AN39=AL39,$AL$3,""))))))))))) -> CONSORCIO CHAQUICOCHA S.R.L. | AQ39: =IF($AQ$3="","",IF($AQ$3=$T$3,T39,IF($AQ$3=$V$3,V39,IF($AQ$3=$X$3,X39,IF($AQ$3=$Z$3,Z39,IF($AQ$3=$AB$3,AB39,IF($AQ$3=$AD$3,AD39,IF($AQ$3=$AF$3,AF39,IF($AQ$3=$AH$3,AH39,IF($AQ$3=$AJ$3,AJ39,IF($AQ$3=$AL$3,AL39,""))))))))))) -> 6.72 | AR39: =IF(AQ39="","",IF($AQ$3=$T$3,IF(J39="",AQ39*E39,AQ39*J39),IF($AQ$3=$V$3,IF(K39="",AQ39*E39,AQ39*K39),IF($AQ$3=$X$3,IF(L39="",AQ39*E39,AQ39*L39),IF($AQ$3=$Z$3,IF(M39="",AQ39*E39,AQ39*M39),IF($AQ$3=$AB$3,IF(N39="",AQ39*E39,AQ39*N39),IF($AQ$3=$AD$3,IF(O39="",AQ39*E39,AQ39*O39),IF($AQ$3=$AF$3,IF(P39="",AQ39*E39,AQ39*P39),IF($AQ$3=$AH$3,IF(Q39="",AQ39*E39,AQ39*Q39),IF($AQ$3=$AJ$3,IF(R39="",AQ39*E39,AQ39*R39),IF($AQ$3=$AL$3,IF(S39="",AQ39*E39,AQ39*S39),""))))))))))) -> 15624.101
B40: 1.5.1.3 | C40: PERFILADO Y COMPACTACIÓN EN ZONA DE CORTE | D40: m2 | E40: 11192.097 | I40: =IF(H40="","",+H40*G40) | K40: 11192.097 | T40: 2.66 | U40: 29770.986 | W40: =IF(K40="",IF(V40="","",E40*V40),K40*V40) -> 0 | Y40: =IF(L40="",IF(X40="","",E40*X40),L40*X40) | AA40: =IF(M40="",IF(Z40="","",E40*Z40),M40*Z40) | AC40: =IF(N40="",IF(AB40="","",E40*AB40),N40*AB40) | AE40: =IF(O40="",IF(AD40="","",E40*AD40),O40*AD40) | AG40: =IF(P40="",IF(AF40="","",E40*AF40),P40*AF40) | AI40: =IF(Q40="",IF(AH40="","",E40*AH40),Q40*AH40) | AK40: =IF(R40="",IF(AJ40="","",E40*AJ40),R40*AJ40) | AM40: =IF(S40="",IF(AL40="","",E40*AL40),S40*AL40) | AN40: =IF(AND(T40="",V40="",Z40="",AB40="",X40="",AD40="",AF40="",AH40="",AJ40="",AL40=""),"",MIN(T40,V40,Z40,AB40,X40,AD40,AF40,AH40,AJ40,AL40)) -> 2.66 | AO40: =IF(AN40="","",IF(AP40=$T$3,IF(J40="",+AN40*E40,AN40*J40),IF(AP40=$V$3,IF(K40="",AN40*E40,AN40*K40),IF(AP40=$X$3,IF(L40="",AN40*E40,AN40*L40),IF(AP40=$Z$3,IF(M40="",AN40*E40,AN40*M40),IF(AP40=$AB$3,IF(N40="",AN40*E40,AN40*N40),IF(AP40=$AD$3,IF(O40="",AN40*E40,AN40*O40),IF(AP40=$AF$3,IF(P40="",AN40*E40,AN40*P40),IF(AP40=$AH$3,IF(Q40="",AN40*E40,AN40*Q40),IF(AP40=$AJ$3,IF(R40="",AN40*E40,AN40*R40),IF(AP40=$AL$3,IF(S40="",AN40*E40,AN40*S40),""))))))))))) -> 29770.977 | AP40: =IF(AN40="","",IF(AN40=T40,$T$3,IF(AN40=V40,$V$3,IF(AN40=X40,$X$3,IF(AN40=Z40,$Z$3,IF(AN40=AB40,$AB$3,IF(AN40=AD40,$AD$3,IF(AN40=AF40,$AF$3,IF(AN40=AH40,$AH$3,IF(AN40=AJ40,$AJ$3,IF(AN40=AL40,$AL$3,""))))))))))) -> CONSORCIO CHAQUICOCHA S.R.L. | AQ40: =IF($AQ$3="","",IF($AQ$3=$T$3,T40,IF($AQ$3=$V$3,V40,IF($AQ$3=$X$3,X40,IF($AQ$3=$Z$3,Z40,IF($AQ$3=$AB$3,AB40,IF($AQ$3=$AD$3,AD40,IF($AQ$3=$AF$3,AF40,IF($AQ$3=$AH$3,AH40,IF($AQ$3=$AJ$3,AJ40,IF($AQ$3=$AL$3,AL40,""))))))))))) -> 2.66 | AR40: =IF(AQ40="","",IF($AQ$3=$T$3,IF(J40="",AQ40*E40,AQ40*J40),IF($AQ$3=$V$3,IF(K40="",AQ40*E40,AQ40*K40),IF($AQ$3=$X$3,IF(L40="",AQ40*E40,AQ40*L40),IF($AQ$3=$Z$3,IF(M40="",AQ40*E40,AQ40*M40),IF($AQ$3=$AB$3,IF(N40="",AQ40*E40,AQ40*N40),IF($AQ$3=$AD$3,IF(O40="",AQ40*E40,AQ40*O40),IF($AQ$3=$AF$3,IF(P40="",AQ40*E40,AQ40*P40),IF($AQ$3=$AH$3,IF(Q40="",AQ40*E40,AQ40*Q40),IF($AQ$3=$AJ$3,IF(R40="",AQ40*E40,AQ40*R40),IF($AQ$3=$AL$3,IF(S40="",AQ40*E40,AQ40*S40),""))))))))))) -> 29770.977 | AT40: Verificar posibilidad de mejora en rendimiento
B41: 1.5.1.4 | C41: CONFORMACIÓN DE CUERPO DE DIQUE CON MATERIAL PROPIO | D41: m3 | E41: 1639.2 | I41: =IF(H41="","",+H41*G41) | K41: 1639.2 | T41: 36.36 | U41: 59601.312 | W41: =IF(K41="",IF(V41="","",E41*V41),K41*V41) -> 0 | Y41: =IF(L41="",IF(X41="","",E41*X41),L41*X41) | AA41: =IF(M41="",IF(Z41="","",E41*Z41),M41*Z41) | AC41: =IF(N41="",IF(AB41="","",E41*AB41),N41*AB41) | AE41: =IF(O41="",IF(AD41="","",E41*AD41),O41*AD41) | AG41: =IF(P41="",IF(AF41="","",E41*AF41),P41*AF41) | AI41: =IF(Q41="",IF(AH41="","",E41*AH41),Q41*AH41) | AK41: =IF(R41="",IF(AJ41="","",E41*AJ41),R41*AJ41) | AM41: =IF(S41="",IF(AL41="","",E41*AL41),S41*AL41) | AN41: =IF(AND(T41="",V41="",Z41="",AB41="",X41="",AD41="",AF41="",AH41="",AJ41="",AL41=""),"",MIN(T41,V41,Z41,AB41,X41,AD41,AF41,AH41,AJ41,AL41)) -> 36.36 | AO41: =IF(AN41="","",IF(AP41=$T$3,IF(J41="",+AN41*E41,AN41*J41),IF(AP41=$V$3,IF(K41="",AN41*E41,AN41*K41),IF(AP41=$X$3,IF(L41="",AN41*E41,AN41*L41),IF(AP41=$Z$3,IF(M41="",AN41*E41,AN41*M41),IF(AP41=$AB$3,IF(N41="",AN41*E41,AN41*N41),IF(AP41=$AD$3,IF(O41="",AN41*E41,AN41*O41),IF(AP41=$AF$3,IF(P41="",AN41*E41,AN41*P41),IF(AP41=$AH$3,IF(Q41="",AN41*E41,AN41*Q41),IF(AP41=$AJ$3,IF(R41="",AN41*E41,AN41*R41),IF(AP41=$AL$3,IF(S41="",AN41*E41,AN41*S41),""))))))))))) -> 59601.312 | AP41: =IF(AN41="","",IF(AN41=T41,$T$3,IF(AN41=V41,$V$3,IF(AN41=X41,$X$3,IF(AN41=Z41,$Z$3,IF(AN41=AB41,$AB$3,IF(AN41=AD41,$AD$3,IF(AN41=AF41,$AF$3,IF(AN41=AH41,$AH$3,IF(AN41=AJ41,$AJ$3,IF(AN41=AL41,$AL$3,""))))))))))) -> CONSORCIO CHAQUICOCHA S.R.L. | AQ41: =IF($AQ$3="","",IF($AQ$3=$T$3,T41,IF($AQ$3=$V$3,V41,IF($AQ$3=$X$3,X41,IF($AQ$3=$Z$3,Z41,IF($AQ$3=$AB$3,AB41,IF($AQ$3=$AD$3,AD41,IF($AQ$3=$AF$3,AF41,IF($AQ$3=$AH$3,AH41,IF($AQ$3=$AJ$3,AJ41,IF($AQ$3=$AL$3,AL41,""))))))))))) -> 36.36 | AR41: =IF(AQ41="","",IF($AQ$3=$T$3,IF(J41="",AQ41*E41,AQ41*J41),IF($AQ$3=$V$3,IF(K41="",AQ41*E41,AQ41*K41),IF($AQ$3=$X$3,IF(L41="",AQ41*E41,AQ41*L41),IF($AQ$3=$Z$3,IF(M41="",AQ41*E41,AQ41*M41),IF($AQ$3=$AB$3,IF(N41="",AQ41*E41,AQ41*N41),IF($AQ$3=$AD$3,IF(O41="",AQ41*E41,AQ41*O41),IF($AQ$3=$AF$3,IF(P41="",AQ41*E41,AQ41*P41),IF($AQ$3=$AH$3,IF(Q41="",AQ41*E41,AQ41*Q41),IF($AQ$3=$AJ$3,IF(R41="",AQ41*E41,AQ41*R41),IF($AQ$3=$AL$3,IF(S41="",AQ41*E41,AQ41*S41),""))))))))))) -> 59601.312
B42: 1.5.1.5 | C42: CONFORMACIÓN DE CORONA DE DIQUE CON MATERIAL PROPIO | D42: m3 | E42: 999.6428 | I42: =IF(H42="","",+H42*G42) | K42: 999.6428 | T42: 38.95 | U42: 38935.978 | W42: =IF(K42="",IF(V42="","",E42*V42),K42*V42) -> 0 | Y42: =IF(L42="",IF(X42="","",E42*X42),L42*X42) | AA42: =IF(M42="",IF(Z42="","",E42*Z42),M42*Z42) | AC42: =IF(N42="",IF(AB42="","",E42*AB42),N42*AB42) | AE42: =IF(O42="",IF(AD42="","",E42*AD42),O42*AD42) | AG42: =IF(P42="",IF(AF42="","",E42*AF42),P42*AF42) | AI42: =IF(Q42="",IF(AH42="","",E42*AH42),Q42*AH42) | AK42: =IF(R42="",IF(AJ42="","",E42*AJ42),R42*AJ42) | AM42: =IF(S42="",IF(AL42="","",E42*AL42),S42*AL42) | AN42: =IF(AND(T42="",V42="",Z42="",AB42="",X42="",AD42="",AF42="",AH42="",AJ42="",AL42=""),"",MIN(T42,V42,Z42,AB42,X42,AD42,AF42,AH42,AJ42,AL42)) -> 38.95 | AO42: =IF(AN42="","",IF(AP42=$T$3,IF(J42="",+AN42*E42,AN42*J42),IF(AP42=$V$3,IF(K42="",AN42*E42,AN42*K42),IF(AP42=$X$3,IF(L42="",AN42*E42,AN42*L42),IF(AP42=$Z$3,IF(M42="",AN42*E42,AN42*M42),IF(AP42=$AB$3,IF(N42="",AN42*E42,AN42*N42),IF(AP42=$AD$3,IF(O42="",AN42*E42,AN42*O42),IF(AP42=$AF$3,IF(P42="",AN42*E42,AN42*P42),IF(AP42=$AH$3,IF(Q42="",AN42*E42,AN42*Q42),IF(AP42=$AJ$3,IF(R42="",AN42*E42,AN42*R42),IF(AP42=$AL$3,IF(S42="",AN42*E42,AN42*S42),""))))))))))) -> 38936.087 | AP42: =IF(AN42="","",IF(AN42=T42,$T$3,IF(AN42=V42,$V$3,IF(AN42=X42,$X$3,IF(AN42=Z42,$Z$3,IF(AN42=AB42,$AB$3,IF(AN42=AD42,$AD$3,IF(AN42=AF42,$AF$3,IF(AN42=AH42,$AH$3,IF(AN42=AJ42,$AJ$3,IF(AN42=AL42,$AL$3,""))))))))))) -> CONSORCIO CHAQUICOCHA S.R.L. | AQ42: =IF($AQ$3="","",IF($AQ$3=$T$3,T42,IF($AQ$3=$V$3,V42,IF($AQ$3=$X$3,X42,IF($AQ$3=$Z$3,Z42,IF($AQ$3=$AB$3,AB42,IF($AQ$3=$AD$3,AD42,IF($AQ$3=$AF$3,AF42,IF($AQ$3=$AH$3,AH42,IF($AQ$3=$AJ$3,AJ42,IF($AQ$3=$AL$3,AL42,""))))))))))) -> 38.95 | AR42: =IF(AQ42="","",IF($AQ$3=$T$3,IF(J42="",AQ42*E42,AQ42*J42),IF($AQ$3=$V$3,IF(K42="",AQ42*E42,AQ42*K42),IF($AQ$3=$X$3,IF(L42="",AQ42*E42,AQ42*L42),IF($AQ$3=$Z$3,IF(M42="",AQ42*E42,AQ42*M42),IF($AQ$3=$AB$3,IF(N42="",AQ42*E42,AQ42*N42),IF($AQ$3=$AD$3,IF(O42="",AQ42*E42,AQ42*O42),IF($AQ$3=$AF$3,IF(P42="",AQ42*E42,AQ42*P42),IF($AQ$3=$AH$3,IF(Q42="",AQ42*E42,AQ42*Q42),IF($AQ$3=$AJ$3,IF(R42="",AQ42*E42,AQ42*R42),IF($AQ$3=$AL$3,IF(S42="",AQ42*E42,AQ42*S42),""))))))))))) -> 38936.087
B43: 1.5.1.6 | C43: GEOTEXTIL NO TEJIDO 400 G/M2, INC. COLOCACIÓN | D43: m2 | E43: 5381.812 | I43: =IF(H43="","",+H43*G43) | K43: 5381.812 | T43: 12.47 | U43: 67111.171 | W43: =IF(K43="",IF(V43="","",E43*V43),K43*V43) -> 0 | Y43: =IF(L43="",IF(X43="","",E43*X43),L43*X43) | AA43: =IF(M43="",IF(Z43="","",E43*Z43),M43*Z43) | AC43: =IF(N43="",IF(AB43="","",E43*AB43),N43*AB43) | AE43: =IF(O43="",IF(AD43="","",E43*AD43),O43*AD43) | AG43: =IF(P43="",IF(AF43="","",E43*AF43),P43*AF43) | AI43: =IF(Q43="",IF(AH43="","",E43*AH43),Q43*AH43) | AK43: =IF(R43="",IF(AJ43="","",E43*AJ43),R43*AJ43) | AM43: =IF(S43="",IF(AL43="","",E43*AL43),S43*AL43) | AN43: =IF(AND(T43="",V43="",Z43="",AB43="",X43="",AD43="",AF43="",AH43="",AJ43="",AL43=""),"",MIN(T43,V43,Z43,AB43,X43,AD43,AF43,AH43,AJ43,AL43)) -> 12.47 | AO43: =IF(AN43="","",IF(AP43=$T$3,IF(J43="",+AN43*E43,AN43*J43),IF(AP43=$V$3,IF(K43="",AN43*E43,AN43*K43),IF(AP43=$X$3,IF(L43="",AN43*E43,AN43*L43),IF(AP43=$Z$3,IF(M43="",AN43*E43,AN43*M43),IF(AP43=$AB$3,IF(N43="",AN43*E43,AN43*N43),IF(AP43=$AD$3,IF(O43="",AN43*E43,AN43*O43),IF(AP43=$AF$3,IF(P43="",AN43*E43,AN43*P43),IF(AP43=$AH$3,IF(Q43="",AN43*E43,AN43*Q43),IF(AP43=$AJ$3,IF(R43="",AN43*E43,AN43*R43),IF(AP43=$AL$3,IF(S43="",AN43*E43,AN43*S43),""))))))))))) -> 67111.196 | AP43: =IF(AN43="","",IF(AN43=T43,$T$3,IF(AN43=V43,$V$3,IF(AN43=X43,$X$3,IF(AN43=Z43,$Z$3,IF(AN43=AB43,$AB$3,IF(AN43=AD43,$AD$3,IF(AN43=AF43,$AF$3,IF(AN43=AH43,$AH$3,IF(AN43=AJ43,$AJ$3,IF(AN43=AL43,$AL$3,""))))))))))) -> CONSORCIO CHAQUICOCHA S.R.L. | AQ43: =IF($AQ$3="","",IF($AQ$3=$T$3,T43,IF($AQ$3=$V$3,V43,IF($AQ$3=$X$3,X43,IF($AQ$3=$Z$3,Z43,IF($AQ$3=$AB$3,AB43,IF($AQ$3=$AD$3,AD43,IF($AQ$3=$AF$3,AF43,IF($AQ$3=$AH$3,AH43,IF($AQ$3=$AJ$3,AJ43,IF($AQ$3=$AL$3,AL43,""))))))))))) -> 12.47 | AR43: =IF(AQ43="","",IF($AQ$3=$T$3,IF(J43="",AQ43*E43,AQ43*J43),IF($AQ$3=$V$3,IF(K43="",AQ43*E43,AQ43*K43),IF($AQ$3=$X$3,IF(L43="",AQ43*E43,AQ43*L43),IF($AQ$3=$Z$3,IF(M43="",AQ43*E43,AQ43*M43),IF($AQ$3=$AB$3,IF(N43="",AQ43*E43,AQ43*N43),IF($AQ$3=$AD$3,IF(O43="",AQ43*E43,AQ43*O43),IF($AQ$3=$AF$3,IF(P43="",AQ43*E43,AQ43*P43),IF($AQ$3=$AH$3,IF(Q43="",AQ43*E43,AQ43*Q43),IF($AQ$3=$AJ$3,IF(R43="",AQ43*E43,AQ43*R43),IF($AQ$3=$AL$3,IF(S43="",AQ43*E43,AQ43*S43),""))))))))))) -> 67111.196
B44: 1.5.1.7 | C44: COLOCACION Y ACOMODO DE ROCA EN UÑA DE DIQUE | D44: m3 | E44: 2325.015 | I44: =IF(H44="","",+H44*G44) | K44: 2325.015 | T44: 93.52 | U44: 217435.87 | W44: =IF(K44="",IF(V44="","",E44*V44),K44*V44) -> 0 | Y44: =IF(L44="",IF(X44="","",E44*X44),L44*X44) | AA44: =IF(M44="",IF(Z44="","",E44*Z44),M44*Z44) | AC44: =IF(N44="",IF(AB44="","",E44*AB44),N44*AB44) | AE44: =IF(O44="",IF(AD44="","",E44*AD44),O44*AD44) | AG44: =IF(P44="",IF(AF44="","",E44*AF44),P44*AF44) | AI44: =IF(Q44="",IF(AH44="","",E44*AH44),Q44*AH44) | AK44: =IF(R44="",IF(AJ44="","",E44*AJ44),R44*AJ44) | AM44: =IF(S44="",IF(AL44="","",E44*AL44),S44*AL44) | AN44: =IF(AND(T44="",V44="",Z44="",AB44="",X44="",AD44="",AF44="",AH44="",AJ44="",AL44=""),"",MIN(T44,V44,Z44,AB44,X44,AD44,AF44,AH44,AJ44,AL44)) -> 93.52 | AO44: =IF(AN44="","",IF(AP44=$T$3,IF(J44="",+AN44*E44,AN44*J44),IF(AP44=$V$3,IF(K44="",AN44*E44,AN44*K44),IF(AP44=$X$3,IF(L44="",AN44*E44,AN44*L44),IF(AP44=$Z$3,IF(M44="",AN44*E44,AN44*M44),IF(AP44=$AB$3,IF(N44="",AN44*E44,AN44*N44),IF(AP44=$AD$3,IF(O44="",AN44*E44,AN44*O44),IF(AP44=$AF$3,IF(P44="",AN44*E44,AN44*P44),IF(AP44=$AH$3,IF(Q44="",AN44*E44,AN44*Q44),IF(AP44=$AJ$3,IF(R44="",AN44*E44,AN44*R44),IF(AP44=$AL$3,IF(S44="",AN44*E44,AN44*S44),""))))))))))) -> 217435.4 | AP44: =IF(AN44="","",IF(AN44=T44,$T$3,IF(AN44=V44,$V$3,IF(AN44=X44,$X$3,IF(AN44=Z44,$Z$3,IF(AN44=AB44,$AB$3,IF(AN44=AD44,$AD$3,IF(AN44=AF44,$AF$3,IF(AN44=AH44,$AH$3,IF(AN44=AJ44,$AJ$3,IF(AN44=AL44,$AL$3,""))))))))))) -> CONSORCIO CHAQUICOCHA S.R.L. | AQ44: =IF($AQ$3="","",IF($AQ$3=$T$3,T44,IF($AQ$3=$V$3,V44,IF($AQ$3=$X$3,X44,IF($AQ$3=$Z$3,Z44,IF($AQ$3=$AB$3,AB44,IF($AQ$3=$AD$3,AD44,IF($AQ$3=$AF$3,AF44,IF($AQ$3=$AH$3,AH44,IF($AQ$3=$AJ$3,AJ44,IF($AQ$3=$AL$3,AL44,""))))))))))) -> 93.52 | AR44: =IF(AQ44="","",IF($AQ$3=$T$3,IF(J44="",AQ44*E44,AQ44*J44),IF($AQ$3=$V$3,IF(K44="",AQ44*E44,AQ44*K44),IF($AQ$3=$X$3,IF(L44="",AQ44*E44,AQ44*L44),IF($AQ$3=$Z$3,IF(M44="",AQ44*E44,AQ44*M44),IF($AQ$3=$AB$3,IF(N44="",AQ44*E44,AQ44*N44),IF($AQ$3=$AD$3,IF(O44="",AQ44*E44,AQ44*O44),IF($AQ$3=$AF$3,IF(P44="",AQ44*E44,AQ44*P44),IF($AQ$3=$AH$3,IF(Q44="",AQ44*E44,AQ44*Q44),IF($AQ$3=$AJ$3,IF(R44="",AQ44*E44,AQ44*R44),IF($AQ$3=$AL$3,IF(S44="",AQ44*E44,AQ44*S44),""))))))))))) -> 217435.4 | AT44: Evaluar rendimiento considerado en la partida de colocación de roca
B45: 1.5.1.8 | C45: COLOCACION Y ACOMODO DE ROCA EN TALUD DE DIQUE | D45: m3 | E45: 3493.3658 | I45: =IF(H45="","",+H45*G45) | K45: 3493.3658 | T45: 108.28 | U45: 378262.1 | W45: =IF(K45="",IF(V45="","",E45*V45),K45*V45) -> 0 | Y45: =IF(L45="",IF(X45="","",E45*X45),L45*X45) | AA45: =IF(M45="",IF(Z45="","",E45*Z45),M45*Z45) | AC45: =IF(N45="",IF(AB45="","",E45*AB45),N45*AB45) | AE45: =IF(O45="",IF(AD45="","",E45*AD45),O45*AD45) | AG45: =IF(P45="",IF(AF45="","",E45*AF45),P45*AF45) | AI45: =IF(Q45="",IF(AH45="","",E45*AH45),Q45*AH45) | AK45: =IF(R45="",IF(AJ45="","",E45*AJ45),R45*AJ45) | AM45: =IF(S45="",IF(AL45="","",E45*AL45),S45*AL45) | AN45: =IF(AND(T45="",V45="",Z45="",AB45="",X45="",AD45="",AF45="",AH45="",AJ45="",AL45=""),"",MIN(T45,V45,Z45,AB45,X45,AD45,AF45,AH45,AJ45,AL45)) -> 108.28 | AO45: =IF(AN45="","",IF(AP45=$T$3,IF(J45="",+AN45*E45,AN45*J45),IF(AP45=$V$3,IF(K45="",AN45*E45,AN45*K45),IF(AP45=$X$3,IF(L45="",AN45*E45,AN45*L45),IF(AP45=$Z$3,IF(M45="",AN45*E45,AN45*M45),IF(AP45=$AB$3,IF(N45="",AN45*E45,AN45*N45),IF(AP45=$AD$3,IF(O45="",AN45*E45,AN45*O45),IF(AP45=$AF$3,IF(P45="",AN45*E45,AN45*P45),IF(AP45=$AH$3,IF(Q45="",AN45*E45,AN45*Q45),IF(AP45=$AJ$3,IF(R45="",AN45*E45,AN45*R45),IF(AP45=$AL$3,IF(S45="",AN45*E45,AN45*S45),""))))))))))) -> 378261.65 | AP45: =IF(AN45="","",IF(AN45=T45,$T$3,IF(AN45=V45,$V$3,IF(AN45=X45,$X$3,IF(AN45=Z45,$Z$3,IF(AN45=AB45,$AB$3,IF(AN45=AD45,$AD$3,IF(AN45=AF45,$AF$3,IF(AN45=AH45,$AH$3,IF(AN45=AJ45,$AJ$3,IF(AN45=AL45,$AL$3,""))))))))))) -> CONSORCIO CHAQUICOCHA S.R.L. | AQ45: =IF($AQ$3="","",IF($AQ$3=$T$3,T45,IF($AQ$3=$V$3,V45,IF($AQ$3=$X$3,X45,IF($AQ$3=$Z$3,Z45,IF($AQ$3=$AB$3,AB45,IF($AQ$3=$AD$3,AD45,IF($AQ$3=$AF$3,AF45,IF($AQ$3=$AH$3,AH45,IF($AQ$3=$AJ$3,AJ45,IF($AQ$3=$AL$3,AL45,""))))))))))) -> 108.28 | AR45: =IF(AQ45="","",IF($AQ$3=$T$3,IF(J45="",AQ45*E45,AQ45*J45),IF($AQ$3=$V$3,IF(K45="",AQ45*E45,AQ45*K45),IF($AQ$3=$X$3,IF(L45="",AQ45*E45,AQ45*L45),IF($AQ$3=$Z$3,IF(M45="",AQ45*E45,AQ45*M45),IF($AQ$3=$AB$3,IF(N45="",AQ45*E45,AQ45*N45),IF($AQ$3=$AD$3,IF(O45="",AQ45*E45,AQ45*O45),IF($AQ$3=$AF$3,IF(P45="",AQ45*E45,AQ45*P45),IF($AQ$3=$AH$3,IF(Q45="",AQ45*E45,AQ45*Q45),IF($AQ$3=$AJ$3,IF(R45="",AQ45*E45,AQ45*R45),IF($AQ$3=$AL$3,IF(S45="",AQ45*E45,AQ45*S45),""))))))))))) -> 378261.65 | AT45: Evaluar rendimiento considerado en la partida de colocación de roca
B46: 1.5.1.9 | C46: PREPARACIÓN DE FUNDACIÓN DE CUERPO DE DIQUE | D46: m2 | E46: 2554.07 | I46: =IF(H46="","",+H46*G46) | K46: 2554.07 | T46: 2.36 | U46: 6027.6052 | W46: =IF(K46="",IF(V46="","",E46*V46),K46*V46) -> 0 | Y46: =IF(L46="",IF(X46="","",E46*X46),L46*X46) | AA46: =IF(M46="",IF(Z46="","",E46*Z46),M46*Z46) | AC46: =IF(N46="",IF(AB46="","",E46*AB46),N46*AB46) | AE46: =IF(O46="",IF(AD46="","",E46*AD46),O46*AD46) | AG46: =IF(P46="",IF(AF46="","",E46*AF46),P46*AF46) | AI46: =IF(Q46="",IF(AH46="","",E46*AH46),Q46*AH46) | AK46: =IF(R46="",IF(AJ46="","",E46*AJ46),R46*AJ46) | AM46: =IF(S46="",IF(AL46="","",E46*AL46),S46*AL46) | AN46: =IF(AND(T46="",V46="",Z46="",AB46="",X46="",AD46="",AF46="",AH46="",AJ46="",AL46=""),"",MIN(T46,V46,Z46,AB46,X46,AD46,AF46,AH46,AJ46,AL46)) -> 2.36 | AO46: =IF(AN46="","",IF(AP46=$T$3,IF(J46="",+AN46*E46,AN46*J46),IF(AP46=$V$3,IF(K46="",AN46*E46,AN46*K46),IF(AP46=$X$3,IF(L46="",AN46*E46,AN46*L46),IF(AP46=$Z$3,IF(M46="",AN46*E46,AN46*M46),IF(AP46=$AB$3,IF(N46="",AN46*E46,AN46*N46),IF(AP46=$AD$3,IF(O46="",AN46*E46,AN46*O46),IF(AP46=$AF$3,IF(P46="",AN46*E46,AN46*P46),IF(AP46=$AH$3,IF(Q46="",AN46*E46,AN46*Q46),IF(AP46=$AJ$3,IF(R46="",AN46*E46,AN46*R46),IF(AP46=$AL$3,IF(S46="",AN46*E46,AN46*S46),""))))))))))) -> 6027.6052 | AP46: =IF(AN46="","",IF(AN46=T46,$T$3,IF(AN46=V46,$V$3,IF(AN46=X46,$X$3,IF(AN46=Z46,$Z$3,IF(AN46=AB46,$AB$3,IF(AN46=AD46,$AD$3,IF(AN46=AF46,$AF$3,IF(AN46=AH46,$AH$3,IF(AN46=AJ46,$AJ$3,IF(AN46=AL46,$AL$3,""))))))))))) -> CONSORCIO CHAQUICOCHA S.R.L. | AQ46: =IF($AQ$3="","",IF($AQ$3=$T$3,T46,IF($AQ$3=$V$3,V46,IF($AQ$3=$X$3,X46,IF($AQ$3=$Z$3,Z46,IF($AQ$3=$AB$3,AB46,IF($AQ$3=$AD$3,AD46,IF($AQ$3=$AF$3,AF46,IF($AQ$3=$AH$3,AH46,IF($AQ$3=$AJ$3,AJ46,IF($AQ$3=$AL$3,AL46,""))))))))))) -> 2.36 | AR46: =IF(AQ46="","",IF($AQ$3=$T$3,IF(J46="",AQ46*E46,AQ46*J46),IF($AQ$3=$V$3,IF(K46="",AQ46*E46,AQ46*K46),IF($AQ$3=$X$3,IF(L46="",AQ46*E46,AQ46*L46),IF($AQ$3=$Z$3,IF(M46="",AQ46*E46,AQ46*M46),IF($AQ$3=$AB$3,IF(N46="",AQ46*E46,AQ46*N46),IF($AQ$3=$AD$3,IF(O46="",AQ46*E46,AQ46*O46),IF($AQ$3=$AF$3,IF(P46="",AQ46*E46,AQ46*P46),IF($AQ$3=$AH$3,IF(Q46="",AQ46*E46,AQ46*Q46),IF($AQ$3=$AJ$3,IF(R46="",AQ46*E46,AQ46*R46),IF($AQ$3=$AL$3,IF(S46="",AQ46*E46,AQ46*S46),""))))))))))) -> 6027.6052
B47: 1.5.2 | C47: DIQUE DE TIERRA COMPACTADA A3-D-02 | I47: =IF(H47="","",+H47*G47) | W47: =IF(K47="",IF(V47="","",E47*V47),K47*V47) | Y47: =IF(L47="",IF(X47="","",E47*X47),L47*X47) | AA47: =IF(M47="",IF(Z47="","",E47*Z47),M47*Z47) | AC47: =IF(N47="",IF(AB47="","",E47*AB47),N47*AB47) | AE47: =IF(O47="",IF(AD47="","",E47*AD47),O47*AD47) | AG47: =IF(P47="",IF(AF47="","",E47*AF47),P47*AF47) | AI47: =IF(Q47="",IF(AH47="","",E47*AH47),Q47*AH47) | AK47: =IF(R47="",IF(AJ47="","",E47*AJ47),R47*AJ47) | AM47: =IF(S47="",IF(AL47="","",E47*AL47),S47*AL47) | AN47: =IF(AND(T47="",V47="",Z47="",AB47="",X47="",AD47="",AF47="",AH47="",AJ47="",AL47=""),"",MIN(T47,V47,Z47,AB47,X47,AD47,AF47,AH47,AJ47,AL47)) | AO47: =IF(AN47="","",IF(AP47=$T$3,IF(J47="",+AN47*E47,AN47*J47),IF(AP47=$V$3,IF(K47="",AN47*E47,AN47*K47),IF(AP47=$X$3,IF(L47="",AN47*E47,AN47*L47),IF(AP47=$Z$3,IF(M47="",AN47*E47,AN47*M47),IF(AP47=$AB$3,IF(N47="",AN47*E47,AN47*N47),IF(AP47=$AD$3,IF(O47="",AN47*E47,AN47*O47),IF(AP47=$AF$3,IF(P47="",AN47*E47,AN47*P47),IF(AP47=$AH$3,IF(Q47="",AN47*E47,AN47*Q47),IF(AP47=$AJ$3,IF(R47="",AN47*E47,AN47*R47),IF(AP47=$AL$3,IF(S47="",AN47*E47,AN47*S47),""))))))))))) | AP47: =IF(AN47="","",IF(AN47=T47,$T$3,IF(AN47=V47,$V$3,IF(AN47=X47,$X$3,IF(AN47=Z47,$Z$3,IF(AN47=AB47,$AB$3,IF(AN47=AD47,$AD$3,IF(AN47=AF47,$AF$3,IF(AN47=AH47,$AH$3,IF(AN47=AJ47,$AJ$3,IF(AN47=AL47,$AL$3,"")))))))))))
B48: 1.5.2.1 | C48: EXCAVACIÓN EN TERRENO NATURAL CON EQUIPO | D48: m3 | E48: 53286.001 | I48: =IF(H48="","",+H48*G48) | K48: 53286.001 | T48: 6.54 | U48: 348490.44 | W48: =IF(K48="",IF(V48="","",E48*V48),K48*V48) -> 0 | Y48: =IF(L48="",IF(X48="","",E48*X48),L48*X48) | AA48: =IF(M48="",IF(Z48="","",E48*Z48),M48*Z48) | AC48: =IF(N48="",IF(AB48="","",E48*AB48),N48*AB48) | AE48: =IF(O48="",IF(AD48="","",E48*AD48),O48*AD48) | AG48: =IF(P48="",IF(AF48="","",E48*AF48),P48*AF48) | AI48: =IF(Q48="",IF(AH48="","",E48*AH48),Q48*AH48) | AK48: =IF(R48="",IF(AJ48="","",E48*AJ48),R48*AJ48) | AM48: =IF(S48="",IF(AL48="","",E48*AL48),S48*AL48) | AN48: =IF(AND(T48="",V48="",Z48="",AB48="",X48="",AD48="",AF48="",AH48="",AJ48="",AL48=""),"",MIN(T48,V48,Z48,AB48,X48,AD48,AF48,AH48,AJ48,AL48)) -> 6.54 | AO48: =IF(AN48="","",IF(AP48=$T$3,IF(J48="",+AN48*E48,AN48*J48),IF(AP48=$V$3,IF(K48="",AN48*E48,AN48*K48),IF(AP48=$X$3,IF(L48="",AN48*E48,AN48*L48),IF(AP48=$Z$3,IF(M48="",AN48*E48,AN48*M48),IF(AP48=$AB$3,IF(N48="",AN48*E48,AN48*N48),IF(AP48=$AD$3,IF(O48="",AN48*E48,AN48*O48),IF(AP48=$AF$3,IF(P48="",AN48*E48,AN48*P48),IF(AP48=$AH$3,IF(Q48="",AN48*E48,AN48*Q48),IF(AP48=$AJ$3,IF(R48="",AN48*E48,AN48*R48),IF(AP48=$AL$3,IF(S48="",AN48*E48,AN48*S48),""))))))))))) -> 348490.45 | AP48: =IF(AN48="","",IF(AN48=T48,$T$3,IF(AN48=V48,$V$3,IF(AN48=X48,$X$3,IF(AN48=Z48,$Z$3,IF(AN48=AB48,$AB$3,IF(AN48=AD48,$AD$3,IF(AN48=AF48,$AF$3,IF(AN48=AH48,$AH$3,IF(AN48=AJ48,$AJ$3,IF(AN48=AL48,$AL$3,""))))))))))) -> CONSORCIO CHAQUICOCHA S.R.L. | AQ48: =IF($AQ$3="","",IF($AQ$3=$T$3,T48,IF($AQ$3=$V$3,V48,IF($AQ$3=$X$3,X48,IF($AQ$3=$Z$3,Z48,IF($AQ$3=$AB$3,AB48,IF($AQ$3=$AD$3,AD48,IF($AQ$3=$AF$3,AF48,IF($AQ$3=$AH$3,AH48,IF($AQ$3=$AJ$3,AJ48,IF($AQ$3=$AL$3,AL48,""))))))))))) -> 6.54 | AR48: =IF(AQ48="","",IF($AQ$3=$T$3,IF(J48="",AQ48*E48,AQ48*J48),IF($AQ$3=$V$3,IF(K48="",AQ48*E48,AQ48*K48),IF($AQ$3=$X$3,IF(L48="",AQ48*E48,AQ48*L48),IF($AQ$3=$Z$3,IF(M48="",AQ48*E48,AQ48*M48),IF($AQ$3=$AB$3,IF(N48="",AQ48*E48,AQ48*N48),IF($AQ$3=$AD$3,IF(O48="",AQ48*E48,AQ48*O48),IF($AQ$3=$AF$3,IF(P48="",AQ48*E48,AQ48*P48),IF($AQ$3=$AH$3,IF(Q48="",AQ48*E48,AQ48*Q48),IF($AQ$3=$AJ$3,IF(R48="",AQ48*E48,AQ48*R48),IF($AQ$3=$AL$3,IF(S48="",AQ48*E48,AQ48*S48),""))))))))))) -> 348490.45
B49: 1.5.2.2 | C49: EXCAVACIÓN DE UÑA CON EQUIPO | D49: m3 | E49: 16718.988 | I49: =IF(H49="","",+H49*G49) | K49: 16718.988 | T49: 6.72 | U49: 112351.61 | W49: =IF(K49="",IF(V49="","",E49*V49),K49*V49) -> 0 | Y49: =IF(L49="",IF(X49="","",E49*X49),L49*X49) | AA49: =IF(M49="",IF(Z49="","",E49*Z49),M49*Z49) | AC49: =IF(N49="",IF(AB49="","",E49*AB49),N49*AB49) | AE49: =IF(O49="",IF(AD49="","",E49*AD49),O49*AD49) | AG49: =IF(P49="",IF(AF49="","",E49*AF49),P49*AF49) | AI49: =IF(Q49="",IF(AH49="","",E49*AH49),Q49*AH49) | AK49: =IF(R49="",IF(AJ49="","",E49*AJ49),R49*AJ49) | AM49: =IF(S49="",IF(AL49="","",E49*AL49),S49*AL49) | AN49: =IF(AND(T49="",V49="",Z49="",AB49="",X49="",AD49="",AF49="",AH49="",AJ49="",AL49=""),"",MIN(T49,V49,Z49,AB49,X49,AD49,AF49,AH49,AJ49,AL49)) -> 6.72 | AO49: =IF(AN49="","",IF(AP49=$T$3,IF(J49="",+AN49*E49,AN49*J49),IF(AP49=$V$3,IF(K49="",AN49*E49,AN49*K49),IF(AP49=$X$3,IF(L49="",AN49*E49,AN49*L49),IF(AP49=$Z$3,IF(M49="",AN49*E49,AN49*M49),IF(AP49=$AB$3,IF(N49="",AN49*E49,AN49*N49),IF(AP49=$AD$3,IF(O49="",AN49*E49,AN49*O49),IF(AP49=$AF$3,IF(P49="",AN49*E49,AN49*P49),IF(AP49=$AH$3,IF(Q49="",AN49*E49,AN49*Q49),IF(AP49=$AJ$3,IF(R49="",AN49*E49,AN49*R49),IF(AP49=$AL$3,IF(S49="",AN49*E49,AN49*S49),""))))))))))) -> 112351.6 | AP49: =IF(AN49="","",IF(AN49=T49,$T$3,IF(AN49=V49,$V$3,IF(AN49=X49,$X$3,IF(AN49=Z49,$Z$3,IF(AN49=AB49,$AB$3,IF(AN49=AD49,$AD$3,IF(AN49=AF49,$AF$3,IF(AN49=AH49,$AH$3,IF(AN49=AJ49,$AJ$3,IF(AN49=AL49,$AL$3,""))))))))))) -> CONSORCIO CHAQUICOCHA S.R.L. | AQ49: =IF($AQ$3="","",IF($AQ$3=$T$3,T49,IF($AQ$3=$V$3,V49,IF($AQ$3=$X$3,X49,IF($AQ$3=$Z$3,Z49,IF($AQ$3=$AB$3,AB49,IF($AQ$3=$AD$3,AD49,IF($AQ$3=$AF$3,AF49,IF($AQ$3=$AH$3,AH49,IF($AQ$3=$AJ$3,AJ49,IF($AQ$3=$AL$3,AL49,""))))))))))) -> 6.72 | AR49: =IF(AQ49="","",IF($AQ$3=$T$3,IF(J49="",AQ49*E49,AQ49*J49),IF($AQ$3=$V$3,IF(K49="",AQ49*E49,AQ49*K49),IF($AQ$3=$X$3,IF(L49="",AQ49*E49,AQ49*L49),IF($AQ$3=$Z$3,IF(M49="",AQ49*E49,AQ49*M49),IF($AQ$3=$AB$3,IF(N49="",AQ49*E49,AQ49*N49),IF($AQ$3=$AD$3,IF(O49="",AQ49*E49,AQ49*O49),IF($AQ$3=$AF$3,IF(P49="",AQ49*E49,AQ49*P49),IF($AQ$3=$AH$3,IF(Q49="",AQ49*E49,AQ49*Q49),IF($AQ$3=$AJ$3,IF(R49="",AQ49*E49,AQ49*R49),IF($AQ$3=$AL$3,IF(S49="",AQ49*E49,AQ49*S49),""))))))))))) -> 112351.6
B50: 1.5.2.3 | C50: PERFILADO Y COMPACTACIÓN EN ZONA DE CORTE | D50: m2 | E50: 69692.956 | I50: =IF(H50="","",+H50*G50) | K50: 69692.956 | T50: 2.66 | U50: 185383.27 | W50: =IF(K50="",IF(V50="","",E50*V50),K50*V50) -> 0 | Y50: =IF(L50="",IF(X50="","",E50*X50),L50*X50) | AA50: =IF(M50="",IF(Z50="","",E50*Z50),M50*Z50) | AC50: =IF(N50="",IF(AB50="","",E50*AB50),N50*AB50) | AE50: =IF(O50="",IF(AD50="","",E50*AD50),O50*AD50) | AG50: =IF(P50="",IF(AF50="","",E50*AF50),P50*AF50) | AI50: =IF(Q50="",IF(AH50="","",E50*AH50),Q50*AH50) | AK50: =IF(R50="",IF(AJ50="","",E50*AJ50),R50*AJ50) | AM50: =IF(S50="",IF(AL50="","",E50*AL50),S50*AL50) | AN50: =IF(AND(T50="",V50="",Z50="",AB50="",X50="",AD50="",AF50="",AH50="",AJ50="",AL50=""),"",MIN(T50,V50,Z50,AB50,X50,AD50,AF50,AH50,AJ50,AL50)) -> 2.66 | AO50: =IF(AN50="","",IF(AP50=$T$3,IF(J50="",+AN50*E50,AN50*J50),IF(AP50=$V$3,IF(K50="",AN50*E50,AN50*K50),IF(AP50=$X$3,IF(L50="",AN50*E50,AN50*L50),IF(AP50=$Z$3,IF(M50="",AN50*E50,AN50*M50),IF(AP50=$AB$3,IF(N50="",AN50*E50,AN50*N50),IF(AP50=$AD$3,IF(O50="",AN50*E50,AN50*O50),IF(AP50=$AF$3,IF(P50="",AN50*E50,AN50*P50),IF(AP50=$AH$3,IF(Q50="",AN50*E50,AN50*Q50),IF(AP50=$AJ$3,IF(R50="",AN50*E50,AN50*R50),IF(AP50=$AL$3,IF(S50="",AN50*E50,AN50*S50),""))))))))))) -> 185383.26 | AP50: =IF(AN50="","",IF(AN50=T50,$T$3,IF(AN50=V50,$V$3,IF(AN50=X50,$X$3,IF(AN50=Z50,$Z$3,IF(AN50=AB50,$AB$3,IF(AN50=AD50,$AD$3,IF(AN50=AF50,$AF$3,IF(AN50=AH50,$AH$3,IF(AN50=AJ50,$AJ$3,IF(AN50=AL50,$AL$3,""))))))))))) -> CONSORCIO CHAQUICOCHA S.R.L. | AQ50: =IF($AQ$3="","",IF($AQ$3=$T$3,T50,IF($AQ$3=$V$3,V50,IF($AQ$3=$X$3,X50,IF($AQ$3=$Z$3,Z50,IF($AQ$3=$AB$3,AB50,IF($AQ$3=$AD$3,AD50,IF($AQ$3=$AF$3,AF50,IF($AQ$3=$AH$3,AH50,IF($AQ$3=$AJ$3,AJ50,IF($AQ$3=$AL$3,AL50,""))))))))))) -> 2.66 | AR50: =IF(AQ50="","",IF($AQ$3=$T$3,IF(J50="",AQ50*E50,AQ50*J50),IF($AQ$3=$V$3,IF(K50="",AQ50*E50,AQ50*K50),IF($AQ$3=$X$3,IF(L50="",AQ50*E50,AQ50*L50),IF($AQ$3=$Z$3,IF(M50="",AQ50*E50,AQ50*M50),IF($AQ$3=$AB$3,IF(N50="",AQ50*E50,AQ50*N50),IF($AQ$3=$AD$3,IF(O50="",AQ50*E50,AQ50*O50),IF($AQ$3=$AF$3,IF(P50="",AQ50*E50,AQ50*P50),IF($AQ$3=$AH$3,IF(Q50="",AQ50*E50,AQ50*Q50),IF($AQ$3=$AJ$3,IF(R50="",AQ50*E50,AQ50*R50),IF($AQ$3=$AL$3,IF(S50="",AQ50*E50,AQ50*S50),""))))))))))) -> 185383.26 | AT50: Verificar posibilidad de mejora en rendimiento
B51: 1.5.2.4 | C51: CONFORMACIÓN DE CUERPO DE DIQUE CON MATERIAL PROPIO | D51: m3 | E51: 6940.8868 | I51: =IF(H51="","",+H51*G51) | K51: 6940.8868 | T51: 36.36 | U51: 252370.76 | W51: =IF(K51="",IF(V51="","",E51*V51),K51*V51) -> 0 | Y51: =IF(L51="",IF(X51="","",E51*X51),L51*X51) | AA51: =IF(M51="",IF(Z51="","",E51*Z51),M51*Z51) | AC51: =IF(N51="",IF(AB51="","",E51*AB51),N51*AB51) | AE51: =IF(O51="",IF(AD51="","",E51*AD51),O51*AD51) | AG51: =IF(P51="",IF(AF51="","",E51*AF51),P51*AF51) | AI51: =IF(Q51="",IF(AH51="","",E51*AH51),Q51*AH51) | AK51: =IF(R51="",IF(AJ51="","",E51*AJ51),R51*AJ51) | AM51: =IF(S51="",IF(AL51="","",E51*AL51),S51*AL51) | AN51: =IF(AND(T51="",V51="",Z51="",AB51="",X51="",AD51="",AF51="",AH51="",AJ51="",AL51=""),"",MIN(T51,V51,Z51,AB51,X51,AD51,AF51,AH51,AJ51,AL51)) -> 36.36 | AO51: =IF(AN51="","",IF(AP51=$T$3,IF(J51="",+AN51*E51,AN51*J51),IF(AP51=$V$3,IF(K51="",AN51*E51,AN51*K51),IF(AP51=$X$3,IF(L51="",AN51*E51,AN51*L51),IF(AP51=$Z$3,IF(M51="",AN51*E51,AN51*M51),IF(AP51=$AB$3,IF(N51="",AN51*E51,AN51*N51),IF(AP51=$AD$3,IF(O51="",AN51*E51,AN51*O51),IF(AP51=$AF$3,IF(P51="",AN51*E51,AN51*P51),IF(AP51=$AH$3,IF(Q51="",AN51*E51,AN51*Q51),IF(AP51=$AJ$3,IF(R51="",AN51*E51,AN51*R51),IF(AP51=$AL$3,IF(S51="",AN51*E51,AN51*S51),""))))))))))) -> 252370.64 | AP51: =IF(AN51="","",IF(AN51=T51,$T$3,IF(AN51=V51,$V$3,IF(AN51=X51,$X$3,IF(AN51=Z51,$Z$3,IF(AN51=AB51,$AB$3,IF(AN51=AD51,$AD$3,IF(AN51=AF51,$AF$3,IF(AN51=AH51,$AH$3,IF(AN51=AJ51,$AJ$3,IF(AN51=AL51,$AL$3,""))))))))))) -> CONSORCIO CHAQUICOCHA S.R.L. | AQ51: =IF($AQ$3="","",IF($AQ$3=$T$3,T51,IF($AQ$3=$V$3,V51,IF($AQ$3=$X$3,X51,IF($AQ$3=$Z$3,Z51,IF($AQ$3=$AB$3,AB51,IF($AQ$3=$AD$3,AD51,IF($AQ$3=$AF$3,AF51,IF($AQ$3=$AH$3,AH51,IF($AQ$3=$AJ$3,AJ51,IF($AQ$3=$AL$3,AL51,""))))))))))) -> 36.36 | AR51: =IF(AQ51="","",IF($AQ$3=$T$3,IF(J51="",AQ51*E51,AQ51*J51),IF($AQ$3=$V$3,IF(K51="",AQ51*E51,AQ51*K51),IF($AQ$3=$X$3,IF(L51="",AQ51*E51,AQ51*L51),IF($AQ$3=$Z$3,IF(M51="",AQ51*E51,AQ51*M51),IF($AQ$3=$AB$3,IF(N51="",AQ51*E51,AQ51*N51),IF($AQ$3=$AD$3,IF(O51="",AQ51*E51,AQ51*O51),IF($AQ$3=$AF$3,IF(P51="",AQ51*E51,AQ51*P51),IF($AQ$3=$AH$3,IF(Q51="",AQ51*E51,AQ51*Q51),IF($AQ$3=$AJ$3,IF(R51="",AQ51*E51,AQ51*R51),IF($AQ$3=$AL$3,IF(S51="",AQ51*E51,AQ51*S51),""))))))))))) -> 252370.64
B52: 1.5.2.5 | C52: CONFORMACIÓN DE CORONA DE DIQUE CON MATERIAL PROPIO | D52: m3 | E52: 5049.9626 | I52: =IF(H52="","",+H52*G52) | K52: 5049.9626 | T52: 38.95 | U52: 196695.94 | W52: =IF(K52="",IF(V52="","",E52*V52),K52*V52) -> 0 | Y52: =IF(L52="",IF(X52="","",E52*X52),L52*X52) | AA52: =IF(M52="",IF(Z52="","",E52*Z52),M52*Z52) | AC52: =IF(N52="",IF(AB52="","",E52*AB52),N52*AB52) | AE52: =IF(O52="",IF(AD52="","",E52*AD52),O52*AD52) | AG52: =IF(P52="",IF(AF52="","",E52*AF52),P52*AF52) | AI52: =IF(Q52="",IF(AH52="","",E52*AH52),Q52*AH52) | AK52: =IF(R52="",IF(AJ52="","",E52*AJ52),R52*AJ52) | AM52: =IF(S52="",IF(AL52="","",E52*AL52),S52*AL52) | AN52: =IF(AND(T52="",V52="",Z52="",AB52="",X52="",AD52="",AF52="",AH52="",AJ52="",AL52=""),"",MIN(T52,V52,Z52,AB52,X52,AD52,AF52,AH52,AJ52,AL52)) -> 38.95 | AO52: =IF(AN52="","",IF(AP52=$T$3,IF(J52="",+AN52*E52,AN52*J52),IF(AP52=$V$3,IF(K52="",AN52*E52,AN52*K52),IF(AP52=$X$3,IF(L52="",AN52*E52,AN52*L52),IF(AP52=$Z$3,IF(M52="",AN52*E52,AN52*M52),IF(AP52=$AB$3,IF(N52="",AN52*E52,AN52*N52),IF(AP52=$AD$3,IF(O52="",AN52*E52,AN52*O52),IF(AP52=$AF$3,IF(P52="",AN52*E52,AN52*P52),IF(AP52=$AH$3,IF(Q52="",AN52*E52,AN52*Q52),IF(AP52=$AJ$3,IF(R52="",AN52*E52,AN52*R52),IF(AP52=$AL$3,IF(S52="",AN52*E52,AN52*S52),""))))))))))) -> 196696.04 | AP52: =IF(AN52="","",IF(AN52=T52,$T$3,IF(AN52=V52,$V$3,IF(AN52=X52,$X$3,IF(AN52=Z52,$Z$3,IF(AN52=AB52,$AB$3,IF(AN52=AD52,$AD$3,IF(AN52=AF52,$AF$3,IF(AN52=AH52,$AH$3,IF(AN52=AJ52,$AJ$3,IF(AN52=AL52,$AL$3,""))))))))))) -> CONSORCIO CHAQUICOCHA S.R.L. | AQ52: =IF($AQ$3="","",IF($AQ$3=$T$3,T52,IF($AQ$3=$V$3,V52,IF($AQ$3=$X$3,X52,IF($AQ$3=$Z$3,Z52,IF($AQ$3=$AB$3,AB52,IF($AQ$3=$AD$3,AD52,IF($AQ$3=$AF$3,AF52,IF($AQ$3=$AH$3,AH52,IF($AQ$3=$AJ$3,AJ52,IF($AQ$3=$AL$3,AL52,""))))))))))) -> 38.95 | AR52: =IF(AQ52="","",IF($AQ$3=$T$3,IF(J52="",AQ52*E52,AQ52*J52),IF($AQ$3=$V$3,IF(K52="",AQ52*E52,AQ52*K52),IF($AQ$3=$X$3,IF(L52="",AQ52*E52,AQ52*L52),IF($AQ$3=$Z$3,IF(M52="",AQ52*E52,AQ52*M52),IF($AQ$3=$AB$3,IF(N52="",AQ52*E52,AQ52*N52),IF($AQ$3=$AD$3,IF(O52="",AQ52*E52,AQ52*O52),IF($AQ$3=$AF$3,IF(P52="",AQ52*E52,AQ52*P52),IF($AQ$3=$AH$3,IF(Q52="",AQ52*E52,AQ52*Q52),IF($AQ$3=$AJ$3,IF(R52="",AQ52*E52,AQ52*R52),IF($AQ$3=$AL$3,IF(S52="",AQ52*E52,AQ52*S52),""))))))))))) -> 196696.04
B53: 1.5.2.6 | C53: GEOTEXTIL NO TEJIDO 400 G/M2, INC. COLOCACIÓN | D53: m2 | E53: 24364.34 | I53: =IF(H53="","",+H53*G53) | K53: 24364.34 | T53: 12.47 | U53: 303823.32 | W53: =IF(K53="",IF(V53="","",E53*V53),K53*V53) -> 0 | Y53: =IF(L53="",IF(X53="","",E53*X53),L53*X53) | AA53: =IF(M53="",IF(Z53="","",E53*Z53),M53*Z53) | AC53: =IF(N53="",IF(AB53="","",E53*AB53),N53*AB53) | AE53: =IF(O53="",IF(AD53="","",E53*AD53),O53*AD53) | AG53: =IF(P53="",IF(AF53="","",E53*AF53),P53*AF53) | AI53: =IF(Q53="",IF(AH53="","",E53*AH53),Q53*AH53) | AK53: =IF(R53="",IF(AJ53="","",E53*AJ53),R53*AJ53) | AM53: =IF(S53="",IF(AL53="","",E53*AL53),S53*AL53) | AN53: =IF(AND(T53="",V53="",Z53="",AB53="",X53="",AD53="",AF53="",AH53="",AJ53="",AL53=""),"",MIN(T53,V53,Z53,AB53,X53,AD53,AF53,AH53,AJ53,AL53)) -> 12.47 | AO53: =IF(AN53="","",IF(AP53=$T$3,IF(J53="",+AN53*E53,AN53*J53),IF(AP53=$V$3,IF(K53="",AN53*E53,AN53*K53),IF(AP53=$X$3,IF(L53="",AN53*E53,AN53*L53),IF(AP53=$Z$3,IF(M53="",AN53*E53,AN53*M53),IF(AP53=$AB$3,IF(N53="",AN53*E53,AN53*N53),IF(AP53=$AD$3,IF(O53="",AN53*E53,AN53*O53),IF(AP53=$AF$3,IF(P53="",AN53*E53,AN53*P53),IF(AP53=$AH$3,IF(Q53="",AN53*E53,AN53*Q53),IF(AP53=$AJ$3,IF(R53="",AN53*E53,AN53*R53),IF(AP53=$AL$3,IF(S53="",AN53*E53,AN53*S53),""))))))))))) -> 303823.32 | AP53: =IF(AN53="","",IF(AN53=T53,$T$3,IF(AN53=V53,$V$3,IF(AN53=X53,$X$3,IF(AN53=Z53,$Z$3,IF(AN53=AB53,$AB$3,IF(AN53=AD53,$AD$3,IF(AN53=AF53,$AF$3,IF(AN53=AH53,$AH$3,IF(AN53=AJ53,$AJ$3,IF(AN53=AL53,$AL$3,""))))))))))) -> CONSORCIO CHAQUICOCHA S.R.L. | AQ53: =IF($AQ$3="","",IF($AQ$3=$T$3,T53,IF($AQ$3=$V$3,V53,IF($AQ$3=$X$3,X53,IF($AQ$3=$Z$3,Z53,IF($AQ$3=$AB$3,AB53,IF($AQ$3=$AD$3,AD53,IF($AQ$3=$AF$3,AF53,IF($AQ$3=$AH$3,AH53,IF($AQ$3=$AJ$3,AJ53,IF($AQ$3=$AL$3,AL53,""))))))))))) -> 12.47 | AR53: =IF(AQ53="","",IF($AQ$3=$T$3,IF(J53="",AQ53*E53,AQ53*J53),IF($AQ$3=$V$3,IF(K53="",AQ53*E53,AQ53*K53),IF($AQ$3=$X$3,IF(L53="",AQ53*E53,AQ53*L53),IF($AQ$3=$Z$3,IF(M53="",AQ53*E53,AQ53*M53),IF($AQ$3=$AB$3,IF(N53="",AQ53*E53,AQ53*N53),IF($AQ$3=$AD$3,IF(O53="",AQ53*E53,AQ53*O53),IF($AQ$3=$AF$3,IF(P53="",AQ53*E53,AQ53*P53),IF($AQ$3=$AH$3,IF(Q53="",AQ53*E53,AQ53*Q53),IF($AQ$3=$AJ$3,IF(R53="",AQ53*E53,AQ53*R53),IF($AQ$3=$AL$3,IF(S53="",AQ53*E53,AQ53*S53),""))))))))))) -> 303823.32
B54: 1.5.2.7 | C54: COLOCACION Y ACOMODO DE ROCA EN UÑA DE DIQUE | D54: m3 | E54: 16718.988 | I54: =IF(H54="","",+H54*G54) | K54: 16718.988 | T54: 93.52 | U54: 1563559.9 | W54: =IF(K54="",IF(V54="","",E54*V54),K54*V54) -> 0 | Y54: =IF(L54="",IF(X54="","",E54*X54),L54*X54) | AA54: =IF(M54="",IF(Z54="","",E54*Z54),M54*Z54) | AC54: =IF(N54="",IF(AB54="","",E54*AB54),N54*AB54) | AE54: =IF(O54="",IF(AD54="","",E54*AD54),O54*AD54) | AG54: =IF(P54="",IF(AF54="","",E54*AF54),P54*AF54) | AI54: =IF(Q54="",IF(AH54="","",E54*AH54),Q54*AH54) | AK54: =IF(R54="",IF(AJ54="","",E54*AJ54),R54*AJ54) | AM54: =IF(S54="",IF(AL54="","",E54*AL54),S54*AL54) | AN54: =IF(AND(T54="",V54="",Z54="",AB54="",X54="",AD54="",AF54="",AH54="",AJ54="",AL54=""),"",MIN(T54,V54,Z54,AB54,X54,AD54,AF54,AH54,AJ54,AL54)) -> 93.52 | AO54: =IF(AN54="","",IF(AP54=$T$3,IF(J54="",+AN54*E54,AN54*J54),IF(AP54=$V$3,IF(K54="",AN54*E54,AN54*K54),IF(AP54=$X$3,IF(L54="",AN54*E54,AN54*L54),IF(AP54=$Z$3,IF(M54="",AN54*E54,AN54*M54),IF(AP54=$AB$3,IF(N54="",AN54*E54,AN54*N54),IF(AP54=$AD$3,IF(O54="",AN54*E54,AN54*O54),IF(AP54=$AF$3,IF(P54="",AN54*E54,AN54*P54),IF(AP54=$AH$3,IF(Q54="",AN54*E54,AN54*Q54),IF(AP54=$AJ$3,IF(R54="",AN54*E54,AN54*R54),IF(AP54=$AL$3,IF(S54="",AN54*E54,AN54*S54),""))))))))))) -> 1563559.8 | AP54: =IF(AN54="","",IF(AN54=T54,$T$3,IF(AN54=V54,$V$3,IF(AN54=X54,$X$3,IF(AN54=Z54,$Z$3,IF(AN54=AB54,$AB$3,IF(AN54=AD54,$AD$3,IF(AN54=AF54,$AF$3,IF(AN54=AH54,$AH$3,IF(AN54=AJ54,$AJ$3,IF(AN54=AL54,$AL$3,""))))))))))) -> CONSORCIO CHAQUICOCHA S.R.L. | AQ54: =IF($AQ$3="","",IF($AQ$3=$T$3,T54,IF($AQ$3=$V$3,V54,IF($AQ$3=$X$3,X54,IF($AQ$3=$Z$3,Z54,IF($AQ$3=$AB$3,AB54,IF($AQ$3=$AD$3,AD54,IF($AQ$3=$AF$3,AF54,IF($AQ$3=$AH$3,AH54,IF($AQ$3=$AJ$3,AJ54,IF($AQ$3=$AL$3,AL54,""))))))))))) -> 93.52 | AR54: =IF(AQ54="","",IF($AQ$3=$T$3,IF(J54="",AQ54*E54,AQ54*J54),IF($AQ$3=$V$3,IF(K54="",AQ54*E54,AQ54*K54),IF($AQ$3=$X$3,IF(L54="",AQ54*E54,AQ54*L54),IF($AQ$3=$Z$3,IF(M54="",AQ54*E54,AQ54*M54),IF($AQ$3=$AB$3,IF(N54="",AQ54*E54,AQ54*N54),IF($AQ$3=$AD$3,IF(O54="",AQ54*E54,AQ54*O54),IF($AQ$3=$AF$3,IF(P54="",AQ54*E54,AQ54*P54),IF($AQ$3=$AH$3,IF(Q54="",AQ54*E54,AQ54*Q54),IF($AQ$3=$AJ$3,IF(R54="",AQ54*E54,AQ54*R54),IF($AQ$3=$AL$3,IF(S54="",AQ54*E54,AQ54*S54),""))))))))))) -> 1563559.8 | AT54: Evaluar rendimiento considerado en la partida de colocación de roca
B55: 1.5.2.8 | C55: COLOCACION Y ACOMODO DE ROCA EN TALUD DE DIQUE | D55: m3 | E55: 20023.128 | I55: =IF(H55="","",+H55*G55) | K55: 20023.128 | T55: 108.28 | U55: 2168104.5 | W55: =IF(K55="",IF(V55="","",E55*V55),K55*V55) -> 0 | Y55: =IF(L55="",IF(X55="","",E55*X55),L55*X55) | AA55: =IF(M55="",IF(Z55="","",E55*Z55),M55*Z55) | AC55: =IF(N55="",IF(AB55="","",E55*AB55),N55*AB55) | AE55: =IF(O55="",IF(AD55="","",E55*AD55),O55*AD55) | AG55: =IF(P55="",IF(AF55="","",E55*AF55),P55*AF55) | AI55: =IF(Q55="",IF(AH55="","",E55*AH55),Q55*AH55) | AK55: =IF(R55="",IF(AJ55="","",E55*AJ55),R55*AJ55) | AM55: =IF(S55="",IF(AL55="","",E55*AL55),S55*AL55) | AN55: =IF(AND(T55="",V55="",Z55="",AB55="",X55="",AD55="",AF55="",AH55="",AJ55="",AL55=""),"",MIN(T55,V55,Z55,AB55,X55,AD55,AF55,AH55,AJ55,AL55)) -> 108.28 | AO55: =IF(AN55="","",IF(AP55=$T$3,IF(J55="",+AN55*E55,AN55*J55),IF(AP55=$V$3,IF(K55="",AN55*E55,AN55*K55),IF(AP55=$X$3,IF(L55="",AN55*E55,AN55*L55),IF(AP55=$Z$3,IF(M55="",AN55*E55,AN55*M55),IF(AP55=$AB$3,IF(N55="",AN55*E55,AN55*N55),IF(AP55=$AD$3,IF(O55="",AN55*E55,AN55*O55),IF(AP55=$AF$3,IF(P55="",AN55*E55,AN55*P55),IF(AP55=$AH$3,IF(Q55="",AN55*E55,AN55*Q55),IF(AP55=$AJ$3,IF(R55="",AN55*E55,AN55*R55),IF(AP55=$AL$3,IF(S55="",AN55*E55,AN55*S55),""))))))))))) -> 2168104.3 | AP55: =IF(AN55="","",IF(AN55=T55,$T$3,IF(AN55=V55,$V$3,IF(AN55=X55,$X$3,IF(AN55=Z55,$Z$3,IF(AN55=AB55,$AB$3,IF(AN55=AD55,$AD$3,IF(AN55=AF55,$AF$3,IF(AN55=AH55,$AH$3,IF(AN55=AJ55,$AJ$3,IF(AN55=AL55,$AL$3,""))))))))))) -> CONSORCIO CHAQUICOCHA S.R.L. | AQ55: =IF($AQ$3="","",IF($AQ$3=$T$3,T55,IF($AQ$3=$V$3,V55,IF($AQ$3=$X$3,X55,IF($AQ$3=$Z$3,Z55,IF($AQ$3=$AB$3,AB55,IF($AQ$3=$AD$3,AD55,IF($AQ$3=$AF$3,AF55,IF($AQ$3=$AH$3,AH55,IF($AQ$3=$AJ$3,AJ55,IF($AQ$3=$AL$3,AL55,""))))))))))) -> 108.28 | AR55: =IF(AQ55="","",IF($AQ$3=$T$3,IF(J55="",AQ55*E55,AQ55*J55),IF($AQ$3=$V$3,IF(K55="",AQ55*E55,AQ55*K55),IF($AQ$3=$X$3,IF(L55="",AQ55*E55,AQ55*L55),IF($AQ$3=$Z$3,IF(M55="",AQ55*E55,AQ55*M55),IF($AQ$3=$AB$3,IF(N55="",AQ55*E55,AQ55*N55),IF($AQ$3=$AD$3,IF(O55="",AQ55*E55,AQ55*O55),IF($AQ$3=$AF$3,IF(P55="",AQ55*E55,AQ55*P55),IF($AQ$3=$AH$3,IF(Q55="",AQ55*E55,AQ55*Q55),IF($AQ$3=$AJ$3,IF(R55="",AQ55*E55,AQ55*R55),IF($AQ$3=$AL$3,IF(S55="",AQ55*E55,AQ55*S55),""))))))))))) -> 2168104.3 | AT55: Evaluar rendimiento considerado en la partida de colocación de roca
B56: 1.5.2.9 | C56: PREPARACIÓN DE FUNDACIÓN DE CUERPO DE DIQUE | D56: m2 | E56: 10381.59 | I56: =IF(H56="","",+H56*G56) | K56: 10381.59 | T56: 2.36 | U56: 24500.552 | W56: =IF(K56="",IF(V56="","",E56*V56),K56*V56) -> 0 | Y56: =IF(L56="",IF(X56="","",E56*X56),L56*X56) | AA56: =IF(M56="",IF(Z56="","",E56*Z56),M56*Z56) | AC56: =IF(N56="",IF(AB56="","",E56*AB56),N56*AB56) | AE56: =IF(O56="",IF(AD56="","",E56*AD56),O56*AD56) | AG56: =IF(P56="",IF(AF56="","",E56*AF56),P56*AF56) | AI56: =IF(Q56="",IF(AH56="","",E56*AH56),Q56*AH56) | AK56: =IF(R56="",IF(AJ56="","",E56*AJ56),R56*AJ56) | AM56: =IF(S56="",IF(AL56="","",E56*AL56),S56*AL56) | AN56: =IF(AND(T56="",V56="",Z56="",AB56="",X56="",AD56="",AF56="",AH56="",AJ56="",AL56=""),"",MIN(T56,V56,Z56,AB56,X56,AD56,AF56,AH56,AJ56,AL56)) -> 2.36 | AO56: =IF(AN56="","",IF(AP56=$T$3,IF(J56="",+AN56*E56,AN56*J56),IF(AP56=$V$3,IF(K56="",AN56*E56,AN56*K56),IF(AP56=$X$3,IF(L56="",AN56*E56,AN56*L56),IF(AP56=$Z$3,IF(M56="",AN56*E56,AN56*M56),IF(AP56=$AB$3,IF(N56="",AN56*E56,AN56*N56),IF(AP56=$AD$3,IF(O56="",AN56*E56,AN56*O56),IF(AP56=$AF$3,IF(P56="",AN56*E56,AN56*P56),IF(AP56=$AH$3,IF(Q56="",AN56*E56,AN56*Q56),IF(AP56=$AJ$3,IF(R56="",AN56*E56,AN56*R56),IF(AP56=$AL$3,IF(S56="",AN56*E56,AN56*S56),""))))))))))) -> 24500.552 | AP56: =IF(AN56="","",IF(AN56=T56,$T$3,IF(AN56=V56,$V$3,IF(AN56=X56,$X$3,IF(AN56=Z56,$Z$3,IF(AN56=AB56,$AB$3,IF(AN56=AD56,$AD$3,IF(AN56=AF56,$AF$3,IF(AN56=AH56,$AH$3,IF(AN56=AJ56,$AJ$3,IF(AN56=AL56,$AL$3,""))))))))))) -> CONSORCIO CHAQUICOCHA S.R.L. | AQ56: =IF($AQ$3="","",IF($AQ$3=$T$3,T56,IF($AQ$3=$V$3,V56,IF($AQ$3=$X$3,X56,IF($AQ$3=$Z$3,Z56,IF($AQ$3=$AB$3,AB56,IF($AQ$3=$AD$3,AD56,IF($AQ$3=$AF$3,AF56,IF($AQ$3=$AH$3,AH56,IF($AQ$3=$AJ$3,AJ56,IF($AQ$3=$AL$3,AL56,""))))))))))) -> 2.36 | AR56: =IF(AQ56="","",IF($AQ$3=$T$3,IF(J56="",AQ56*E56,AQ56*J56),IF($AQ$3=$V$3,IF(K56="",AQ56*E56,AQ56*K56),IF($AQ$3=$X$3,IF(L56="",AQ56*E56,AQ56*L56),IF($AQ$3=$Z$3,IF(M56="",AQ56*E56,AQ56*M56),IF($AQ$3=$AB$3,IF(N56="",AQ56*E56,AQ56*N56),IF($AQ$3=$AD$3,IF(O56="",AQ56*E56,AQ56*O56),IF($AQ$3=$AF$3,IF(P56="",AQ56*E56,AQ56*P56),IF($AQ$3=$AH$3,IF(Q56="",AQ56*E56,AQ56*Q56),IF($AQ$3=$AJ$3,IF(R56="",AQ56*E56,AQ56*R56),IF($AQ$3=$AL$3,IF(S56="",AQ56*E56,AQ56*S56),""))))))))))) -> 24500.552
B57: 1.5.3 | C57: DIQUE DE TIERRA COMPACTADA A3-I-01 | I57: =IF(H57="","",+H57*G57) | W57: =IF(K57="",IF(V57="","",E57*V57),K57*V57) | Y57: =IF(L57="",IF(X57="","",E57*X57),L57*X57) | AA57: =IF(M57="",IF(Z57="","",E57*Z57),M57*Z57) | AC57: =IF(N57="",IF(AB57="","",E57*AB57),N57*AB57) | AE57: =IF(O57="",IF(AD57="","",E57*AD57),O57*AD57) | AG57: =IF(P57="",IF(AF57="","",E57*AF57),P57*AF57) | AI57: =IF(Q57="",IF(AH57="","",E57*AH57),Q57*AH57) | AK57: =IF(R57="",IF(AJ57="","",E57*AJ57),R57*AJ57) | AM57: =IF(S57="",IF(AL57="","",E57*AL57),S57*AL57) | AN57: =IF(AND(T57="",V57="",Z57="",AB57="",X57="",AD57="",AF57="",AH57="",AJ57="",AL57=""),"",MIN(T57,V57,Z57,AB57,X57,AD57,AF57,AH57,AJ57,AL57)) | AO57: =IF(AN57="","",IF(AP57=$T$3,IF(J57="",+AN57*E57,AN57*J57),IF(AP57=$V$3,IF(K57="",AN57*E57,AN57*K57),IF(AP57=$X$3,IF(L57="",AN57*E57,AN57*L57),IF(AP57=$Z$3,IF(M57="",AN57*E57,AN57*M57),IF(AP57=$AB$3,IF(N57="",AN57*E57,AN57*N57),IF(AP57=$AD$3,IF(O57="",AN57*E57,AN57*O57),IF(AP57=$AF$3,IF(P57="",AN57*E57,AN57*P57),IF(AP57=$AH$3,IF(Q57="",AN57*E57,AN57*Q57),IF(AP57=$AJ$3,IF(R57="",AN57*E57,AN57*R57),IF(AP57=$AL$3,IF(S57="",AN57*E57,AN57*S57),""))))))))))) | AP57: =IF(AN57="","",IF(AN57=T57,$T$3,IF(AN57=V57,$V$3,IF(AN57=X57,$X$3,IF(AN57=Z57,$Z$3,IF(AN57=AB57,$AB$3,IF(AN57=AD57,$AD$3,IF(AN57=AF57,$AF$3,IF(AN57=AH57,$AH$3,IF(AN57=AJ57,$AJ$3,IF(AN57=AL57,$AL$3,"")))))))))))
B58: 1.5.3.1 | C58: EXCAVACIÓN EN TERRENO NATURAL CON EQUIPO | D58: m3 | E58: 13764.453 | I58: =IF(H58="","",+H58*G58) | K58: 13764.453 | T58: 6.54 | U58: 90019.503 | W58: =IF(K58="",IF(V58="","",E58*V58),K58*V58) -> 0 | Y58: =IF(L58="",IF(X58="","",E58*X58),L58*X58) | AA58: =IF(M58="",IF(Z58="","",E58*Z58),M58*Z58) | AC58: =IF(N58="",IF(AB58="","",E58*AB58),N58*AB58) | AE58: =IF(O58="",IF(AD58="","",E58*AD58),O58*AD58) | AG58: =IF(P58="",IF(AF58="","",E58*AF58),P58*AF58) | AI58: =IF(Q58="",IF(AH58="","",E58*AH58),Q58*AH58) | AK58: =IF(R58="",IF(AJ58="","",E58*AJ58),R58*AJ58) | AM58: =IF(S58="",IF(AL58="","",E58*AL58),S58*AL58) | AN58: =IF(AND(T58="",V58="",Z58="",AB58="",X58="",AD58="",AF58="",AH58="",AJ58="",AL58=""),"",MIN(T58,V58,Z58,AB58,X58,AD58,AF58,AH58,AJ58,AL58)) -> 6.54 | AO58: =IF(AN58="","",IF(AP58=$T$3,IF(J58="",+AN58*E58,AN58*J58),IF(AP58=$V$3,IF(K58="",AN58*E58,AN58*K58),IF(AP58=$X$3,IF(L58="",AN58*E58,AN58*L58),IF(AP58=$Z$3,IF(M58="",AN58*E58,AN58*M58),IF(AP58=$AB$3,IF(N58="",AN58*E58,AN58*N58),IF(AP58=$AD$3,IF(O58="",AN58*E58,AN58*O58),IF(AP58=$AF$3,IF(P58="",AN58*E58,AN58*P58),IF(AP58=$AH$3,IF(Q58="",AN58*E58,AN58*Q58),IF(AP58=$AJ$3,IF(R58="",AN58*E58,AN58*R58),IF(AP58=$AL$3,IF(S58="",AN58*E58,AN58*S58),""))))))))))) -> 90019.526 | AP58: =IF(AN58="","",IF(AN58=T58,$T$3,IF(AN58=V58,$V$3,IF(AN58=X58,$X$3,IF(AN58=Z58,$Z$3,IF(AN58=AB58,$AB$3,IF(AN58=AD58,$AD$3,IF(AN58=AF58,$AF$3,IF(AN58=AH58,$AH$3,IF(AN58=AJ58,$AJ$3,IF(AN58=AL58,$AL$3,""))))))))))) -> CONSORCIO CHAQUICOCHA S.R.L. | AQ58: =IF($AQ$3="","",IF($AQ$3=$T$3,T58,IF($AQ$3=$V$3,V58,IF($AQ$3=$X$3,X58,IF($AQ$3=$Z$3,Z58,IF($AQ$3=$AB$3,AB58,IF($AQ$3=$AD$3,AD58,IF($AQ$3=$AF$3,AF58,IF($AQ$3=$AH$3,AH58,IF($AQ$3=$AJ$3,AJ58,IF($AQ$3=$AL$3,AL58,""))))))))))) -> 6.54 | AR58: =IF(AQ58="","",IF($AQ$3=$T$3,IF(J58="",AQ58*E58,AQ58*J58),IF($AQ$3=$V$3,IF(K58="",AQ58*E58,AQ58*K58),IF($AQ$3=$X$3,IF(L58="",AQ58*E58,AQ58*L58),IF($AQ$3=$Z$3,IF(M58="",AQ58*E58,AQ58*M58),IF($AQ$3=$AB$3,IF(N58="",AQ58*E58,AQ58*N58),IF($AQ$3=$AD$3,IF(O58="",AQ58*E58,AQ58*O58),IF($AQ$3=$AF$3,IF(P58="",AQ58*E58,AQ58*P58),IF($AQ$3=$AH$3,IF(Q58="",AQ58*E58,AQ58*Q58),IF($AQ$3=$AJ$3,IF(R58="",AQ58*E58,AQ58*R58),IF($AQ$3=$AL$3,IF(S58="",AQ58*E58,AQ58*S58),""))))))))))) -> 90019.526
B59: 1.5.3.2 | C59: EXCAVACIÓN DE UÑA CON EQUIPO | D59: m3 | E59: 2275.5425 | I59: =IF(H59="","",+H59*G59) | K59: 2275.5425 | T59: 6.72 | U59: 15291.629 | W59: =IF(K59="",IF(V59="","",E59*V59),K59*V59) -> 0 | Y59: =IF(L59="",IF(X59="","",E59*X59),L59*X59) | AA59: =IF(M59="",IF(Z59="","",E59*Z59),M59*Z59) | AC59: =IF(N59="",IF(AB59="","",E59*AB59),N59*AB59) | AE59: =IF(O59="",IF(AD59="","",E59*AD59),O59*AD59) | AG59: =IF(P59="",IF(AF59="","",E59*AF59),P59*AF59) | AI59: =IF(Q59="",IF(AH59="","",E59*AH59),Q59*AH59) | AK59: =IF(R59="",IF(AJ59="","",E59*AJ59),R59*AJ59) | AM59: =IF(S59="",IF(AL59="","",E59*AL59),S59*AL59) | AN59: =IF(AND(T59="",V59="",Z59="",AB59="",X59="",AD59="",AF59="",AH59="",AJ59="",AL59=""),"",MIN(T59,V59,Z59,AB59,X59,AD59,AF59,AH59,AJ59,AL59)) -> 6.72 | AO59: =IF(AN59="","",IF(AP59=$T$3,IF(J59="",+AN59*E59,AN59*J59),IF(AP59=$V$3,IF(K59="",AN59*E59,AN59*K59),IF(AP59=$X$3,IF(L59="",AN59*E59,AN59*L59),IF(AP59=$Z$3,IF(M59="",AN59*E59,AN59*M59),IF(AP59=$AB$3,IF(N59="",AN59*E59,AN59*N59),IF(AP59=$AD$3,IF(O59="",AN59*E59,AN59*O59),IF(AP59=$AF$3,IF(P59="",AN59*E59,AN59*P59),IF(AP59=$AH$3,IF(Q59="",AN59*E59,AN59*Q59),IF(AP59=$AJ$3,IF(R59="",AN59*E59,AN59*R59),IF(AP59=$AL$3,IF(S59="",AN59*E59,AN59*S59),""))))))))))) -> 15291.646 | AP59: =IF(AN59="","",IF(AN59=T59,$T$3,IF(AN59=V59,$V$3,IF(AN59=X59,$X$3,IF(AN59=Z59,$Z$3,IF(AN59=AB59,$AB$3,IF(AN59=AD59,$AD$3,IF(AN59=AF59,$AF$3,IF(AN59=AH59,$AH$3,IF(AN59=AJ59,$AJ$3,IF(AN59=AL59,$AL$3,""))))))))))) -> CONSORCIO CHAQUICOCHA S.R.L. | AQ59: =IF($AQ$3="","",IF($AQ$3=$T$3,T59,IF($AQ$3=$V$3,V59,IF($AQ$3=$X$3,X59,IF($AQ$3=$Z$3,Z59,IF($AQ$3=$AB$3,AB59,IF($AQ$3=$AD$3,AD59,IF($AQ$3=$AF$3,AF59,IF($AQ$3=$AH$3,AH59,IF($AQ$3=$AJ$3,AJ59,IF($AQ$3=$AL$3,AL59,""))))))))))) -> 6.72 | AR59: =IF(AQ59="","",IF($AQ$3=$T$3,IF(J59="",AQ59*E59,AQ59*J59),IF($AQ$3=$V$3,IF(K59="",AQ59*E59,AQ59*K59),IF($AQ$3=$X$3,IF(L59="",AQ59*E59,AQ59*L59),IF($AQ$3=$Z$3,IF(M59="",AQ59*E59,AQ59*M59),IF($AQ$3=$AB$3,IF(N59="",AQ59*E59,AQ59*N59),IF($AQ$3=$AD$3,IF(O59="",AQ59*E59,AQ59*O59),IF($AQ$3=$AF$3,IF(P59="",AQ59*E59,AQ59*P59),IF($AQ$3=$AH$3,IF(Q59="",AQ59*E59,AQ59*Q59),IF($AQ$3=$AJ$3,IF(R59="",AQ59*E59,AQ59*R59),IF($AQ$3=$AL$3,IF(S59="",AQ59*E59,AQ59*S59),""))))))))))) -> 15291.646
B60: 1.5.3.3 | C60: PERFILADO Y COMPACTACIÓN EN ZONA DE CORTE | D60: m2 | E60: 9800.3891 | I60: =IF(H60="","",+H60*G60) | K60: 9800.3891 | T60: 2.66 | U60: 26069.037 | W60: =IF(K60="",IF(V60="","",E60*V60),K60*V60) -> 0 | Y60: =IF(L60="",IF(X60="","",E60*X60),L60*X60) | AA60: =IF(M60="",IF(Z60="","",E60*Z60),M60*Z60) | AC60: =IF(N60="",IF(AB60="","",E60*AB60),N60*AB60) | AE60: =IF(O60="",IF(AD60="","",E60*AD60),O60*AD60) | AG60: =IF(P60="",IF(AF60="","",E60*AF60),P60*AF60) | AI60: =IF(Q60="",IF(AH60="","",E60*AH60),Q60*AH60) | AK60: =IF(R60="",IF(AJ60="","",E60*AJ60),R60*AJ60) | AM60: =IF(S60="",IF(AL60="","",E60*AL60),S60*AL60) | AN60: =IF(AND(T60="",V60="",Z60="",AB60="",X60="",AD60="",AF60="",AH60="",AJ60="",AL60=""),"",MIN(T60,V60,Z60,AB60,X60,AD60,AF60,AH60,AJ60,AL60)) -> 2.66 | AO60: =IF(AN60="","",IF(AP60=$T$3,IF(J60="",+AN60*E60,AN60*J60),IF(AP60=$V$3,IF(K60="",AN60*E60,AN60*K60),IF(AP60=$X$3,IF(L60="",AN60*E60,AN60*L60),IF(AP60=$Z$3,IF(M60="",AN60*E60,AN60*M60),IF(AP60=$AB$3,IF(N60="",AN60*E60,AN60*N60),IF(AP60=$AD$3,IF(O60="",AN60*E60,AN60*O60),IF(AP60=$AF$3,IF(P60="",AN60*E60,AN60*P60),IF(AP60=$AH$3,IF(Q60="",AN60*E60,AN60*Q60),IF(AP60=$AJ$3,IF(R60="",AN60*E60,AN60*R60),IF(AP60=$AL$3,IF(S60="",AN60*E60,AN60*S60),""))))))))))) -> 26069.035 | AP60: =IF(AN60="","",IF(AN60=T60,$T$3,IF(AN60=V60,$V$3,IF(AN60=X60,$X$3,IF(AN60=Z60,$Z$3,IF(AN60=AB60,$AB$3,IF(AN60=AD60,$AD$3,IF(AN60=AF60,$AF$3,IF(AN60=AH60,$AH$3,IF(AN60=AJ60,$AJ$3,IF(AN60=AL60,$AL$3,""))))))))))) -> CONSORCIO CHAQUICOCHA S.R.L. | AQ60: =IF($AQ$3="","",IF($AQ$3=$T$3,T60,IF($AQ$3=$V$3,V60,IF($AQ$3=$X$3,X60,IF($AQ$3=$Z$3,Z60,IF($AQ$3=$AB$3,AB60,IF($AQ$3=$AD$3,AD60,IF($AQ$3=$AF$3,AF60,IF($AQ$3=$AH$3,AH60,IF($AQ$3=$AJ$3,AJ60,IF($AQ$3=$AL$3,AL60,""))))))))))) -> 2.66 | AR60: =IF(AQ60="","",IF($AQ$3=$T$3,IF(J60="",AQ60*E60,AQ60*J60),IF($AQ$3=$V$3,IF(K60="",AQ60*E60,AQ60*K60),IF($AQ$3=$X$3,IF(L60="",AQ60*E60,AQ60*L60),IF($AQ$3=$Z$3,IF(M60="",AQ60*E60,AQ60*M60),IF($AQ$3=$AB$3,IF(N60="",AQ60*E60,AQ60*N60),IF($AQ$3=$AD$3,IF(O60="",AQ60*E60,AQ60*O60),IF($AQ$3=$AF$3,IF(P60="",AQ60*E60,AQ60*P60),IF($AQ$3=$AH$3,IF(Q60="",AQ60*E60,AQ60*Q60),IF($AQ$3=$AJ$3,IF(R60="",AQ60*E60,AQ60*R60),IF($AQ$3=$AL$3,IF(S60="",AQ60*E60,AQ60*S60),""))))))))))) -> 26069.035 | AT60: Verificar posibilidad de mejora en rendimiento
B61: 1.5.3.4 | C61: CONFORMACIÓN DE CUERPO DE DIQUE CON MATERIAL PROPIO | D61: m3 | E61: 2793.1 | I61: =IF(H61="","",+H61*G61) | K61: 2793.1 | T61: 36.36 | U61: 101557.12 | W61: =IF(K61="",IF(V61="","",E61*V61),K61*V61) -> 0 | Y61: =IF(L61="",IF(X61="","",E61*X61),L61*X61) | AA61: =IF(M61="",IF(Z61="","",E61*Z61),M61*Z61) | AC61: =IF(N61="",IF(AB61="","",E61*AB61),N61*AB61) | AE61: =IF(O61="",IF(AD61="","",E61*AD61),O61*AD61) | AG61: =IF(P61="",IF(AF61="","",E61*AF61),P61*AF61) | AI61: =IF(Q61="",IF(AH61="","",E61*AH61),Q61*AH61) | AK61: =IF(R61="",IF(AJ61="","",E61*AJ61),R61*AJ61) | AM61: =IF(S61="",IF(AL61="","",E61*AL61),S61*AL61) | AN61: =IF(AND(T61="",V61="",Z61="",AB61="",X61="",AD61="",AF61="",AH61="",AJ61="",AL61=""),"",MIN(T61,V61,Z61,AB61,X61,AD61,AF61,AH61,AJ61,AL61)) -> 36.36 | AO61: =IF(AN61="","",IF(AP61=$T$3,IF(J61="",+AN61*E61,AN61*J61),IF(AP61=$V$3,IF(K61="",AN61*E61,AN61*K61),IF(AP61=$X$3,IF(L61="",AN61*E61,AN61*L61),IF(AP61=$Z$3,IF(M61="",AN61*E61,AN61*M61),IF(AP61=$AB$3,IF(N61="",AN61*E61,AN61*N61),IF(AP61=$AD$3,IF(O61="",AN61*E61,AN61*O61),IF(AP61=$AF$3,IF(P61="",AN61*E61,AN61*P61),IF(AP61=$AH$3,IF(Q61="",AN61*E61,AN61*Q61),IF(AP61=$AJ$3,IF(R61="",AN61*E61,AN61*R61),IF(AP61=$AL$3,IF(S61="",AN61*E61,AN61*S61),""))))))))))) -> 101557.12 | AP61: =IF(AN61="","",IF(AN61=T61,$T$3,IF(AN61=V61,$V$3,IF(AN61=X61,$X$3,IF(AN61=Z61,$Z$3,IF(AN61=AB61,$AB$3,IF(AN61=AD61,$AD$3,IF(AN61=AF61,$AF$3,IF(AN61=AH61,$AH$3,IF(AN61=AJ61,$AJ$3,IF(AN61=AL61,$AL$3,""))))))))))) -> CONSORCIO CHAQUICOCHA S.R.L. | AQ61: =IF($AQ$3="","",IF($AQ$3=$T$3,T61,IF($AQ$3=$V$3,V61,IF($AQ$3=$X$3,X61,IF($AQ$3=$Z$3,Z61,IF($AQ$3=$AB$3,AB61,IF($AQ$3=$AD$3,AD61,IF($AQ$3=$AF$3,AF61,IF($AQ$3=$AH$3,AH61,IF($AQ$3=$AJ$3,AJ61,IF($AQ$3=$AL$3,AL61,""))))))))))) -> 36.36 | AR61: =IF(AQ61="","",IF($AQ$3=$T$3,IF(J61="",AQ61*E61,AQ61*J61),IF($AQ$3=$V$3,IF(K61="",AQ61*E61,AQ61*K61),IF($AQ$3=$X$3,IF(L61="",AQ61*E61,AQ61*L61),IF($AQ$3=$Z$3,IF(M61="",AQ61*E61,AQ61*M61),IF($AQ$3=$AB$3,IF(N61="",AQ61*E61,AQ61*N61),IF($AQ$3=$AD$3,IF(O61="",AQ61*E61,AQ61*O61),IF($AQ$3=$AF$3,IF(P61="",AQ61*E61,AQ61*P61),IF($AQ$3=$AH$3,IF(Q61="",AQ61*E61,AQ61*Q61),IF($AQ$3=$AJ$3,IF(R61="",AQ61*E61,AQ61*R61),IF($AQ$3=$AL$3,IF(S61="",AQ61*E61,AQ61*S61),""))))))))))) -> 101557.12
B62: 1.5.3.5 | C62: CONFORMACIÓN DE CORONA DE DIQUE CON MATERIAL PROPIO | D62: m3 | E62: 979.3146 | I62: =IF(H62="","",+H62*G62) | K62: 979.3146 | T62: 38.95 | U62: 38144.124 | W62: =IF(K62="",IF(V62="","",E62*V62),K62*V62) -> 0 | Y62: =IF(L62="",IF(X62="","",E62*X62),L62*X62) | AA62: =IF(M62="",IF(Z62="","",E62*Z62),M62*Z62) | AC62: =IF(N62="",IF(AB62="","",E62*AB62),N62*AB62) | AE62: =IF(O62="",IF(AD62="","",E62*AD62),O62*AD62) | AG62: =IF(P62="",IF(AF62="","",E62*AF62),P62*AF62) | AI62: =IF(Q62="",IF(AH62="","",E62*AH62),Q62*AH62) | AK62: =IF(R62="",IF(AJ62="","",E62*AJ62),R62*AJ62) | AM62: =IF(S62="",IF(AL62="","",E62*AL62),S62*AL62) | AN62: =IF(AND(T62="",V62="",Z62="",AB62="",X62="",AD62="",AF62="",AH62="",AJ62="",AL62=""),"",MIN(T62,V62,Z62,AB62,X62,AD62,AF62,AH62,AJ62,AL62)) -> 38.95 | AO62: =IF(AN62="","",IF(AP62=$T$3,IF(J62="",+AN62*E62,AN62*J62),IF(AP62=$V$3,IF(K62="",AN62*E62,AN62*K62),IF(AP62=$X$3,IF(L62="",AN62*E62,AN62*L62),IF(AP62=$Z$3,IF(M62="",AN62*E62,AN62*M62),IF(AP62=$AB$3,IF(N62="",AN62*E62,AN62*N62),IF(AP62=$AD$3,IF(O62="",AN62*E62,AN62*O62),IF(AP62=$AF$3,IF(P62="",AN62*E62,AN62*P62),IF(AP62=$AH$3,IF(Q62="",AN62*E62,AN62*Q62),IF(AP62=$AJ$3,IF(R62="",AN62*E62,AN62*R62),IF(AP62=$AL$3,IF(S62="",AN62*E62,AN62*S62),""))))))))))) -> 38144.304 | AP62: =IF(AN62="","",IF(AN62=T62,$T$3,IF(AN62=V62,$V$3,IF(AN62=X62,$X$3,IF(AN62=Z62,$Z$3,IF(AN62=AB62,$AB$3,IF(AN62=AD62,$AD$3,IF(AN62=AF62,$AF$3,IF(AN62=AH62,$AH$3,IF(AN62=AJ62,$AJ$3,IF(AN62=AL62,$AL$3,""))))))))))) -> CONSORCIO CHAQUICOCHA S.R.L. | AQ62: =IF($AQ$3="","",IF($AQ$3=$T$3,T62,IF($AQ$3=$V$3,V62,IF($AQ$3=$X$3,X62,IF($AQ$3=$Z$3,Z62,IF($AQ$3=$AB$3,AB62,IF($AQ$3=$AD$3,AD62,IF($AQ$3=$AF$3,AF62,IF($AQ$3=$AH$3,AH62,IF($AQ$3=$AJ$3,AJ62,IF($AQ$3=$AL$3,AL62,""))))))))))) -> 38.95 | AR62: =IF(AQ62="","",IF($AQ$3=$T$3,IF(J62="",AQ62*E62,AQ62*J62),IF($AQ$3=$V$3,IF(K62="",AQ62*E62,AQ62*K62),IF($AQ$3=$X$3,IF(L62="",AQ62*E62,AQ62*L62),IF($AQ$3=$Z$3,IF(M62="",AQ62*E62,AQ62*M62),IF($AQ$3=$AB$3,IF(N62="",AQ62*E62,AQ62*N62),IF($AQ$3=$AD$3,IF(O62="",AQ62*E62,AQ62*O62),IF($AQ$3=$AF$3,IF(P62="",AQ62*E62,AQ62*P62),IF($AQ$3=$AH$3,IF(Q62="",AQ62*E62,AQ62*Q62),IF($AQ$3=$AJ$3,IF(R62="",AQ62*E62,AQ62*R62),IF($AQ$3=$AL$3,IF(S62="",AQ62*E62,AQ62*S62),""))))))))))) -> 38144.304
B63: 1.5.3.6 | C63: GEOTEXTIL NO TEJIDO 400 G/M2, INC. COLOCACIÓN | D63: m2 | E63: 5276.5788 | I63: =IF(H63="","",+H63*G63) | K63: 5276.5788 | T63: 12.47 | U63: 65798.953 | W63: =IF(K63="",IF(V63="","",E63*V63),K63*V63) -> 0 | Y63: =IF(L63="",IF(X63="","",E63*X63),L63*X63) | AA63: =IF(M63="",IF(Z63="","",E63*Z63),M63*Z63) | AC63: =IF(N63="",IF(AB63="","",E63*AB63),N63*AB63) | AE63: =IF(O63="",IF(AD63="","",E63*AD63),O63*AD63) | AG63: =IF(P63="",IF(AF63="","",E63*AF63),P63*AF63) | AI63: =IF(Q63="",IF(AH63="","",E63*AH63),Q63*AH63) | AK63: =IF(R63="",IF(AJ63="","",E63*AJ63),R63*AJ63) | AM63: =IF(S63="",IF(AL63="","",E63*AL63),S63*AL63) | AN63: =IF(AND(T63="",V63="",Z63="",AB63="",X63="",AD63="",AF63="",AH63="",AJ63="",AL63=""),"",MIN(T63,V63,Z63,AB63,X63,AD63,AF63,AH63,AJ63,AL63)) -> 12.47 | AO63: =IF(AN63="","",IF(AP63=$T$3,IF(J63="",+AN63*E63,AN63*J63),IF(AP63=$V$3,IF(K63="",AN63*E63,AN63*K63),IF(AP63=$X$3,IF(L63="",AN63*E63,AN63*L63),IF(AP63=$Z$3,IF(M63="",AN63*E63,AN63*M63),IF(AP63=$AB$3,IF(N63="",AN63*E63,AN63*N63),IF(AP63=$AD$3,IF(O63="",AN63*E63,AN63*O63),IF(AP63=$AF$3,IF(P63="",AN63*E63,AN63*P63),IF(AP63=$AH$3,IF(Q63="",AN63*E63,AN63*Q63),IF(AP63=$AJ$3,IF(R63="",AN63*E63,AN63*R63),IF(AP63=$AL$3,IF(S63="",AN63*E63,AN63*S63),""))))))))))) -> 65798.937 | AP63: =IF(AN63="","",IF(AN63=T63,$T$3,IF(AN63=V63,$V$3,IF(AN63=X63,$X$3,IF(AN63=Z63,$Z$3,IF(AN63=AB63,$AB$3,IF(AN63=AD63,$AD$3,IF(AN63=AF63,$AF$3,IF(AN63=AH63,$AH$3,IF(AN63=AJ63,$AJ$3,IF(AN63=AL63,$AL$3,""))))))))))) -> CONSORCIO CHAQUICOCHA S.R.L. | AQ63: =IF($AQ$3="","",IF($AQ$3=$T$3,T63,IF($AQ$3=$V$3,V63,IF($AQ$3=$X$3,X63,IF($AQ$3=$Z$3,Z63,IF($AQ$3=$AB$3,AB63,IF($AQ$3=$AD$3,AD63,IF($AQ$3=$AF$3,AF63,IF($AQ$3=$AH$3,AH63,IF($AQ$3=$AJ$3,AJ63,IF($AQ$3=$AL$3,AL63,""))))))))))) -> 12.47 | AR63: =IF(AQ63="","",IF($AQ$3=$T$3,IF(J63="",AQ63*E63,AQ63*J63),IF($AQ$3=$V$3,IF(K63="",AQ63*E63,AQ63*K63),IF($AQ$3=$X$3,IF(L63="",AQ63*E63,AQ63*L63),IF($AQ$3=$Z$3,IF(M63="",AQ63*E63,AQ63*M63),IF($AQ$3=$AB$3,IF(N63="",AQ63*E63,AQ63*N63),IF($AQ$3=$AD$3,IF(O63="",AQ63*E63,AQ63*O63),IF($AQ$3=$AF$3,IF(P63="",AQ63*E63,AQ63*P63),IF($AQ$3=$AH$3,IF(Q63="",AQ63*E63,AQ63*Q63),IF($AQ$3=$AJ$3,IF(R63="",AQ63*E63,AQ63*R63),IF($AQ$3=$AL$3,IF(S63="",AQ63*E63,AQ63*S63),""))))))))))) -> 65798.937
B64: 1.5.3.7 | C64: COLOCACION Y ACOMODO DE ROCA EN UÑA DE DIQUE | D64: m3 | E64: 2275.5425 | I64: =IF(H64="","",+H64*G64) | K64: 2275.5425 | T64: 93.52 | U64: 212808.5 | W64: =IF(K64="",IF(V64="","",E64*V64),K64*V64) -> 0 | Y64: =IF(L64="",IF(X64="","",E64*X64),L64*X64) | AA64: =IF(M64="",IF(Z64="","",E64*Z64),M64*Z64) | AC64: =IF(N64="",IF(AB64="","",E64*AB64),N64*AB64) | AE64: =IF(O64="",IF(AD64="","",E64*AD64),O64*AD64) | AG64: =IF(P64="",IF(AF64="","",E64*AF64),P64*AF64) | AI64: =IF(Q64="",IF(AH64="","",E64*AH64),Q64*AH64) | AK64: =IF(R64="",IF(AJ64="","",E64*AJ64),R64*AJ64) | AM64: =IF(S64="",IF(AL64="","",E64*AL64),S64*AL64) | AN64: =IF(AND(T64="",V64="",Z64="",AB64="",X64="",AD64="",AF64="",AH64="",AJ64="",AL64=""),"",MIN(T64,V64,Z64,AB64,X64,AD64,AF64,AH64,AJ64,AL64)) -> 93.52 | AO64: =IF(AN64="","",IF(AP64=$T$3,IF(J64="",+AN64*E64,AN64*J64),IF(AP64=$V$3,IF(K64="",AN64*E64,AN64*K64),IF(AP64=$X$3,IF(L64="",AN64*E64,AN64*L64),IF(AP64=$Z$3,IF(M64="",AN64*E64,AN64*M64),IF(AP64=$AB$3,IF(N64="",AN64*E64,AN64*N64),IF(AP64=$AD$3,IF(O64="",AN64*E64,AN64*O64),IF(AP64=$AF$3,IF(P64="",AN64*E64,AN64*P64),IF(AP64=$AH$3,IF(Q64="",AN64*E64,AN64*Q64),IF(AP64=$AJ$3,IF(R64="",AN64*E64,AN64*R64),IF(AP64=$AL$3,IF(S64="",AN64*E64,AN64*S64),""))))))))))) -> 212808.73 | AP64: =IF(AN64="","",IF(AN64=T64,$T$3,IF(AN64=V64,$V$3,IF(AN64=X64,$X$3,IF(AN64=Z64,$Z$3,IF(AN64=AB64,$AB$3,IF(AN64=AD64,$AD$3,IF(AN64=AF64,$AF$3,IF(AN64=AH64,$AH$3,IF(AN64=AJ64,$AJ$3,IF(AN64=AL64,$AL$3,""))))))))))) -> CONSORCIO CHAQUICOCHA S.R.L. | AQ64: =IF($AQ$3="","",IF($AQ$3=$T$3,T64,IF($AQ$3=$V$3,V64,IF($AQ$3=$X$3,X64,IF($AQ$3=$Z$3,Z64,IF($AQ$3=$AB$3,AB64,IF($AQ$3=$AD$3,AD64,IF($AQ$3=$AF$3,AF64,IF($AQ$3=$AH$3,AH64,IF($AQ$3=$AJ$3,AJ64,IF($AQ$3=$AL$3,AL64,""))))))))))) -> 93.52 | AR64: =IF(AQ64="","",IF($AQ$3=$T$3,IF(J64="",AQ64*E64,AQ64*J64),IF($AQ$3=$V$3,IF(K64="",AQ64*E64,AQ64*K64),IF($AQ$3=$X$3,IF(L64="",AQ64*E64,AQ64*L64),IF($AQ$3=$Z$3,IF(M64="",AQ64*E64,AQ64*M64),IF($AQ$3=$AB$3,IF(N64="",AQ64*E64,AQ64*N64),IF($AQ$3=$AD$3,IF(O64="",AQ64*E64,AQ64*O64),IF($AQ$3=$AF$3,IF(P64="",AQ64*E64,AQ64*P64),IF($AQ$3=$AH$3,IF(Q64="",AQ64*E64,AQ64*Q64),IF($AQ$3=$AJ$3,IF(R64="",AQ64*E64,AQ64*R64),IF($AQ$3=$AL$3,IF(S64="",AQ64*E64,AQ64*S64),""))))))))))) -> 212808.73 | AT64: Evaluar rendimiento considerado en la partida de colocación de roca
B65: 1.5.3.8 | C65: COLOCACION Y ACOMODO DE ROCA EN TALUD DE DIQUE | D65: m3 | E65: 3426.2631 | I65: =IF(H65="","",+H65*G65) | K65: 3426.2631 | T65: 108.28 | U65: 370995.43 | W65: =IF(K65="",IF(V65="","",E65*V65),K65*V65) -> 0 | Y65: =IF(L65="",IF(X65="","",E65*X65),L65*X65) | AA65: =IF(M65="",IF(Z65="","",E65*Z65),M65*Z65) | AC65: =IF(N65="",IF(AB65="","",E65*AB65),N65*AB65) | AE65: =IF(O65="",IF(AD65="","",E65*AD65),O65*AD65) | AG65: =IF(P65="",IF(AF65="","",E65*AF65),P65*AF65) | AI65: =IF(Q65="",IF(AH65="","",E65*AH65),Q65*AH65) | AK65: =IF(R65="",IF(AJ65="","",E65*AJ65),R65*AJ65) | AM65: =IF(S65="",IF(AL65="","",E65*AL65),S65*AL65) | AN65: =IF(AND(T65="",V65="",Z65="",AB65="",X65="",AD65="",AF65="",AH65="",AJ65="",AL65=""),"",MIN(T65,V65,Z65,AB65,X65,AD65,AF65,AH65,AJ65,AL65)) -> 108.28 | AO65: =IF(AN65="","",IF(AP65=$T$3,IF(J65="",+AN65*E65,AN65*J65),IF(AP65=$V$3,IF(K65="",AN65*E65,AN65*K65),IF(AP65=$X$3,IF(L65="",AN65*E65,AN65*L65),IF(AP65=$Z$3,IF(M65="",AN65*E65,AN65*M65),IF(AP65=$AB$3,IF(N65="",AN65*E65,AN65*N65),IF(AP65=$AD$3,IF(O65="",AN65*E65,AN65*O65),IF(AP65=$AF$3,IF(P65="",AN65*E65,AN65*P65),IF(AP65=$AH$3,IF(Q65="",AN65*E65,AN65*Q65),IF(AP65=$AJ$3,IF(R65="",AN65*E65,AN65*R65),IF(AP65=$AL$3,IF(S65="",AN65*E65,AN65*S65),""))))))))))) -> 370995.77 | AP65: =IF(AN65="","",IF(AN65=T65,$T$3,IF(AN65=V65,$V$3,IF(AN65=X65,$X$3,IF(AN65=Z65,$Z$3,IF(AN65=AB65,$AB$3,IF(AN65=AD65,$AD$3,IF(AN65=AF65,$AF$3,IF(AN65=AH65,$AH$3,IF(AN65=AJ65,$AJ$3,IF(AN65=AL65,$AL$3,""))))))))))) -> CONSORCIO CHAQUICOCHA S.R.L. | AQ65: =IF($AQ$3="","",IF($AQ$3=$T$3,T65,IF($AQ$3=$V$3,V65,IF($AQ$3=$X$3,X65,IF($AQ$3=$Z$3,Z65,IF($AQ$3=$AB$3,AB65,IF($AQ$3=$AD$3,AD65,IF($AQ$3=$AF$3,AF65,IF($AQ$3=$AH$3,AH65,IF($AQ$3=$AJ$3,AJ65,IF($AQ$3=$AL$3,AL65,""))))))))))) -> 108.28 | AR65: =IF(AQ65="","",IF($AQ$3=$T$3,IF(J65="",AQ65*E65,AQ65*J65),IF($AQ$3=$V$3,IF(K65="",AQ65*E65,AQ65*K65),IF($AQ$3=$X$3,IF(L65="",AQ65*E65,AQ65*L65),IF($AQ$3=$Z$3,IF(M65="",AQ65*E65,AQ65*M65),IF($AQ$3=$AB$3,IF(N65="",AQ65*E65,AQ65*N65),IF($AQ$3=$AD$3,IF(O65="",AQ65*E65,AQ65*O65),IF($AQ$3=$AF$3,IF(P65="",AQ65*E65,AQ65*P65),IF($AQ$3=$AH$3,IF(Q65="",AQ65*E65,AQ65*Q65),IF($AQ$3=$AJ$3,IF(R65="",AQ65*E65,AQ65*R65),IF($AQ$3=$AL$3,IF(S65="",AQ65*E65,AQ65*S65),""))))))))))) -> 370995.77 | AT65: Evaluar rendimiento considerado en la partida de colocación de roca
B66: 1.5.3.9 | C66: PREPARACIÓN DE FUNDACIÓN DE CUERPO DE DIQUE | D66: m2 | E66: 3409.07 | I66: =IF(H66="","",+H66*G66) | K66: 3409.07 | T66: 2.36 | U66: 8045.4052 | W66: =IF(K66="",IF(V66="","",E66*V66),K66*V66) -> 0 | Y66: =IF(L66="",IF(X66="","",E66*X66),L66*X66) | AA66: =IF(M66="",IF(Z66="","",E66*Z66),M66*Z66) | AC66: =IF(N66="",IF(AB66="","",E66*AB66),N66*AB66) | AE66: =IF(O66="",IF(AD66="","",E66*AD66),O66*AD66) | AG66: =IF(P66="",IF(AF66="","",E66*AF66),P66*AF66) | AI66: =IF(Q66="",IF(AH66="","",E66*AH66),Q66*AH66) | AK66: =IF(R66="",IF(AJ66="","",E66*AJ66),R66*AJ66) | AM66: =IF(S66="",IF(AL66="","",E66*AL66),S66*AL66) | AN66: =IF(AND(T66="",V66="",Z66="",AB66="",X66="",AD66="",AF66="",AH66="",AJ66="",AL66=""),"",MIN(T66,V66,Z66,AB66,X66,AD66,AF66,AH66,AJ66,AL66)) -> 2.36 | AO66: =IF(AN66="","",IF(AP66=$T$3,IF(J66="",+AN66*E66,AN66*J66),IF(AP66=$V$3,IF(K66="",AN66*E66,AN66*K66),IF(AP66=$X$3,IF(L66="",AN66*E66,AN66*L66),IF(AP66=$Z$3,IF(M66="",AN66*E66,AN66*M66),IF(AP66=$AB$3,IF(N66="",AN66*E66,AN66*N66),IF(AP66=$AD$3,IF(O66="",AN66*E66,AN66*O66),IF(AP66=$AF$3,IF(P66="",AN66*E66,AN66*P66),IF(AP66=$AH$3,IF(Q66="",AN66*E66,AN66*Q66),IF(AP66=$AJ$3,IF(R66="",AN66*E66,AN66*R66),IF(AP66=$AL$3,IF(S66="",AN66*E66,AN66*S66),""))))))))))) -> 8045.4052 | AP66: =IF(AN66="","",IF(AN66=T66,$T$3,IF(AN66=V66,$V$3,IF(AN66=X66,$X$3,IF(AN66=Z66,$Z$3,IF(AN66=AB66,$AB$3,IF(AN66=AD66,$AD$3,IF(AN66=AF66,$AF$3,IF(AN66=AH66,$AH$3,IF(AN66=AJ66,$AJ$3,IF(AN66=AL66,$AL$3,""))))))))))) -> CONSORCIO CHAQUICOCHA S.R.L. | AQ66: =IF($AQ$3="","",IF($AQ$3=$T$3,T66,IF($AQ$3=$V$3,V66,IF($AQ$3=$X$3,X66,IF($AQ$3=$Z$3,Z66,IF($AQ$3=$AB$3,AB66,IF($AQ$3=$AD$3,AD66,IF($AQ$3=$AF$3,AF66,IF($AQ$3=$AH$3,AH66,IF($AQ$3=$AJ$3,AJ66,IF($AQ$3=$AL$3,AL66,""))))))))))) -> 2.36 | AR66: =IF(AQ66="","",IF($AQ$3=$T$3,IF(J66="",AQ66*E66,AQ66*J66),IF($AQ$3=$V$3,IF(K66="",AQ66*E66,AQ66*K66),IF($AQ$3=$X$3,IF(L66="",AQ66*E66,AQ66*L66),IF($AQ$3=$Z$3,IF(M66="",AQ66*E66,AQ66*M66),IF($AQ$3=$AB$3,IF(N66="",AQ66*E66,AQ66*N66),IF($AQ$3=$AD$3,IF(O66="",AQ66*E66,AQ66*O66),IF($AQ$3=$AF$3,IF(P66="",AQ66*E66,AQ66*P66),IF($AQ$3=$AH$3,IF(Q66="",AQ66*E66,AQ66*Q66),IF($AQ$3=$AJ$3,IF(R66="",AQ66*E66,AQ66*R66),IF($AQ$3=$AL$3,IF(S66="",AQ66*E66,AQ66*S66),""))))))))))) -> 8045.4052
B67: 1.5.4 | C67: DIQUE DE TIERRA COMPACTADA A3-I-02 | I67: =IF(H67="","",+H67*G67) | W67: =IF(K67="",IF(V67="","",E67*V67),K67*V67) | Y67: =IF(L67="",IF(X67="","",E67*X67),L67*X67) | AA67: =IF(M67="",IF(Z67="","",E67*Z67),M67*Z67) | AC67: =IF(N67="",IF(AB67="","",E67*AB67),N67*AB67) | AE67: =IF(O67="",IF(AD67="","",E67*AD67),O67*AD67) | AG67: =IF(P67="",IF(AF67="","",E67*AF67),P67*AF67) | AI67: =IF(Q67="",IF(AH67="","",E67*AH67),Q67*AH67) | AK67: =IF(R67="",IF(AJ67="","",E67*AJ67),R67*AJ67) | AM67: =IF(S67="",IF(AL67="","",E67*AL67),S67*AL67) | AN67: =IF(AND(T67="",V67="",Z67="",AB67="",X67="",AD67="",AF67="",AH67="",AJ67="",AL67=""),"",MIN(T67,V67,Z67,AB67,X67,AD67,AF67,AH67,AJ67,AL67)) | AO67: =IF(AN67="","",IF(AP67=$T$3,IF(J67="",+AN67*E67,AN67*J67),IF(AP67=$V$3,IF(K67="",AN67*E67,AN67*K67),IF(AP67=$X$3,IF(L67="",AN67*E67,AN67*L67),IF(AP67=$Z$3,IF(M67="",AN67*E67,AN67*M67),IF(AP67=$AB$3,IF(N67="",AN67*E67,AN67*N67),IF(AP67=$AD$3,IF(O67="",AN67*E67,AN67*O67),IF(AP67=$AF$3,IF(P67="",AN67*E67,AN67*P67),IF(AP67=$AH$3,IF(Q67="",AN67*E67,AN67*Q67),IF(AP67=$AJ$3,IF(R67="",AN67*E67,AN67*R67),IF(AP67=$AL$3,IF(S67="",AN67*E67,AN67*S67),""))))))))))) | AP67: =IF(AN67="","",IF(AN67=T67,$T$3,IF(AN67=V67,$V$3,IF(AN67=X67,$X$3,IF(AN67=Z67,$Z$3,IF(AN67=AB67,$AB$3,IF(AN67=AD67,$AD$3,IF(AN67=AF67,$AF$3,IF(AN67=AH67,$AH$3,IF(AN67=AJ67,$AJ$3,IF(AN67=AL67,$AL$3,"")))))))))))
B68: 1.5.4.1 | C68: EXCAVACIÓN EN TERRENO NATURAL CON EQUIPO | D68: m3 | E68: 18781.327 | I68: =IF(H68="","",+H68*G68) | K68: 18781.327 | T68: 6.54 | U68: 122829.9 | W68: =IF(K68="",IF(V68="","",E68*V68),K68*V68) -> 0 | Y68: =IF(L68="",IF(X68="","",E68*X68),L68*X68) | AA68: =IF(M68="",IF(Z68="","",E68*Z68),M68*Z68) | AC68: =IF(N68="",IF(AB68="","",E68*AB68),N68*AB68) | AE68: =IF(O68="",IF(AD68="","",E68*AD68),O68*AD68) | AG68: =IF(P68="",IF(AF68="","",E68*AF68),P68*AF68) | AI68: =IF(Q68="",IF(AH68="","",E68*AH68),Q68*AH68) | AK68: =IF(R68="",IF(AJ68="","",E68*AJ68),R68*AJ68) | AM68: =IF(S68="",IF(AL68="","",E68*AL68),S68*AL68) | AN68: =IF(AND(T68="",V68="",Z68="",AB68="",X68="",AD68="",AF68="",AH68="",AJ68="",AL68=""),"",MIN(T68,V68,Z68,AB68,X68,AD68,AF68,AH68,AJ68,AL68)) -> 6.54 | AO68: =IF(AN68="","",IF(AP68=$T$3,IF(J68="",+AN68*E68,AN68*J68),IF(AP68=$V$3,IF(K68="",AN68*E68,AN68*K68),IF(AP68=$X$3,IF(L68="",AN68*E68,AN68*L68),IF(AP68=$Z$3,IF(M68="",AN68*E68,AN68*M68),IF(AP68=$AB$3,IF(N68="",AN68*E68,AN68*N68),IF(AP68=$AD$3,IF(O68="",AN68*E68,AN68*O68),IF(AP68=$AF$3,IF(P68="",AN68*E68,AN68*P68),IF(AP68=$AH$3,IF(Q68="",AN68*E68,AN68*Q68),IF(AP68=$AJ$3,IF(R68="",AN68*E68,AN68*R68),IF(AP68=$AL$3,IF(S68="",AN68*E68,AN68*S68),""))))))))))) -> 122829.88 | AP68: =IF(AN68="","",IF(AN68=T68,$T$3,IF(AN68=V68,$V$3,IF(AN68=X68,$X$3,IF(AN68=Z68,$Z$3,IF(AN68=AB68,$AB$3,IF(AN68=AD68,$AD$3,IF(AN68=AF68,$AF$3,IF(AN68=AH68,$AH$3,IF(AN68=AJ68,$AJ$3,IF(AN68=AL68,$AL$3,""))))))))))) -> CONSORCIO CHAQUICOCHA S.R.L. | AQ68: =IF($AQ$3="","",IF($AQ$3=$T$3,T68,IF($AQ$3=$V$3,V68,IF($AQ$3=$X$3,X68,IF($AQ$3=$Z$3,Z68,IF($AQ$3=$AB$3,AB68,IF($AQ$3=$AD$3,AD68,IF($AQ$3=$AF$3,AF68,IF($AQ$3=$AH$3,AH68,IF($AQ$3=$AJ$3,AJ68,IF($AQ$3=$AL$3,AL68,""))))))))))) -> 6.54 | AR68: =IF(AQ68="","",IF($AQ$3=$T$3,IF(J68="",AQ68*E68,AQ68*J68),IF($AQ$3=$V$3,IF(K68="",AQ68*E68,AQ68*K68),IF($AQ$3=$X$3,IF(L68="",AQ68*E68,AQ68*L68),IF($AQ$3=$Z$3,IF(M68="",AQ68*E68,AQ68*M68),IF($AQ$3=$AB$3,IF(N68="",AQ68*E68,AQ68*N68),IF($AQ$3=$AD$3,IF(O68="",AQ68*E68,AQ68*O68),IF($AQ$3=$AF$3,IF(P68="",AQ68*E68,AQ68*P68),IF($AQ$3=$AH$3,IF(Q68="",AQ68*E68,AQ68*Q68),IF($AQ$3=$AJ$3,IF(R68="",AQ68*E68,AQ68*R68),IF($AQ$3=$AL$3,IF(S68="",AQ68*E68,AQ68*S68),""))))))))))) -> 122829.88
B69: 1.5.4.2 | C69: EXCAVACIÓN DE UÑA CON EQUIPO | D69: m3 | E69: 3101.0672 | I69: =IF(H69="","",+H69*G69) | K69: 3101.0672 | T69: 6.72 | U69: 20839.19 | W69: =IF(K69="",IF(V69="","",E69*V69),K69*V69) -> 0 | Y69: =IF(L69="",IF(X69="","",E69*X69),L69*X69) | AA69: =IF(M69="",IF(Z69="","",E69*Z69),M69*Z69) | AC69: =IF(N69="",IF(AB69="","",E69*AB69),N69*AB69) | AE69: =IF(O69="",IF(AD69="","",E69*AD69),O69*AD69) | AG69: =IF(P69="",IF(AF69="","",E69*AF69),P69*AF69) | AI69: =IF(Q69="",IF(AH69="","",E69*AH69),Q69*AH69) | AK69: =IF(R69="",IF(AJ69="","",E69*AJ69),R69*AJ69) | AM69: =IF(S69="",IF(AL69="","",E69*AL69),S69*AL69) | AN69: =IF(AND(T69="",V69="",Z69="",AB69="",X69="",AD69="",AF69="",AH69="",AJ69="",AL69=""),"",MIN(T69,V69,Z69,AB69,X69,AD69,AF69,AH69,AJ69,AL69)) -> 6.72 | AO69: =IF(AN69="","",IF(AP69=$T$3,IF(J69="",+AN69*E69,AN69*J69),IF(AP69=$V$3,IF(K69="",AN69*E69,AN69*K69),IF(AP69=$X$3,IF(L69="",AN69*E69,AN69*L69),IF(AP69=$Z$3,IF(M69="",AN69*E69,AN69*M69),IF(AP69=$AB$3,IF(N69="",AN69*E69,AN69*N69),IF(AP69=$AD$3,IF(O69="",AN69*E69,AN69*O69),IF(AP69=$AF$3,IF(P69="",AN69*E69,AN69*P69),IF(AP69=$AH$3,IF(Q69="",AN69*E69,AN69*Q69),IF(AP69=$AJ$3,IF(R69="",AN69*E69,AN69*R69),IF(AP69=$AL$3,IF(S69="",AN69*E69,AN69*S69),""))))))))))) -> 20839.172 | AP69: =IF(AN69="","",IF(AN69=T69,$T$3,IF(AN69=V69,$V$3,IF(AN69=X69,$X$3,IF(AN69=Z69,$Z$3,IF(AN69=AB69,$AB$3,IF(AN69=AD69,$AD$3,IF(AN69=AF69,$AF$3,IF(AN69=AH69,$AH$3,IF(AN69=AJ69,$AJ$3,IF(AN69=AL69,$AL$3,""))))))))))) -> CONSORCIO CHAQUICOCHA S.R.L. | AQ69: =IF($AQ$3="","",IF($AQ$3=$T$3,T69,IF($AQ$3=$V$3,V69,IF($AQ$3=$X$3,X69,IF($AQ$3=$Z$3,Z69,IF($AQ$3=$AB$3,AB69,IF($AQ$3=$AD$3,AD69,IF($AQ$3=$AF$3,AF69,IF($AQ$3=$AH$3,AH69,IF($AQ$3=$AJ$3,AJ69,IF($AQ$3=$AL$3,AL69,""))))))))))) -> 6.72 | AR69: =IF(AQ69="","",IF($AQ$3=$T$3,IF(J69="",AQ69*E69,AQ69*J69),IF($AQ$3=$V$3,IF(K69="",AQ69*E69,AQ69*K69),IF($AQ$3=$X$3,IF(L69="",AQ69*E69,AQ69*L69),IF($AQ$3=$Z$3,IF(M69="",AQ69*E69,AQ69*M69),IF($AQ$3=$AB$3,IF(N69="",AQ69*E69,AQ69*N69),IF($AQ$3=$AD$3,IF(O69="",AQ69*E69,AQ69*O69),IF($AQ$3=$AF$3,IF(P69="",AQ69*E69,AQ69*P69),IF($AQ$3=$AH$3,IF(Q69="",AQ69*E69,AQ69*Q69),IF($AQ$3=$AJ$3,IF(R69="",AQ69*E69,AQ69*R69),IF($AQ$3=$AL$3,IF(S69="",AQ69*E69,AQ69*S69),""))))))))))) -> 20839.172
B70: 1.5.4.3 | C70: PERFILADO Y COMPACTACIÓN EN ZONA DE CORTE | D70: m2 | E70: 12204.129 | I70: =IF(H70="","",+H70*G70) | K70: 12204.129 | T70: 2.66 | U70: 32462.986 | W70: =IF(K70="",IF(V70="","",E70*V70),K70*V70) -> 0 | Y70: =IF(L70="",IF(X70="","",E70*X70),L70*X70) | AA70: =IF(M70="",IF(Z70="","",E70*Z70),M70*Z70) | AC70: =IF(N70="",IF(AB70="","",E70*AB70),N70*AB70) | AE70: =IF(O70="",IF(AD70="","",E70*AD70),O70*AD70) | AG70: =IF(P70="",IF(AF70="","",E70*AF70),P70*AF70) | AI70: =IF(Q70="",IF(AH70="","",E70*AH70),Q70*AH70) | AK70: =IF(R70="",IF(AJ70="","",E70*AJ70),R70*AJ70) | AM70: =IF(S70="",IF(AL70="","",E70*AL70),S70*AL70) | AN70: =IF(AND(T70="",V70="",Z70="",AB70="",X70="",AD70="",AF70="",AH70="",AJ70="",AL70=""),"",MIN(T70,V70,Z70,AB70,X70,AD70,AF70,AH70,AJ70,AL70)) -> 2.66 | AO70: =IF(AN70="","",IF(AP70=$T$3,IF(J70="",+AN70*E70,AN70*J70),IF(AP70=$V$3,IF(K70="",AN70*E70,AN70*K70),IF(AP70=$X$3,IF(L70="",AN70*E70,AN70*L70),IF(AP70=$Z$3,IF(M70="",AN70*E70,AN70*M70),IF(AP70=$AB$3,IF(N70="",AN70*E70,AN70*N70),IF(AP70=$AD$3,IF(O70="",AN70*E70,AN70*O70),IF(AP70=$AF$3,IF(P70="",AN70*E70,AN70*P70),IF(AP70=$AH$3,IF(Q70="",AN70*E70,AN70*Q70),IF(AP70=$AJ$3,IF(R70="",AN70*E70,AN70*R70),IF(AP70=$AL$3,IF(S70="",AN70*E70,AN70*S70),""))))))))))) -> 32462.983 | AP70: =IF(AN70="","",IF(AN70=T70,$T$3,IF(AN70=V70,$V$3,IF(AN70=X70,$X$3,IF(AN70=Z70,$Z$3,IF(AN70=AB70,$AB$3,IF(AN70=AD70,$AD$3,IF(AN70=AF70,$AF$3,IF(AN70=AH70,$AH$3,IF(AN70=AJ70,$AJ$3,IF(AN70=AL70,$AL$3,""))))))))))) -> CONSORCIO CHAQUICOCHA S.R.L. | AQ70: =IF($AQ$3="","",IF($AQ$3=$T$3,T70,IF($AQ$3=$V$3,V70,IF($AQ$3=$X$3,X70,IF($AQ$3=$Z$3,Z70,IF($AQ$3=$AB$3,AB70,IF($AQ$3=$AD$3,AD70,IF($AQ$3=$AF$3,AF70,IF($AQ$3=$AH$3,AH70,IF($AQ$3=$AJ$3,AJ70,IF($AQ$3=$AL$3,AL70,""))))))))))) -> 2.66 | AR70: =IF(AQ70="","",IF($AQ$3=$T$3,IF(J70="",AQ70*E70,AQ70*J70),IF($AQ$3=$V$3,IF(K70="",AQ70*E70,AQ70*K70),IF($AQ$3=$X$3,IF(L70="",AQ70*E70,AQ70*L70),IF($AQ$3=$Z$3,IF(M70="",AQ70*E70,AQ70*M70),IF($AQ$3=$AB$3,IF(N70="",AQ70*E70,AQ70*N70),IF($AQ$3=$AD$3,IF(O70="",AQ70*E70,AQ70*O70),IF($AQ$3=$AF$3,IF(P70="",AQ70*E70,AQ70*P70),IF($AQ$3=$AH$3,IF(Q70="",AQ70*E70,AQ70*Q70),IF($AQ$3=$AJ$3,IF(R70="",AQ70*E70,AQ70*R70),IF($AQ$3=$AL$3,IF(S70="",AQ70*E70,AQ70*S70),""))))))))))) -> 32462.983 | AT70: Verificar posibilidad de mejora en rendimiento
B71: 1.5.4.4 | C71: CONFORMACIÓN DE CUERPO DE DIQUE CON MATERIAL PROPIO | D71: m3 | E71: 578.5588 | I71: =IF(H71="","",+H71*G71) | K71: 578.5588 | T71: 36.36 | U71: 21036.442 | W71: =IF(K71="",IF(V71="","",E71*V71),K71*V71) -> 0 | Y71: =IF(L71="",IF(X71="","",E71*X71),L71*X71) | AA71: =IF(M71="",IF(Z71="","",E71*Z71),M71*Z71) | AC71: =IF(N71="",IF(AB71="","",E71*AB71),N71*AB71) | AE71: =IF(O71="",IF(AD71="","",E71*AD71),O71*AD71) | AG71: =IF(P71="",IF(AF71="","",E71*AF71),P71*AF71) | AI71: =IF(Q71="",IF(AH71="","",E71*AH71),Q71*AH71) | AK71: =IF(R71="",IF(AJ71="","",E71*AJ71),R71*AJ71) | AM71: =IF(S71="",IF(AL71="","",E71*AL71),S71*AL71) | AN71: =IF(AND(T71="",V71="",Z71="",AB71="",X71="",AD71="",AF71="",AH71="",AJ71="",AL71=""),"",MIN(T71,V71,Z71,AB71,X71,AD71,AF71,AH71,AJ71,AL71)) -> 36.36 | AO71: =IF(AN71="","",IF(AP71=$T$3,IF(J71="",+AN71*E71,AN71*J71),IF(AP71=$V$3,IF(K71="",AN71*E71,AN71*K71),IF(AP71=$X$3,IF(L71="",AN71*E71,AN71*L71),IF(AP71=$Z$3,IF(M71="",AN71*E71,AN71*M71),IF(AP71=$AB$3,IF(N71="",AN71*E71,AN71*N71),IF(AP71=$AD$3,IF(O71="",AN71*E71,AN71*O71),IF(AP71=$AF$3,IF(P71="",AN71*E71,AN71*P71),IF(AP71=$AH$3,IF(Q71="",AN71*E71,AN71*Q71),IF(AP71=$AJ$3,IF(R71="",AN71*E71,AN71*R71),IF(AP71=$AL$3,IF(S71="",AN71*E71,AN71*S71),""))))))))))) -> 21036.398 | AP71: =IF(AN71="","",IF(AN71=T71,$T$3,IF(AN71=V71,$V$3,IF(AN71=X71,$X$3,IF(AN71=Z71,$Z$3,IF(AN71=AB71,$AB$3,IF(AN71=AD71,$AD$3,IF(AN71=AF71,$AF$3,IF(AN71=AH71,$AH$3,IF(AN71=AJ71,$AJ$3,IF(AN71=AL71,$AL$3,""))))))))))) -> CONSORCIO CHAQUICOCHA S.R.L. | AQ71: =IF($AQ$3="","",IF($AQ$3=$T$3,T71,IF($AQ$3=$V$3,V71,IF($AQ$3=$X$3,X71,IF($AQ$3=$Z$3,Z71,IF($AQ$3=$AB$3,AB71,IF($AQ$3=$AD$3,AD71,IF($AQ$3=$AF$3,AF71,IF($AQ$3=$AH$3,AH71,IF($AQ$3=$AJ$3,AJ71,IF($AQ$3=$AL$3,AL71,""))))))))))) -> 36.36 | AR71: =IF(AQ71="","",IF($AQ$3=$T$3,IF(J71="",AQ71*E71,AQ71*J71),IF($AQ$3=$V$3,IF(K71="",AQ71*E71,AQ71*K71),IF($AQ$3=$X$3,IF(L71="",AQ71*E71,AQ71*L71),IF($AQ$3=$Z$3,IF(M71="",AQ71*E71,AQ71*M71),IF($AQ$3=$AB$3,IF(N71="",AQ71*E71,AQ71*N71),IF($AQ$3=$AD$3,IF(O71="",AQ71*E71,AQ71*O71),IF($AQ$3=$AF$3,IF(P71="",AQ71*E71,AQ71*P71),IF($AQ$3=$AH$3,IF(Q71="",AQ71*E71,AQ71*Q71),IF($AQ$3=$AJ$3,IF(R71="",AQ71*E71,AQ71*R71),IF($AQ$3=$AL$3,IF(S71="",AQ71*E71,AQ71*S71),""))))))))))) -> 21036.398
B72: 1.5.4.5 | C72: CONFORMACIÓN DE CORONA DE DIQUE CON MATERIAL PROPIO | D72: m3 | E72: 1160.9276 | I72: =IF(H72="","",+H72*G72) | K72: 1160.9276 | T72: 38.95 | U72: 45218.224 | W72: =IF(K72="",IF(V72="","",E72*V72),K72*V72) -> 0 | Y72: =IF(L72="",IF(X72="","",E72*X72),L72*X72) | AA72: =IF(M72="",IF(Z72="","",E72*Z72),M72*Z72) | AC72: =IF(N72="",IF(AB72="","",E72*AB72),N72*AB72) | AE72: =IF(O72="",IF(AD72="","",E72*AD72),O72*AD72) | AG72: =IF(P72="",IF(AF72="","",E72*AF72),P72*AF72) | AI72: =IF(Q72="",IF(AH72="","",E72*AH72),Q72*AH72) | AK72: =IF(R72="",IF(AJ72="","",E72*AJ72),R72*AJ72) | AM72: =IF(S72="",IF(AL72="","",E72*AL72),S72*AL72) | AN72: =IF(AND(T72="",V72="",Z72="",AB72="",X72="",AD72="",AF72="",AH72="",AJ72="",AL72=""),"",MIN(T72,V72,Z72,AB72,X72,AD72,AF72,AH72,AJ72,AL72)) -> 38.95 | AO72: =IF(AN72="","",IF(AP72=$T$3,IF(J72="",+AN72*E72,AN72*J72),IF(AP72=$V$3,IF(K72="",AN72*E72,AN72*K72),IF(AP72=$X$3,IF(L72="",AN72*E72,AN72*L72),IF(AP72=$Z$3,IF(M72="",AN72*E72,AN72*M72),IF(AP72=$AB$3,IF(N72="",AN72*E72,AN72*N72),IF(AP72=$AD$3,IF(O72="",AN72*E72,AN72*O72),IF(AP72=$AF$3,IF(P72="",AN72*E72,AN72*P72),IF(AP72=$AH$3,IF(Q72="",AN72*E72,AN72*Q72),IF(AP72=$AJ$3,IF(R72="",AN72*E72,AN72*R72),IF(AP72=$AL$3,IF(S72="",AN72*E72,AN72*S72),""))))))))))) -> 45218.13 | AP72: =IF(AN72="","",IF(AN72=T72,$T$3,IF(AN72=V72,$V$3,IF(AN72=X72,$X$3,IF(AN72=Z72,$Z$3,IF(AN72=AB72,$AB$3,IF(AN72=AD72,$AD$3,IF(AN72=AF72,$AF$3,IF(AN72=AH72,$AH$3,IF(AN72=AJ72,$AJ$3,IF(AN72=AL72,$AL$3,""))))))))))) -> CONSORCIO CHAQUICOCHA S.R.L. | AQ72: =IF($AQ$3="","",IF($AQ$3=$T$3,T72,IF($AQ$3=$V$3,V72,IF($AQ$3=$X$3,X72,IF($AQ$3=$Z$3,Z72,IF($AQ$3=$AB$3,AB72,IF($AQ$3=$AD$3,AD72,IF($AQ$3=$AF$3,AF72,IF($AQ$3=$AH$3,AH72,IF($AQ$3=$AJ$3,AJ72,IF($AQ$3=$AL$3,AL72,""))))))))))) -> 38.95 | AR72: =IF(AQ72="","",IF($AQ$3=$T$3,IF(J72="",AQ72*E72,AQ72*J72),IF($AQ$3=$V$3,IF(K72="",AQ72*E72,AQ72*K72),IF($AQ$3=$X$3,IF(L72="",AQ72*E72,AQ72*L72),IF($AQ$3=$Z$3,IF(M72="",AQ72*E72,AQ72*M72),IF($AQ$3=$AB$3,IF(N72="",AQ72*E72,AQ72*N72),IF($AQ$3=$AD$3,IF(O72="",AQ72*E72,AQ72*O72),IF($AQ$3=$AF$3,IF(P72="",AQ72*E72,AQ72*P72),IF($AQ$3=$AH$3,IF(Q72="",AQ72*E72,AQ72*Q72),IF($AQ$3=$AJ$3,IF(R72="",AQ72*E72,AQ72*R72),IF($AQ$3=$AL$3,IF(S72="",AQ72*E72,AQ72*S72),""))))))))))) -> 45218.13
B73: 1.5.4.6 | C73: GEOTEXTIL NO TEJIDO 400 G/M2, INC. COLOCACIÓN | D73: m2 | E73: 4752.048 | I73: =IF(H73="","",+H73*G73) | K73: 4752.048 | T73: 12.47 | U73: 59258.064 | W73: =IF(K73="",IF(V73="","",E73*V73),K73*V73) -> 0 | Y73: =IF(L73="",IF(X73="","",E73*X73),L73*X73) | AA73: =IF(M73="",IF(Z73="","",E73*Z73),M73*Z73) | AC73: =IF(N73="",IF(AB73="","",E73*AB73),N73*AB73) | AE73: =IF(O73="",IF(AD73="","",E73*AD73),O73*AD73) | AG73: =IF(P73="",IF(AF73="","",E73*AF73),P73*AF73) | AI73: =IF(Q73="",IF(AH73="","",E73*AH73),Q73*AH73) | AK73: =IF(R73="",IF(AJ73="","",E73*AJ73),R73*AJ73) | AM73: =IF(S73="",IF(AL73="","",E73*AL73),S73*AL73) | AN73: =IF(AND(T73="",V73="",Z73="",AB73="",X73="",AD73="",AF73="",AH73="",AJ73="",AL73=""),"",MIN(T73,V73,Z73,AB73,X73,AD73,AF73,AH73,AJ73,AL73)) -> 12.47 | AO73: =IF(AN73="","",IF(AP73=$T$3,IF(J73="",+AN73*E73,AN73*J73),IF(AP73=$V$3,IF(K73="",AN73*E73,AN73*K73),IF(AP73=$X$3,IF(L73="",AN73*E73,AN73*L73),IF(AP73=$Z$3,IF(M73="",AN73*E73,AN73*M73),IF(AP73=$AB$3,IF(N73="",AN73*E73,AN73*N73),IF(AP73=$AD$3,IF(O73="",AN73*E73,AN73*O73),IF(AP73=$AF$3,IF(P73="",AN73*E73,AN73*P73),IF(AP73=$AH$3,IF(Q73="",AN73*E73,AN73*Q73),IF(AP73=$AJ$3,IF(R73="",AN73*E73,AN73*R73),IF(AP73=$AL$3,IF(S73="",AN73*E73,AN73*S73),""))))))))))) -> 59258.038 | AP73: =IF(AN73="","",IF(AN73=T73,$T$3,IF(AN73=V73,$V$3,IF(AN73=X73,$X$3,IF(AN73=Z73,$Z$3,IF(AN73=AB73,$AB$3,IF(AN73=AD73,$AD$3,IF(AN73=AF73,$AF$3,IF(AN73=AH73,$AH$3,IF(AN73=AJ73,$AJ$3,IF(AN73=AL73,$AL$3,""))))))))))) -> CONSORCIO CHAQUICOCHA S.R.L. | AQ73: =IF($AQ$3="","",IF($AQ$3=$T$3,T73,IF($AQ$3=$V$3,V73,IF($AQ$3=$X$3,X73,IF($AQ$3=$Z$3,Z73,IF($AQ$3=$AB$3,AB73,IF($AQ$3=$AD$3,AD73,IF($AQ$3=$AF$3,AF73,IF($AQ$3=$AH$3,AH73,IF($AQ$3=$AJ$3,AJ73,IF($AQ$3=$AL$3,AL73,""))))))))))) -> 12.47 | AR73: =IF(AQ73="","",IF($AQ$3=$T$3,IF(J73="",AQ73*E73,AQ73*J73),IF($AQ$3=$V$3,IF(K73="",AQ73*E73,AQ73*K73),IF($AQ$3=$X$3,IF(L73="",AQ73*E73,AQ73*L73),IF($AQ$3=$Z$3,IF(M73="",AQ73*E73,AQ73*M73),IF($AQ$3=$AB$3,IF(N73="",AQ73*E73,AQ73*N73),IF($AQ$3=$AD$3,IF(O73="",AQ73*E73,AQ73*O73),IF($AQ$3=$AF$3,IF(P73="",AQ73*E73,AQ73*P73),IF($AQ$3=$AH$3,IF(Q73="",AQ73*E73,AQ73*Q73),IF($AQ$3=$AJ$3,IF(R73="",AQ73*E73,AQ73*R73),IF($AQ$3=$AL$3,IF(S73="",AQ73*E73,AQ73*S73),""))))))))))) -> 59258.038
B74: 1.5.4.7 | C74: COLOCACION Y ACOMODO DE ROCA EN UÑA DE DIQUE | D74: m3 | E74: 3101.0672 | I74: =IF(H74="","",+H74*G74) | K74: 3101.0672 | T74: 93.52 | U74: 290012.07 | W74: =IF(K74="",IF(V74="","",E74*V74),K74*V74) -> 0 | Y74: =IF(L74="",IF(X74="","",E74*X74),L74*X74) | AA74: =IF(M74="",IF(Z74="","",E74*Z74),M74*Z74) | AC74: =IF(N74="",IF(AB74="","",E74*AB74),N74*AB74) | AE74: =IF(O74="",IF(AD74="","",E74*AD74),O74*AD74) | AG74: =IF(P74="",IF(AF74="","",E74*AF74),P74*AF74) | AI74: =IF(Q74="",IF(AH74="","",E74*AH74),Q74*AH74) | AK74: =IF(R74="",IF(AJ74="","",E74*AJ74),R74*AJ74) | AM74: =IF(S74="",IF(AL74="","",E74*AL74),S74*AL74) | AN74: =IF(AND(T74="",V74="",Z74="",AB74="",X74="",AD74="",AF74="",AH74="",AJ74="",AL74=""),"",MIN(T74,V74,Z74,AB74,X74,AD74,AF74,AH74,AJ74,AL74)) -> 93.52 | AO74: =IF(AN74="","",IF(AP74=$T$3,IF(J74="",+AN74*E74,AN74*J74),IF(AP74=$V$3,IF(K74="",AN74*E74,AN74*K74),IF(AP74=$X$3,IF(L74="",AN74*E74,AN74*L74),IF(AP74=$Z$3,IF(M74="",AN74*E74,AN74*M74),IF(AP74=$AB$3,IF(N74="",AN74*E74,AN74*N74),IF(AP74=$AD$3,IF(O74="",AN74*E74,AN74*O74),IF(AP74=$AF$3,IF(P74="",AN74*E74,AN74*P74),IF(AP74=$AH$3,IF(Q74="",AN74*E74,AN74*Q74),IF(AP74=$AJ$3,IF(R74="",AN74*E74,AN74*R74),IF(AP74=$AL$3,IF(S74="",AN74*E74,AN74*S74),""))))))))))) -> 290011.8 | AP74: =IF(AN74="","",IF(AN74=T74,$T$3,IF(AN74=V74,$V$3,IF(AN74=X74,$X$3,IF(AN74=Z74,$Z$3,IF(AN74=AB74,$AB$3,IF(AN74=AD74,$AD$3,IF(AN74=AF74,$AF$3,IF(AN74=AH74,$AH$3,IF(AN74=AJ74,$AJ$3,IF(AN74=AL74,$AL$3,""))))))))))) -> CONSORCIO CHAQUICOCHA S.R.L. | AQ74: =IF($AQ$3="","",IF($AQ$3=$T$3,T74,IF($AQ$3=$V$3,V74,IF($AQ$3=$X$3,X74,IF($AQ$3=$Z$3,Z74,IF($AQ$3=$AB$3,AB74,IF($AQ$3=$AD$3,AD74,IF($AQ$3=$AF$3,AF74,IF($AQ$3=$AH$3,AH74,IF($AQ$3=$AJ$3,AJ74,IF($AQ$3=$AL$3,AL74,""))))))))))) -> 93.52 | AR74: =IF(AQ74="","",IF($AQ$3=$T$3,IF(J74="",AQ74*E74,AQ74*J74),IF($AQ$3=$V$3,IF(K74="",AQ74*E74,AQ74*K74),IF($AQ$3=$X$3,IF(L74="",AQ74*E74,AQ74*L74),IF($AQ$3=$Z$3,IF(M74="",AQ74*E74,AQ74*M74),IF($AQ$3=$AB$3,IF(N74="",AQ74*E74,AQ74*N74),IF($AQ$3=$AD$3,IF(O74="",AQ74*E74,AQ74*O74),IF($AQ$3=$AF$3,IF(P74="",AQ74*E74,AQ74*P74),IF($AQ$3=$AH$3,IF(Q74="",AQ74*E74,AQ74*Q74),IF($AQ$3=$AJ$3,IF(R74="",AQ74*E74,AQ74*R74),IF($AQ$3=$AL$3,IF(S74="",AQ74*E74,AQ74*S74),""))))))))))) -> 290011.8 | AT74: Evaluar rendimiento considerado en la partida de colocación de roca
B75: 1.5.4.8 | C75: COLOCACION Y ACOMODO DE ROCA EN TALUD DE DIQUE | D75: m3 | E75: 3837.2028 | I75: =IF(H75="","",+H75*G75) | K75: 3837.2028 | T75: 108.28 | U75: 415492.02 | W75: =IF(K75="",IF(V75="","",E75*V75),K75*V75) -> 0 | Y75: =IF(L75="",IF(X75="","",E75*X75),L75*X75) | AA75: =IF(M75="",IF(Z75="","",E75*Z75),M75*Z75) | AC75: =IF(N75="",IF(AB75="","",E75*AB75),N75*AB75) | AE75: =IF(O75="",IF(AD75="","",E75*AD75),O75*AD75) | AG75: =IF(P75="",IF(AF75="","",E75*AF75),P75*AF75) | AI75: =IF(Q75="",IF(AH75="","",E75*AH75),Q75*AH75) | AK75: =IF(R75="",IF(AJ75="","",E75*AJ75),R75*AJ75) | AM75: =IF(S75="",IF(AL75="","",E75*AL75),S75*AL75) | AN75: =IF(AND(T75="",V75="",Z75="",AB75="",X75="",AD75="",AF75="",AH75="",AJ75="",AL75=""),"",MIN(T75,V75,Z75,AB75,X75,AD75,AF75,AH75,AJ75,AL75)) -> 108.28 | AO75: =IF(AN75="","",IF(AP75=$T$3,IF(J75="",+AN75*E75,AN75*J75),IF(AP75=$V$3,IF(K75="",AN75*E75,AN75*K75),IF(AP75=$X$3,IF(L75="",AN75*E75,AN75*L75),IF(AP75=$Z$3,IF(M75="",AN75*E75,AN75*M75),IF(AP75=$AB$3,IF(N75="",AN75*E75,AN75*N75),IF(AP75=$AD$3,IF(O75="",AN75*E75,AN75*O75),IF(AP75=$AF$3,IF(P75="",AN75*E75,AN75*P75),IF(AP75=$AH$3,IF(Q75="",AN75*E75,AN75*Q75),IF(AP75=$AJ$3,IF(R75="",AN75*E75,AN75*R75),IF(AP75=$AL$3,IF(S75="",AN75*E75,AN75*S75),""))))))))))) -> 415492.32 | AP75: =IF(AN75="","",IF(AN75=T75,$T$3,IF(AN75=V75,$V$3,IF(AN75=X75,$X$3,IF(AN75=Z75,$Z$3,IF(AN75=AB75,$AB$3,IF(AN75=AD75,$AD$3,IF(AN75=AF75,$AF$3,IF(AN75=AH75,$AH$3,IF(AN75=AJ75,$AJ$3,IF(AN75=AL75,$AL$3,""))))))))))) -> CONSORCIO CHAQUICOCHA S.R.L. | AQ75: =IF($AQ$3="","",IF($AQ$3=$T$3,T75,IF($AQ$3=$V$3,V75,IF($AQ$3=$X$3,X75,IF($AQ$3=$Z$3,Z75,IF($AQ$3=$AB$3,AB75,IF($AQ$3=$AD$3,AD75,IF($AQ$3=$AF$3,AF75,IF($AQ$3=$AH$3,AH75,IF($AQ$3=$AJ$3,AJ75,IF($AQ$3=$AL$3,AL75,""))))))))))) -> 108.28 | AR75: =IF(AQ75="","",IF($AQ$3=$T$3,IF(J75="",AQ75*E75,AQ75*J75),IF($AQ$3=$V$3,IF(K75="",AQ75*E75,AQ75*K75),IF($AQ$3=$X$3,IF(L75="",AQ75*E75,AQ75*L75),IF($AQ$3=$Z$3,IF(M75="",AQ75*E75,AQ75*M75),IF($AQ$3=$AB$3,IF(N75="",AQ75*E75,AQ75*N75),IF($AQ$3=$AD$3,IF(O75="",AQ75*E75,AQ75*O75),IF($AQ$3=$AF$3,IF(P75="",AQ75*E75,AQ75*P75),IF($AQ$3=$AH$3,IF(Q75="",AQ75*E75,AQ75*Q75),IF($AQ$3=$AJ$3,IF(R75="",AQ75*E75,AQ75*R75),IF($AQ$3=$AL$3,IF(S75="",AQ75*E75,AQ75*S75),""))))))))))) -> 415492.32 | AT75: Evaluar rendimiento considerado en la partida de colocación de roca
B76: 1.5.4.9 | C76: PREPARACIÓN DE FUNDACIÓN DE CUERPO DE DIQUE | D76: m2 | E76: 1415.645 | I76: =IF(H76="","",+H76*G76) | K76: 1415.645 | T76: 2.36 | U76: 3340.934 | W76: =IF(K76="",IF(V76="","",E76*V76),K76*V76) -> 0 | Y76: =IF(L76="",IF(X76="","",E76*X76),L76*X76) | AA76: =IF(M76="",IF(Z76="","",E76*Z76),M76*Z76) | AC76: =IF(N76="",IF(AB76="","",E76*AB76),N76*AB76) | AE76: =IF(O76="",IF(AD76="","",E76*AD76),O76*AD76) | AG76: =IF(P76="",IF(AF76="","",E76*AF76),P76*AF76) | AI76: =IF(Q76="",IF(AH76="","",E76*AH76),Q76*AH76) | AK76: =IF(R76="",IF(AJ76="","",E76*AJ76),R76*AJ76) | AM76: =IF(S76="",IF(AL76="","",E76*AL76),S76*AL76) | AN76: =IF(AND(T76="",V76="",Z76="",AB76="",X76="",AD76="",AF76="",AH76="",AJ76="",AL76=""),"",MIN(T76,V76,Z76,AB76,X76,AD76,AF76,AH76,AJ76,AL76)) -> 2.36 | AO76: =IF(AN76="","",IF(AP76=$T$3,IF(J76="",+AN76*E76,AN76*J76),IF(AP76=$V$3,IF(K76="",AN76*E76,AN76*K76),IF(AP76=$X$3,IF(L76="",AN76*E76,AN76*L76),IF(AP76=$Z$3,IF(M76="",AN76*E76,AN76*M76),IF(AP76=$AB$3,IF(N76="",AN76*E76,AN76*N76),IF(AP76=$AD$3,IF(O76="",AN76*E76,AN76*O76),IF(AP76=$AF$3,IF(P76="",AN76*E76,AN76*P76),IF(AP76=$AH$3,IF(Q76="",AN76*E76,AN76*Q76),IF(AP76=$AJ$3,IF(R76="",AN76*E76,AN76*R76),IF(AP76=$AL$3,IF(S76="",AN76*E76,AN76*S76),""))))))))))) -> 3340.9222 | AP76: =IF(AN76="","",IF(AN76=T76,$T$3,IF(AN76=V76,$V$3,IF(AN76=X76,$X$3,IF(AN76=Z76,$Z$3,IF(AN76=AB76,$AB$3,IF(AN76=AD76,$AD$3,IF(AN76=AF76,$AF$3,IF(AN76=AH76,$AH$3,IF(AN76=AJ76,$AJ$3,IF(AN76=AL76,$AL$3,""))))))))))) -> CONSORCIO CHAQUICOCHA S.R.L. | AQ76: =IF($AQ$3="","",IF($AQ$3=$T$3,T76,IF($AQ$3=$V$3,V76,IF($AQ$3=$X$3,X76,IF($AQ$3=$Z$3,Z76,IF($AQ$3=$AB$3,AB76,IF($AQ$3=$AD$3,AD76,IF($AQ$3=$AF$3,AF76,IF($AQ$3=$AH$3,AH76,IF($AQ$3=$AJ$3,AJ76,IF($AQ$3=$AL$3,AL76,""))))))))))) -> 2.36 | AR76: =IF(AQ76="","",IF($AQ$3=$T$3,IF(J76="",AQ76*E76,AQ76*J76),IF($AQ$3=$V$3,IF(K76="",AQ76*E76,AQ76*K76),IF($AQ$3=$X$3,IF(L76="",AQ76*E76,AQ76*L76),IF($AQ$3=$Z$3,IF(M76="",AQ76*E76,AQ76*M76),IF($AQ$3=$AB$3,IF(N76="",AQ76*E76,AQ76*N76),IF($AQ$3=$AD$3,IF(O76="",AQ76*E76,AQ76*O76),IF($AQ$3=$AF$3,IF(P76="",AQ76*E76,AQ76*P76),IF($AQ$3=$AH$3,IF(Q76="",AQ76*E76,AQ76*Q76),IF($AQ$3=$AJ$3,IF(R76="",AQ76*E76,AQ76*R76),IF($AQ$3=$AL$3,IF(S76="",AQ76*E76,AQ76*S76),""))))))))))) -> 3340.9222
B77: 1.5.5 | C77: DIQUE DE TIERRA COMPACTADA A3-I-03 | I77: =IF(H77="","",+H77*G77) | W77: =IF(K77="",IF(V77="","",E77*V77),K77*V77) | Y77: =IF(L77="",IF(X77="","",E77*X77),L77*X77) | AA77: =IF(M77="",IF(Z77="","",E77*Z77),M77*Z77) | AC77: =IF(N77="",IF(AB77="","",E77*AB77),N77*AB77) | AE77: =IF(O77="",IF(AD77="","",E77*AD77),O77*AD77) | AG77: =IF(P77="",IF(AF77="","",E77*AF77),P77*AF77) | AI77: =IF(Q77="",IF(AH77="","",E77*AH77),Q77*AH77) | AK77: =IF(R77="",IF(AJ77="","",E77*AJ77),R77*AJ77) | AM77: =IF(S77="",IF(AL77="","",E77*AL77),S77*AL77) | AN77: =IF(AND(T77="",V77="",Z77="",AB77="",X77="",AD77="",AF77="",AH77="",AJ77="",AL77=""),"",MIN(T77,V77,Z77,AB77,X77,AD77,AF77,AH77,AJ77,AL77)) | AO77: =IF(AN77="","",IF(AP77=$T$3,IF(J77="",+AN77*E77,AN77*J77),IF(AP77=$V$3,IF(K77="",AN77*E77,AN77*K77),IF(AP77=$X$3,IF(L77="",AN77*E77,AN77*L77),IF(AP77=$Z$3,IF(M77="",AN77*E77,AN77*M77),IF(AP77=$AB$3,IF(N77="",AN77*E77,AN77*N77),IF(AP77=$AD$3,IF(O77="",AN77*E77,AN77*O77),IF(AP77=$AF$3,IF(P77="",AN77*E77,AN77*P77),IF(AP77=$AH$3,IF(Q77="",AN77*E77,AN77*Q77),IF(AP77=$AJ$3,IF(R77="",AN77*E77,AN77*R77),IF(AP77=$AL$3,IF(S77="",AN77*E77,AN77*S77),""))))))))))) | AP77: =IF(AN77="","",IF(AN77=T77,$T$3,IF(AN77=V77,$V$3,IF(AN77=X77,$X$3,IF(AN77=Z77,$Z$3,IF(AN77=AB77,$AB$3,IF(AN77=AD77,$AD$3,IF(AN77=AF77,$AF$3,IF(AN77=AH77,$AH$3,IF(AN77=AJ77,$AJ$3,IF(AN77=AL77,$AL$3,"")))))))))))
B78: 1.5.5.1 | C78: EXCAVACIÓN EN TERRENO NATURAL CON EQUIPO | D78: m3 | E78: 34520.4 | I78: =IF(H78="","",+H78*G78) | K78: 34520.4 | T78: 6.54 | U78: 225763.42 | W78: =IF(K78="",IF(V78="","",E78*V78),K78*V78) -> 0 | Y78: =IF(L78="",IF(X78="","",E78*X78),L78*X78) | AA78: =IF(M78="",IF(Z78="","",E78*Z78),M78*Z78) | AC78: =IF(N78="",IF(AB78="","",E78*AB78),N78*AB78) | AE78: =IF(O78="",IF(AD78="","",E78*AD78),O78*AD78) | AG78: =IF(P78="",IF(AF78="","",E78*AF78),P78*AF78) | AI78: =IF(Q78="",IF(AH78="","",E78*AH78),Q78*AH78) | AK78: =IF(R78="",IF(AJ78="","",E78*AJ78),R78*AJ78) | AM78: =IF(S78="",IF(AL78="","",E78*AL78),S78*AL78) | AN78: =IF(AND(T78="",V78="",Z78="",AB78="",X78="",AD78="",AF78="",AH78="",AJ78="",AL78=""),"",MIN(T78,V78,Z78,AB78,X78,AD78,AF78,AH78,AJ78,AL78)) -> 6.54 | AO78: =IF(AN78="","",IF(AP78=$T$3,IF(J78="",+AN78*E78,AN78*J78),IF(AP78=$V$3,IF(K78="",AN78*E78,AN78*K78),IF(AP78=$X$3,IF(L78="",AN78*E78,AN78*L78),IF(AP78=$Z$3,IF(M78="",AN78*E78,AN78*M78),IF(AP78=$AB$3,IF(N78="",AN78*E78,AN78*N78),IF(AP78=$AD$3,IF(O78="",AN78*E78,AN78*O78),IF(AP78=$AF$3,IF(P78="",AN78*E78,AN78*P78),IF(AP78=$AH$3,IF(Q78="",AN78*E78,AN78*Q78),IF(AP78=$AJ$3,IF(R78="",AN78*E78,AN78*R78),IF(AP78=$AL$3,IF(S78="",AN78*E78,AN78*S78),""))))))))))) -> 225763.42 | AP78: =IF(AN78="","",IF(AN78=T78,$T$3,IF(AN78=V78,$V$3,IF(AN78=X78,$X$3,IF(AN78=Z78,$Z$3,IF(AN78=AB78,$AB$3,IF(AN78=AD78,$AD$3,IF(AN78=AF78,$AF$3,IF(AN78=AH78,$AH$3,IF(AN78=AJ78,$AJ$3,IF(AN78=AL78,$AL$3,""))))))))))) -> CONSORCIO CHAQUICOCHA S.R.L. | AQ78: =IF($AQ$3="","",IF($AQ$3=$T$3,T78,IF($AQ$3=$V$3,V78,IF($AQ$3=$X$3,X78,IF($AQ$3=$Z$3,Z78,IF($AQ$3=$AB$3,AB78,IF($AQ$3=$AD$3,AD78,IF($AQ$3=$AF$3,AF78,IF($AQ$3=$AH$3,AH78,IF($AQ$3=$AJ$3,AJ78,IF($AQ$3=$AL$3,AL78,""))))))))))) -> 6.54 | AR78: =IF(AQ78="","",IF($AQ$3=$T$3,IF(J78="",AQ78*E78,AQ78*J78),IF($AQ$3=$V$3,IF(K78="",AQ78*E78,AQ78*K78),IF($AQ$3=$X$3,IF(L78="",AQ78*E78,AQ78*L78),IF($AQ$3=$Z$3,IF(M78="",AQ78*E78,AQ78*M78),IF($AQ$3=$AB$3,IF(N78="",AQ78*E78,AQ78*N78),IF($AQ$3=$AD$3,IF(O78="",AQ78*E78,AQ78*O78),IF($AQ$3=$AF$3,IF(P78="",AQ78*E78,AQ78*P78),IF($AQ$3=$AH$3,IF(Q78="",AQ78*E78,AQ78*Q78),IF($AQ$3=$AJ$3,IF(R78="",AQ78*E78,AQ78*R78),IF($AQ$3=$AL$3,IF(S78="",AQ78*E78,AQ78*S78),""))))))))))) -> 225763.42
B79: 1.5.5.2 | C79: EXCAVACIÓN DE UÑA CON EQUIPO | D79: m3 | E79: 13780.8 | I79: =IF(H79="","",+H79*G79) | K79: 13780.8 | T79: 6.72 | U79: 92606.976 | W79: =IF(K79="",IF(V79="","",E79*V79),K79*V79) -> 0 | Y79: =IF(L79="",IF(X79="","",E79*X79),L79*X79) | AA79: =IF(M79="",IF(Z79="","",E79*Z79),M79*Z79) | AC79: =IF(N79="",IF(AB79="","",E79*AB79),N79*AB79) | AE79: =IF(O79="",IF(AD79="","",E79*AD79),O79*AD79) | AG79: =IF(P79="",IF(AF79="","",E79*AF79),P79*AF79) | AI79: =IF(Q79="",IF(AH79="","",E79*AH79),Q79*AH79) | AK79: =IF(R79="",IF(AJ79="","",E79*AJ79),R79*AJ79) | AM79: =IF(S79="",IF(AL79="","",E79*AL79),S79*AL79) | AN79: =IF(AND(T79="",V79="",Z79="",AB79="",X79="",AD79="",AF79="",AH79="",AJ79="",AL79=""),"",MIN(T79,V79,Z79,AB79,X79,AD79,AF79,AH79,AJ79,AL79)) -> 6.72 | AO79: =IF(AN79="","",IF(AP79=$T$3,IF(J79="",+AN79*E79,AN79*J79),IF(AP79=$V$3,IF(K79="",AN79*E79,AN79*K79),IF(AP79=$X$3,IF(L79="",AN79*E79,AN79*L79),IF(AP79=$Z$3,IF(M79="",AN79*E79,AN79*M79),IF(AP79=$AB$3,IF(N79="",AN79*E79,AN79*N79),IF(AP79=$AD$3,IF(O79="",AN79*E79,AN79*O79),IF(AP79=$AF$3,IF(P79="",AN79*E79,AN79*P79),IF(AP79=$AH$3,IF(Q79="",AN79*E79,AN79*Q79),IF(AP79=$AJ$3,IF(R79="",AN79*E79,AN79*R79),IF(AP79=$AL$3,IF(S79="",AN79*E79,AN79*S79),""))))))))))) -> 92606.976 | AP79: =IF(AN79="","",IF(AN79=T79,$T$3,IF(AN79=V79,$V$3,IF(AN79=X79,$X$3,IF(AN79=Z79,$Z$3,IF(AN79=AB79,$AB$3,IF(AN79=AD79,$AD$3,IF(AN79=AF79,$AF$3,IF(AN79=AH79,$AH$3,IF(AN79=AJ79,$AJ$3,IF(AN79=AL79,$AL$3,""))))))))))) -> CONSORCIO CHAQUICOCHA S.R.L. | AQ79: =IF($AQ$3="","",IF($AQ$3=$T$3,T79,IF($AQ$3=$V$3,V79,IF($AQ$3=$X$3,X79,IF($AQ$3=$Z$3,Z79,IF($AQ$3=$AB$3,AB79,IF($AQ$3=$AD$3,AD79,IF($AQ$3=$AF$3,AF79,IF($AQ$3=$AH$3,AH79,IF($AQ$3=$AJ$3,AJ79,IF($AQ$3=$AL$3,AL79,""))))))))))) -> 6.72 | AR79: =IF(AQ79="","",IF($AQ$3=$T$3,IF(J79="",AQ79*E79,AQ79*J79),IF($AQ$3=$V$3,IF(K79="",AQ79*E79,AQ79*K79),IF($AQ$3=$X$3,IF(L79="",AQ79*E79,AQ79*L79),IF($AQ$3=$Z$3,IF(M79="",AQ79*E79,AQ79*M79),IF($AQ$3=$AB$3,IF(N79="",AQ79*E79,AQ79*N79),IF($AQ$3=$AD$3,IF(O79="",AQ79*E79,AQ79*O79),IF($AQ$3=$AF$3,IF(P79="",AQ79*E79,AQ79*P79),IF($AQ$3=$AH$3,IF(Q79="",AQ79*E79,AQ79*Q79),IF($AQ$3=$AJ$3,IF(R79="",AQ79*E79,AQ79*R79),IF($AQ$3=$AL$3,IF(S79="",AQ79*E79,AQ79*S79),""))))))))))) -> 92606.976
B80: 1.5.5.3 | C80: PERFILADO Y COMPACTACIÓN EN ZONA DE CORTE | D80: m2 | E80: 56400.658 | I80: =IF(H80="","",+H80*G80) | K80: 56400.658 | T80: 2.66 | U80: 150025.76 | W80: =IF(K80="",IF(V80="","",E80*V80),K80*V80) -> 0 | Y80: =IF(L80="",IF(X80="","",E80*X80),L80*X80) | AA80: =IF(M80="",IF(Z80="","",E80*Z80),M80*Z80) | AC80: =IF(N80="",IF(AB80="","",E80*AB80),N80*AB80) | AE80: =IF(O80="",IF(AD80="","",E80*AD80),O80*AD80) | AG80: =IF(P80="",IF(AF80="","",E80*AF80),P80*AF80) | AI80: =IF(Q80="",IF(AH80="","",E80*AH80),Q80*AH80) | AK80: =IF(R80="",IF(AJ80="","",E80*AJ80),R80*AJ80) | AM80: =IF(S80="",IF(AL80="","",E80*AL80),S80*AL80) | AN80: =IF(AND(T80="",V80="",Z80="",AB80="",X80="",AD80="",AF80="",AH80="",AJ80="",AL80=""),"",MIN(T80,V80,Z80,AB80,X80,AD80,AF80,AH80,AJ80,AL80)) -> 2.66 | AO80: =IF(AN80="","",IF(AP80=$T$3,IF(J80="",+AN80*E80,AN80*J80),IF(AP80=$V$3,IF(K80="",AN80*E80,AN80*K80),IF(AP80=$X$3,IF(L80="",AN80*E80,AN80*L80),IF(AP80=$Z$3,IF(M80="",AN80*E80,AN80*M80),IF(AP80=$AB$3,IF(N80="",AN80*E80,AN80*N80),IF(AP80=$AD$3,IF(O80="",AN80*E80,AN80*O80),IF(AP80=$AF$3,IF(P80="",AN80*E80,AN80*P80),IF(AP80=$AH$3,IF(Q80="",AN80*E80,AN80*Q80),IF(AP80=$AJ$3,IF(R80="",AN80*E80,AN80*R80),IF(AP80=$AL$3,IF(S80="",AN80*E80,AN80*S80),""))))))))))) -> 150025.75 | AP80: =IF(AN80="","",IF(AN80=T80,$T$3,IF(AN80=V80,$V$3,IF(AN80=X80,$X$3,IF(AN80=Z80,$Z$3,IF(AN80=AB80,$AB$3,IF(AN80=AD80,$AD$3,IF(AN80=AF80,$AF$3,IF(AN80=AH80,$AH$3,IF(AN80=AJ80,$AJ$3,IF(AN80=AL80,$AL$3,""))))))))))) -> CONSORCIO CHAQUICOCHA S.R.L. | AQ80: =IF($AQ$3="","",IF($AQ$3=$T$3,T80,IF($AQ$3=$V$3,V80,IF($AQ$3=$X$3,X80,IF($AQ$3=$Z$3,Z80,IF($AQ$3=$AB$3,AB80,IF($AQ$3=$AD$3,AD80,IF($AQ$3=$AF$3,AF80,IF($AQ$3=$AH$3,AH80,IF($AQ$3=$AJ$3,AJ80,IF($AQ$3=$AL$3,AL80,""))))))))))) -> 2.66 | AR80: =IF(AQ80="","",IF($AQ$3=$T$3,IF(J80="",AQ80*E80,AQ80*J80),IF($AQ$3=$V$3,IF(K80="",AQ80*E80,AQ80*K80),IF($AQ$3=$X$3,IF(L80="",AQ80*E80,AQ80*L80),IF($AQ$3=$Z$3,IF(M80="",AQ80*E80,AQ80*M80),IF($AQ$3=$AB$3,IF(N80="",AQ80*E80,AQ80*N80),IF($AQ$3=$AD$3,IF(O80="",AQ80*E80,AQ80*O80),IF($AQ$3=$AF$3,IF(P80="",AQ80*E80,AQ80*P80),IF($AQ$3=$AH$3,IF(Q80="",AQ80*E80,AQ80*Q80),IF($AQ$3=$AJ$3,IF(R80="",AQ80*E80,AQ80*R80),IF($AQ$3=$AL$3,IF(S80="",AQ80*E80,AQ80*S80),""))))))))))) -> 150025.75 | AT80: Verificar posibilidad de mejora en rendimiento
B81: 1.5.5.4 | C81: CONFORMACIÓN DE CUERPO DE DIQUE CON MATERIAL PROPIO | D81: m3 | E81: 5646.1 | I81: =IF(H81="","",+H81*G81) | K81: 5646.1 | T81: 36.36 | U81: 205292.2 | W81: =IF(K81="",IF(V81="","",E81*V81),K81*V81) -> 0 | Y81: =IF(L81="",IF(X81="","",E81*X81),L81*X81) | AA81: =IF(M81="",IF(Z81="","",E81*Z81),M81*Z81) | AC81: =IF(N81="",IF(AB81="","",E81*AB81),N81*AB81) | AE81: =IF(O81="",IF(AD81="","",E81*AD81),O81*AD81) | AG81: =IF(P81="",IF(AF81="","",E81*AF81),P81*AF81) | AI81: =IF(Q81="",IF(AH81="","",E81*AH81),Q81*AH81) | AK81: =IF(R81="",IF(AJ81="","",E81*AJ81),R81*AJ81) | AM81: =IF(S81="",IF(AL81="","",E81*AL81),S81*AL81) | AN81: =IF(AND(T81="",V81="",Z81="",AB81="",X81="",AD81="",AF81="",AH81="",AJ81="",AL81=""),"",MIN(T81,V81,Z81,AB81,X81,AD81,AF81,AH81,AJ81,AL81)) -> 36.36 | AO81: =IF(AN81="","",IF(AP81=$T$3,IF(J81="",+AN81*E81,AN81*J81),IF(AP81=$V$3,IF(K81="",AN81*E81,AN81*K81),IF(AP81=$X$3,IF(L81="",AN81*E81,AN81*L81),IF(AP81=$Z$3,IF(M81="",AN81*E81,AN81*M81),IF(AP81=$AB$3,IF(N81="",AN81*E81,AN81*N81),IF(AP81=$AD$3,IF(O81="",AN81*E81,AN81*O81),IF(AP81=$AF$3,IF(P81="",AN81*E81,AN81*P81),IF(AP81=$AH$3,IF(Q81="",AN81*E81,AN81*Q81),IF(AP81=$AJ$3,IF(R81="",AN81*E81,AN81*R81),IF(AP81=$AL$3,IF(S81="",AN81*E81,AN81*S81),""))))))))))) -> 205292.2 | AP81: =IF(AN81="","",IF(AN81=T81,$T$3,IF(AN81=V81,$V$3,IF(AN81=X81,$X$3,IF(AN81=Z81,$Z$3,IF(AN81=AB81,$AB$3,IF(AN81=AD81,$AD$3,IF(AN81=AF81,$AF$3,IF(AN81=AH81,$AH$3,IF(AN81=AJ81,$AJ$3,IF(AN81=AL81,$AL$3,""))))))))))) -> CONSORCIO CHAQUICOCHA S.R.L. | AQ81: =IF($AQ$3="","",IF($AQ$3=$T$3,T81,IF($AQ$3=$V$3,V81,IF($AQ$3=$X$3,X81,IF($AQ$3=$Z$3,Z81,IF($AQ$3=$AB$3,AB81,IF($AQ$3=$AD$3,AD81,IF($AQ$3=$AF$3,AF81,IF($AQ$3=$AH$3,AH81,IF($AQ$3=$AJ$3,AJ81,IF($AQ$3=$AL$3,AL81,""))))))))))) -> 36.36 | AR81: =IF(AQ81="","",IF($AQ$3=$T$3,IF(J81="",AQ81*E81,AQ81*J81),IF($AQ$3=$V$3,IF(K81="",AQ81*E81,AQ81*K81),IF($AQ$3=$X$3,IF(L81="",AQ81*E81,AQ81*L81),IF($AQ$3=$Z$3,IF(M81="",AQ81*E81,AQ81*M81),IF($AQ$3=$AB$3,IF(N81="",AQ81*E81,AQ81*N81),IF($AQ$3=$AD$3,IF(O81="",AQ81*E81,AQ81*O81),IF($AQ$3=$AF$3,IF(P81="",AQ81*E81,AQ81*P81),IF($AQ$3=$AH$3,IF(Q81="",AQ81*E81,AQ81*Q81),IF($AQ$3=$AJ$3,IF(R81="",AQ81*E81,AQ81*R81),IF($AQ$3=$AL$3,IF(S81="",AQ81*E81,AQ81*S81),""))))))))))) -> 205292.2
B82: 1.5.5.5 | C82: CONFORMACIÓN DE CORONA DE DIQUE CON MATERIAL PROPIO | D82: m3 | E82: 4114.4 | I82: =IF(H82="","",+H82*G82) | K82: 4114.4 | T82: 38.95 | U82: 160255.88 | W82: =IF(K82="",IF(V82="","",E82*V82),K82*V82) -> 0 | Y82: =IF(L82="",IF(X82="","",E82*X82),L82*X82) | AA82: =IF(M82="",IF(Z82="","",E82*Z82),M82*Z82) | AC82: =IF(N82="",IF(AB82="","",E82*AB82),N82*AB82) | AE82: =IF(O82="",IF(AD82="","",E82*AD82),O82*AD82) | AG82: =IF(P82="",IF(AF82="","",E82*AF82),P82*AF82) | AI82: =IF(Q82="",IF(AH82="","",E82*AH82),Q82*AH82) | AK82: =IF(R82="",IF(AJ82="","",E82*AJ82),R82*AJ82) | AM82: =IF(S82="",IF(AL82="","",E82*AL82),S82*AL82) | AN82: =IF(AND(T82="",V82="",Z82="",AB82="",X82="",AD82="",AF82="",AH82="",AJ82="",AL82=""),"",MIN(T82,V82,Z82,AB82,X82,AD82,AF82,AH82,AJ82,AL82)) -> 38.95 | AO82: =IF(AN82="","",IF(AP82=$T$3,IF(J82="",+AN82*E82,AN82*J82),IF(AP82=$V$3,IF(K82="",AN82*E82,AN82*K82),IF(AP82=$X$3,IF(L82="",AN82*E82,AN82*L82),IF(AP82=$Z$3,IF(M82="",AN82*E82,AN82*M82),IF(AP82=$AB$3,IF(N82="",AN82*E82,AN82*N82),IF(AP82=$AD$3,IF(O82="",AN82*E82,AN82*O82),IF(AP82=$AF$3,IF(P82="",AN82*E82,AN82*P82),IF(AP82=$AH$3,IF(Q82="",AN82*E82,AN82*Q82),IF(AP82=$AJ$3,IF(R82="",AN82*E82,AN82*R82),IF(AP82=$AL$3,IF(S82="",AN82*E82,AN82*S82),""))))))))))) -> 160255.88 | AP82: =IF(AN82="","",IF(AN82=T82,$T$3,IF(AN82=V82,$V$3,IF(AN82=X82,$X$3,IF(AN82=Z82,$Z$3,IF(AN82=AB82,$AB$3,IF(AN82=AD82,$AD$3,IF(AN82=AF82,$AF$3,IF(AN82=AH82,$AH$3,IF(AN82=AJ82,$AJ$3,IF(AN82=AL82,$AL$3,""))))))))))) -> CONSORCIO CHAQUICOCHA S.R.L. | AQ82: =IF($AQ$3="","",IF($AQ$3=$T$3,T82,IF($AQ$3=$V$3,V82,IF($AQ$3=$X$3,X82,IF($AQ$3=$Z$3,Z82,IF($AQ$3=$AB$3,AB82,IF($AQ$3=$AD$3,AD82,IF($AQ$3=$AF$3,AF82,IF($AQ$3=$AH$3,AH82,IF($AQ$3=$AJ$3,AJ82,IF($AQ$3=$AL$3,AL82,""))))))))))) -> 38.95 | AR82: =IF(AQ82="","",IF($AQ$3=$T$3,IF(J82="",AQ82*E82,AQ82*J82),IF($AQ$3=$V$3,IF(K82="",AQ82*E82,AQ82*K82),IF($AQ$3=$X$3,IF(L82="",AQ82*E82,AQ82*L82),IF($AQ$3=$Z$3,IF(M82="",AQ82*E82,AQ82*M82),IF($AQ$3=$AB$3,IF(N82="",AQ82*E82,AQ82*N82),IF($AQ$3=$AD$3,IF(O82="",AQ82*E82,AQ82*O82),IF($AQ$3=$AF$3,IF(P82="",AQ82*E82,AQ82*P82),IF($AQ$3=$AH$3,IF(Q82="",AQ82*E82,AQ82*Q82),IF($AQ$3=$AJ$3,IF(R82="",AQ82*E82,AQ82*R82),IF($AQ$3=$AL$3,IF(S82="",AQ82*E82,AQ82*S82),""))))))))))) -> 160255.88
B83: 1.5.5.6 | C83: GEOTEXTIL NO TEJIDO 400 G/M2, INC. COLOCACIÓN | D83: m2 | E83: 19821.78 | I83: =IF(H83="","",+H83*G83) | K83: 19821.78 | T83: 12.47 | U83: 247177.6 | W83: =IF(K83="",IF(V83="","",E83*V83),K83*V83) -> 0 | Y83: =IF(L83="",IF(X83="","",E83*X83),L83*X83) | AA83: =IF(M83="",IF(Z83="","",E83*Z83),M83*Z83) | AC83: =IF(N83="",IF(AB83="","",E83*AB83),N83*AB83) | AE83: =IF(O83="",IF(AD83="","",E83*AD83),O83*AD83) | AG83: =IF(P83="",IF(AF83="","",E83*AF83),P83*AF83) | AI83: =IF(Q83="",IF(AH83="","",E83*AH83),Q83*AH83) | AK83: =IF(R83="",IF(AJ83="","",E83*AJ83),R83*AJ83) | AM83: =IF(S83="",IF(AL83="","",E83*AL83),S83*AL83) | AN83: =IF(AND(T83="",V83="",Z83="",AB83="",X83="",AD83="",AF83="",AH83="",AJ83="",AL83=""),"",MIN(T83,V83,Z83,AB83,X83,AD83,AF83,AH83,AJ83,AL83)) -> 12.47 | AO83: =IF(AN83="","",IF(AP83=$T$3,IF(J83="",+AN83*E83,AN83*J83),IF(AP83=$V$3,IF(K83="",AN83*E83,AN83*K83),IF(AP83=$X$3,IF(L83="",AN83*E83,AN83*L83),IF(AP83=$Z$3,IF(M83="",AN83*E83,AN83*M83),IF(AP83=$AB$3,IF(N83="",AN83*E83,AN83*N83),IF(AP83=$AD$3,IF(O83="",AN83*E83,AN83*O83),IF(AP83=$AF$3,IF(P83="",AN83*E83,AN83*P83),IF(AP83=$AH$3,IF(Q83="",AN83*E83,AN83*Q83),IF(AP83=$AJ$3,IF(R83="",AN83*E83,AN83*R83),IF(AP83=$AL$3,IF(S83="",AN83*E83,AN83*S83),""))))))))))) -> 247177.6 | AP83: =IF(AN83="","",IF(AN83=T83,$T$3,IF(AN83=V83,$V$3,IF(AN83=X83,$X$3,IF(AN83=Z83,$Z$3,IF(AN83=AB83,$AB$3,IF(AN83=AD83,$AD$3,IF(AN83=AF83,$AF$3,IF(AN83=AH83,$AH$3,IF(AN83=AJ83,$AJ$3,IF(AN83=AL83,$AL$3,""))))))))))) -> CONSORCIO CHAQUICOCHA S.R.L. | AQ83: =IF($AQ$3="","",IF($AQ$3=$T$3,T83,IF($AQ$3=$V$3,V83,IF($AQ$3=$X$3,X83,IF($AQ$3=$Z$3,Z83,IF($AQ$3=$AB$3,AB83,IF($AQ$3=$AD$3,AD83,IF($AQ$3=$AF$3,AF83,IF($AQ$3=$AH$3,AH83,IF($AQ$3=$AJ$3,AJ83,IF($AQ$3=$AL$3,AL83,""))))))))))) -> 12.47 | AR83: =IF(AQ83="","",IF($AQ$3=$T$3,IF(J83="",AQ83*E83,AQ83*J83),IF($AQ$3=$V$3,IF(K83="",AQ83*E83,AQ83*K83),IF($AQ$3=$X$3,IF(L83="",AQ83*E83,AQ83*L83),IF($AQ$3=$Z$3,IF(M83="",AQ83*E83,AQ83*M83),IF($AQ$3=$AB$3,IF(N83="",AQ83*E83,AQ83*N83),IF($AQ$3=$AD$3,IF(O83="",AQ83*E83,AQ83*O83),IF($AQ$3=$AF$3,IF(P83="",AQ83*E83,AQ83*P83),IF($AQ$3=$AH$3,IF(Q83="",AQ83*E83,AQ83*Q83),IF($AQ$3=$AJ$3,IF(R83="",AQ83*E83,AQ83*R83),IF($AQ$3=$AL$3,IF(S83="",AQ83*E83,AQ83*S83),""))))))))))) -> 247177.6
B84: 1.5.5.7 | C84: COLOCACION Y ACOMODO DE ROCA EN UÑA DE DIQUE | D84: m3 | E84: 13780.8 | I84: =IF(H84="","",+H84*G84) | K84: 13780.8 | T84: 93.52 | U84: 1288780.4 | W84: =IF(K84="",IF(V84="","",E84*V84),K84*V84) -> 0 | Y84: =IF(L84="",IF(X84="","",E84*X84),L84*X84) | AA84: =IF(M84="",IF(Z84="","",E84*Z84),M84*Z84) | AC84: =IF(N84="",IF(AB84="","",E84*AB84),N84*AB84) | AE84: =IF(O84="",IF(AD84="","",E84*AD84),O84*AD84) | AG84: =IF(P84="",IF(AF84="","",E84*AF84),P84*AF84) | AI84: =IF(Q84="",IF(AH84="","",E84*AH84),Q84*AH84) | AK84: =IF(R84="",IF(AJ84="","",E84*AJ84),R84*AJ84) | AM84: =IF(S84="",IF(AL84="","",E84*AL84),S84*AL84) | AN84: =IF(AND(T84="",V84="",Z84="",AB84="",X84="",AD84="",AF84="",AH84="",AJ84="",AL84=""),"",MIN(T84,V84,Z84,AB84,X84,AD84,AF84,AH84,AJ84,AL84)) -> 93.52 | AO84: =IF(AN84="","",IF(AP84=$T$3,IF(J84="",+AN84*E84,AN84*J84),IF(AP84=$V$3,IF(K84="",AN84*E84,AN84*K84),IF(AP84=$X$3,IF(L84="",AN84*E84,AN84*L84),IF(AP84=$Z$3,IF(M84="",AN84*E84,AN84*M84),IF(AP84=$AB$3,IF(N84="",AN84*E84,AN84*N84),IF(AP84=$AD$3,IF(O84="",AN84*E84,AN84*O84),IF(AP84=$AF$3,IF(P84="",AN84*E84,AN84*P84),IF(AP84=$AH$3,IF(Q84="",AN84*E84,AN84*Q84),IF(AP84=$AJ$3,IF(R84="",AN84*E84,AN84*R84),IF(AP84=$AL$3,IF(S84="",AN84*E84,AN84*S84),""))))))))))) -> 1288780.4 | AP84: =IF(AN84="","",IF(AN84=T84,$T$3,IF(AN84=V84,$V$3,IF(AN84=X84,$X$3,IF(AN84=Z84,$Z$3,IF(AN84=AB84,$AB$3,IF(AN84=AD84,$AD$3,IF(AN84=AF84,$AF$3,IF(AN84=AH84,$AH$3,IF(AN84=AJ84,$AJ$3,IF(AN84=AL84,$AL$3,""))))))))))) -> CONSORCIO CHAQUICOCHA S.R.L. | AQ84: =IF($AQ$3="","",IF($AQ$3=$T$3,T84,IF($AQ$3=$V$3,V84,IF($AQ$3=$X$3,X84,IF($AQ$3=$Z$3,Z84,IF($AQ$3=$AB$3,AB84,IF($AQ$3=$AD$3,AD84,IF($AQ$3=$AF$3,AF84,IF($AQ$3=$AH$3,AH84,IF($AQ$3=$AJ$3,AJ84,IF($AQ$3=$AL$3,AL84,""))))))))))) -> 93.52 | AR84: =IF(AQ84="","",IF($AQ$3=$T$3,IF(J84="",AQ84*E84,AQ84*J84),IF($AQ$3=$V$3,IF(K84="",AQ84*E84,AQ84*K84),IF($AQ$3=$X$3,IF(L84="",AQ84*E84,AQ84*L84),IF($AQ$3=$Z$3,IF(M84="",AQ84*E84,AQ84*M84),IF($AQ$3=$AB$3,IF(N84="",AQ84*E84,AQ84*N84),IF($AQ$3=$AD$3,IF(O84="",AQ84*E84,AQ84*O84),IF($AQ$3=$AF$3,IF(P84="",AQ84*E84,AQ84*P84),IF($AQ$3=$AH$3,IF(Q84="",AQ84*E84,AQ84*Q84),IF($AQ$3=$AJ$3,IF(R84="",AQ84*E84,AQ84*R84),IF($AQ$3=$AL$3,IF(S84="",AQ84*E84,AQ84*S84),""))))))))))) -> 1288780.4 | AT84: Evaluar rendimiento considerado en la partida de colocación de roca
B85: 1.5.5.8 | C85: COLOCACION Y ACOMODO DE ROCA EN TALUD DE DIQUE | D85: m3 | E85: 16644 | I85: =IF(H85="","",+H85*G85) | K85: 16644 | T85: 108.28 | U85: 1802212.3 | W85: =IF(K85="",IF(V85="","",E85*V85),K85*V85) -> 0 | Y85: =IF(L85="",IF(X85="","",E85*X85),L85*X85) | AA85: =IF(M85="",IF(Z85="","",E85*Z85),M85*Z85) | AC85: =IF(N85="",IF(AB85="","",E85*AB85),N85*AB85) | AE85: =IF(O85="",IF(AD85="","",E85*AD85),O85*AD85) | AG85: =IF(P85="",IF(AF85="","",E85*AF85),P85*AF85) | AI85: =IF(Q85="",IF(AH85="","",E85*AH85),Q85*AH85) | AK85: =IF(R85="",IF(AJ85="","",E85*AJ85),R85*AJ85) | AM85: =IF(S85="",IF(AL85="","",E85*AL85),S85*AL85) | AN85: =IF(AND(T85="",V85="",Z85="",AB85="",X85="",AD85="",AF85="",AH85="",AJ85="",AL85=""),"",MIN(T85,V85,Z85,AB85,X85,AD85,AF85,AH85,AJ85,AL85)) -> 108.28 | AO85: =IF(AN85="","",IF(AP85=$T$3,IF(J85="",+AN85*E85,AN85*J85),IF(AP85=$V$3,IF(K85="",AN85*E85,AN85*K85),IF(AP85=$X$3,IF(L85="",AN85*E85,AN85*L85),IF(AP85=$Z$3,IF(M85="",AN85*E85,AN85*M85),IF(AP85=$AB$3,IF(N85="",AN85*E85,AN85*N85),IF(AP85=$AD$3,IF(O85="",AN85*E85,AN85*O85),IF(AP85=$AF$3,IF(P85="",AN85*E85,AN85*P85),IF(AP85=$AH$3,IF(Q85="",AN85*E85,AN85*Q85),IF(AP85=$AJ$3,IF(R85="",AN85*E85,AN85*R85),IF(AP85=$AL$3,IF(S85="",AN85*E85,AN85*S85),""))))))))))) -> 1802212.3 | AP85: =IF(AN85="","",IF(AN85=T85,$T$3,IF(AN85=V85,$V$3,IF(AN85=X85,$X$3,IF(AN85=Z85,$Z$3,IF(AN85=AB85,$AB$3,IF(AN85=AD85,$AD$3,IF(AN85=AF85,$AF$3,IF(AN85=AH85,$AH$3,IF(AN85=AJ85,$AJ$3,IF(AN85=AL85,$AL$3,""))))))))))) -> CONSORCIO CHAQUICOCHA S.R.L. | AQ85: =IF($AQ$3="","",IF($AQ$3=$T$3,T85,IF($AQ$3=$V$3,V85,IF($AQ$3=$X$3,X85,IF($AQ$3=$Z$3,Z85,IF($AQ$3=$AB$3,AB85,IF($AQ$3=$AD$3,AD85,IF($AQ$3=$AF$3,AF85,IF($AQ$3=$AH$3,AH85,IF($AQ$3=$AJ$3,AJ85,IF($AQ$3=$AL$3,AL85,""))))))))))) -> 108.28 | AR85: =IF(AQ85="","",IF($AQ$3=$T$3,IF(J85="",AQ85*E85,AQ85*J85),IF($AQ$3=$V$3,IF(K85="",AQ85*E85,AQ85*K85),IF($AQ$3=$X$3,IF(L85="",AQ85*E85,AQ85*L85),IF($AQ$3=$Z$3,IF(M85="",AQ85*E85,AQ85*M85),IF($AQ$3=$AB$3,IF(N85="",AQ85*E85,AQ85*N85),IF($AQ$3=$AD$3,IF(O85="",AQ85*E85,AQ85*O85),IF($AQ$3=$AF$3,IF(P85="",AQ85*E85,AQ85*P85),IF($AQ$3=$AH$3,IF(Q85="",AQ85*E85,AQ85*Q85),IF($AQ$3=$AJ$3,IF(R85="",AQ85*E85,AQ85*R85),IF($AQ$3=$AL$3,IF(S85="",AQ85*E85,AQ85*S85),""))))))))))) -> 1802212.3 | AT85: Evaluar rendimiento considerado en la partida de colocación de roca
B86: 1.5.5.9 | C86: PREPARACIÓN DE FUNDACIÓN DE CUERPO DE DIQUE | D86: m2 | E86: 9866.35 | I86: =IF(H86="","",+H86*G86) | K86: 9866.35 | T86: 2.36 | U86: 23284.586 | W86: =IF(K86="",IF(V86="","",E86*V86),K86*V86) -> 0 | Y86: =IF(L86="",IF(X86="","",E86*X86),L86*X86) | AA86: =IF(M86="",IF(Z86="","",E86*Z86),M86*Z86) | AC86: =IF(N86="",IF(AB86="","",E86*AB86),N86*AB86) | AE86: =IF(O86="",IF(AD86="","",E86*AD86),O86*AD86) | AG86: =IF(P86="",IF(AF86="","",E86*AF86),P86*AF86) | AI86: =IF(Q86="",IF(AH86="","",E86*AH86),Q86*AH86) | AK86: =IF(R86="",IF(AJ86="","",E86*AJ86),R86*AJ86) | AM86: =IF(S86="",IF(AL86="","",E86*AL86),S86*AL86) | AN86: =IF(AND(T86="",V86="",Z86="",AB86="",X86="",AD86="",AF86="",AH86="",AJ86="",AL86=""),"",MIN(T86,V86,Z86,AB86,X86,AD86,AF86,AH86,AJ86,AL86)) -> 2.36 | AO86: =IF(AN86="","",IF(AP86=$T$3,IF(J86="",+AN86*E86,AN86*J86),IF(AP86=$V$3,IF(K86="",AN86*E86,AN86*K86),IF(AP86=$X$3,IF(L86="",AN86*E86,AN86*L86),IF(AP86=$Z$3,IF(M86="",AN86*E86,AN86*M86),IF(AP86=$AB$3,IF(N86="",AN86*E86,AN86*N86),IF(AP86=$AD$3,IF(O86="",AN86*E86,AN86*O86),IF(AP86=$AF$3,IF(P86="",AN86*E86,AN86*P86),IF(AP86=$AH$3,IF(Q86="",AN86*E86,AN86*Q86),IF(AP86=$AJ$3,IF(R86="",AN86*E86,AN86*R86),IF(AP86=$AL$3,IF(S86="",AN86*E86,AN86*S86),""))))))))))) -> 23284.586 | AP86: =IF(AN86="","",IF(AN86=T86,$T$3,IF(AN86=V86,$V$3,IF(AN86=X86,$X$3,IF(AN86=Z86,$Z$3,IF(AN86=AB86,$AB$3,IF(AN86=AD86,$AD$3,IF(AN86=AF86,$AF$3,IF(AN86=AH86,$AH$3,IF(AN86=AJ86,$AJ$3,IF(AN86=AL86,$AL$3,""))))))))))) -> CONSORCIO CHAQUICOCHA S.R.L. | AQ86: =IF($AQ$3="","",IF($AQ$3=$T$3,T86,IF($AQ$3=$V$3,V86,IF($AQ$3=$X$3,X86,IF($AQ$3=$Z$3,Z86,IF($AQ$3=$AB$3,AB86,IF($AQ$3=$AD$3,AD86,IF($AQ$3=$AF$3,AF86,IF($AQ$3=$AH$3,AH86,IF($AQ$3=$AJ$3,AJ86,IF($AQ$3=$AL$3,AL86,""))))))))))) -> 2.36 | AR86: =IF(AQ86="","",IF($AQ$3=$T$3,IF(J86="",AQ86*E86,AQ86*J86),IF($AQ$3=$V$3,IF(K86="",AQ86*E86,AQ86*K86),IF($AQ$3=$X$3,IF(L86="",AQ86*E86,AQ86*L86),IF($AQ$3=$Z$3,IF(M86="",AQ86*E86,AQ86*M86),IF($AQ$3=$AB$3,IF(N86="",AQ86*E86,AQ86*N86),IF($AQ$3=$AD$3,IF(O86="",AQ86*E86,AQ86*O86),IF($AQ$3=$AF$3,IF(P86="",AQ86*E86,AQ86*P86),IF($AQ$3=$AH$3,IF(Q86="",AQ86*E86,AQ86*Q86),IF($AQ$3=$AJ$3,IF(R86="",AQ86*E86,AQ86*R86),IF($AQ$3=$AL$3,IF(S86="",AQ86*E86,AQ86*S86),""))))))))))) -> 23284.586
B87: 1.6 | C87: RAMPAS | I87: =IF(H87="","",+H87*G87) | W87: =IF(K87="",IF(V87="","",E87*V87),K87*V87) | Y87: =IF(L87="",IF(X87="","",E87*X87),L87*X87) | AA87: =IF(M87="",IF(Z87="","",E87*Z87),M87*Z87) | AC87: =IF(N87="",IF(AB87="","",E87*AB87),N87*AB87) | AE87: =IF(O87="",IF(AD87="","",E87*AD87),O87*AD87) | AG87: =IF(P87="",IF(AF87="","",E87*AF87),P87*AF87) | AI87: =IF(Q87="",IF(AH87="","",E87*AH87),Q87*AH87) | AK87: =IF(R87="",IF(AJ87="","",E87*AJ87),R87*AJ87) | AM87: =IF(S87="",IF(AL87="","",E87*AL87),S87*AL87) | AN87: =IF(AND(T87="",V87="",Z87="",AB87="",X87="",AD87="",AF87="",AH87="",AJ87="",AL87=""),"",MIN(T87,V87,Z87,AB87,X87,AD87,AF87,AH87,AJ87,AL87)) | AO87: =IF(AN87="","",IF(AP87=$T$3,IF(J87="",+AN87*E87,AN87*J87),IF(AP87=$V$3,IF(K87="",AN87*E87,AN87*K87),IF(AP87=$X$3,IF(L87="",AN87*E87,AN87*L87),IF(AP87=$Z$3,IF(M87="",AN87*E87,AN87*M87),IF(AP87=$AB$3,IF(N87="",AN87*E87,AN87*N87),IF(AP87=$AD$3,IF(O87="",AN87*E87,AN87*O87),IF(AP87=$AF$3,IF(P87="",AN87*E87,AN87*P87),IF(AP87=$AH$3,IF(Q87="",AN87*E87,AN87*Q87),IF(AP87=$AJ$3,IF(R87="",AN87*E87,AN87*R87),IF(AP87=$AL$3,IF(S87="",AN87*E87,AN87*S87),""))))))))))) | AP87: =IF(AN87="","",IF(AN87=T87,$T$3,IF(AN87=V87,$V$3,IF(AN87=X87,$X$3,IF(AN87=Z87,$Z$3,IF(AN87=AB87,$AB$3,IF(AN87=AD87,$AD$3,IF(AN87=AF87,$AF$3,IF(AN87=AH87,$AH$3,IF(AN87=AJ87,$AJ$3,IF(AN87=AL87,$AL$3,"")))))))))))
B88: 1.6.1 | C88: EXCAVACIÓN EN TERRENO NATURAL CON EQUIPO | D88: m3 | E88: 427.266 | I88: =IF(H88="","",+H88*G88) | K88: 427.266 | T88: 6.54 | U88: 2794.3458 | W88: =IF(K88="",IF(V88="","",E88*V88),K88*V88) -> 0 | Y88: =IF(L88="",IF(X88="","",E88*X88),L88*X88) | AA88: =IF(M88="",IF(Z88="","",E88*Z88),M88*Z88) | AC88: =IF(N88="",IF(AB88="","",E88*AB88),N88*AB88) | AE88: =IF(O88="",IF(AD88="","",E88*AD88),O88*AD88) | AG88: =IF(P88="",IF(AF88="","",E88*AF88),P88*AF88) | AI88: =IF(Q88="",IF(AH88="","",E88*AH88),Q88*AH88) | AK88: =IF(R88="",IF(AJ88="","",E88*AJ88),R88*AJ88) | AM88: =IF(S88="",IF(AL88="","",E88*AL88),S88*AL88) | AN88: =IF(AND(T88="",V88="",Z88="",AB88="",X88="",AD88="",AF88="",AH88="",AJ88="",AL88=""),"",MIN(T88,V88,Z88,AB88,X88,AD88,AF88,AH88,AJ88,AL88)) -> 6.54 | AO88: =IF(AN88="","",IF(AP88=$T$3,IF(J88="",+AN88*E88,AN88*J88),IF(AP88=$V$3,IF(K88="",AN88*E88,AN88*K88),IF(AP88=$X$3,IF(L88="",AN88*E88,AN88*L88),IF(AP88=$Z$3,IF(M88="",AN88*E88,AN88*M88),IF(AP88=$AB$3,IF(N88="",AN88*E88,AN88*N88),IF(AP88=$AD$3,IF(O88="",AN88*E88,AN88*O88),IF(AP88=$AF$3,IF(P88="",AN88*E88,AN88*P88),IF(AP88=$AH$3,IF(Q88="",AN88*E88,AN88*Q88),IF(AP88=$AJ$3,IF(R88="",AN88*E88,AN88*R88),IF(AP88=$AL$3,IF(S88="",AN88*E88,AN88*S88),""))))))))))) -> 2794.3196 | AP88: =IF(AN88="","",IF(AN88=T88,$T$3,IF(AN88=V88,$V$3,IF(AN88=X88,$X$3,IF(AN88=Z88,$Z$3,IF(AN88=AB88,$AB$3,IF(AN88=AD88,$AD$3,IF(AN88=AF88,$AF$3,IF(AN88=AH88,$AH$3,IF(AN88=AJ88,$AJ$3,IF(AN88=AL88,$AL$3,""))))))))))) -> CONSORCIO CHAQUICOCHA S.R.L. | AQ88: =IF($AQ$3="","",IF($AQ$3=$T$3,T88,IF($AQ$3=$V$3,V88,IF($AQ$3=$X$3,X88,IF($AQ$3=$Z$3,Z88,IF($AQ$3=$AB$3,AB88,IF($AQ$3=$AD$3,AD88,IF($AQ$3=$AF$3,AF88,IF($AQ$3=$AH$3,AH88,IF($AQ$3=$AJ$3,AJ88,IF($AQ$3=$AL$3,AL88,""))))))))))) -> 6.54 | AR88: =IF(AQ88="","",IF($AQ$3=$T$3,IF(J88="",AQ88*E88,AQ88*J88),IF($AQ$3=$V$3,IF(K88="",AQ88*E88,AQ88*K88),IF($AQ$3=$X$3,IF(L88="",AQ88*E88,AQ88*L88),IF($AQ$3=$Z$3,IF(M88="",AQ88*E88,AQ88*M88),IF($AQ$3=$AB$3,IF(N88="",AQ88*E88,AQ88*N88),IF($AQ$3=$AD$3,IF(O88="",AQ88*E88,AQ88*O88),IF($AQ$3=$AF$3,IF(P88="",AQ88*E88,AQ88*P88),IF($AQ$3=$AH$3,IF(Q88="",AQ88*E88,AQ88*Q88),IF($AQ$3=$AJ$3,IF(R88="",AQ88*E88,AQ88*R88),IF($AQ$3=$AL$3,IF(S88="",AQ88*E88,AQ88*S88),""))))))))))) -> 2794.3196
B89: 1.6.2 | C89: CONFORMACIÓN DE CUERPO DE RAMPA CON MATERIAL PROPIO | D89: m3 | E89: 236.81 | I89: =IF(H89="","",+H89*G89) | K89: 236.81 | T89: 36.36 | U89: 8610.4116 | W89: =IF(K89="",IF(V89="","",E89*V89),K89*V89) -> 0 | Y89: =IF(L89="",IF(X89="","",E89*X89),L89*X89) | AA89: =IF(M89="",IF(Z89="","",E89*Z89),M89*Z89) | AC89: =IF(N89="",IF(AB89="","",E89*AB89),N89*AB89) | AE89: =IF(O89="",IF(AD89="","",E89*AD89),O89*AD89) | AG89: =IF(P89="",IF(AF89="","",E89*AF89),P89*AF89) | AI89: =IF(Q89="",IF(AH89="","",E89*AH89),Q89*AH89) | AK89: =IF(R89="",IF(AJ89="","",E89*AJ89),R89*AJ89) | AM89: =IF(S89="",IF(AL89="","",E89*AL89),S89*AL89) | AN89: =IF(AND(T89="",V89="",Z89="",AB89="",X89="",AD89="",AF89="",AH89="",AJ89="",AL89=""),"",MIN(T89,V89,Z89,AB89,X89,AD89,AF89,AH89,AJ89,AL89)) -> 36.36 | AO89: =IF(AN89="","",IF(AP89=$T$3,IF(J89="",+AN89*E89,AN89*J89),IF(AP89=$V$3,IF(K89="",AN89*E89,AN89*K89),IF(AP89=$X$3,IF(L89="",AN89*E89,AN89*L89),IF(AP89=$Z$3,IF(M89="",AN89*E89,AN89*M89),IF(AP89=$AB$3,IF(N89="",AN89*E89,AN89*N89),IF(AP89=$AD$3,IF(O89="",AN89*E89,AN89*O89),IF(AP89=$AF$3,IF(P89="",AN89*E89,AN89*P89),IF(AP89=$AH$3,IF(Q89="",AN89*E89,AN89*Q89),IF(AP89=$AJ$3,IF(R89="",AN89*E89,AN89*R89),IF(AP89=$AL$3,IF(S89="",AN89*E89,AN89*S89),""))))))))))) -> 8610.4116 | AP89: =IF(AN89="","",IF(AN89=T89,$T$3,IF(AN89=V89,$V$3,IF(AN89=X89,$X$3,IF(AN89=Z89,$Z$3,IF(AN89=AB89,$AB$3,IF(AN89=AD89,$AD$3,IF(AN89=AF89,$AF$3,IF(AN89=AH89,$AH$3,IF(AN89=AJ89,$AJ$3,IF(AN89=AL89,$AL$3,""))))))))))) -> CONSORCIO CHAQUICOCHA S.R.L. | AQ89: =IF($AQ$3="","",IF($AQ$3=$T$3,T89,IF($AQ$3=$V$3,V89,IF($AQ$3=$X$3,X89,IF($AQ$3=$Z$3,Z89,IF($AQ$3=$AB$3,AB89,IF($AQ$3=$AD$3,AD89,IF($AQ$3=$AF$3,AF89,IF($AQ$3=$AH$3,AH89,IF($AQ$3=$AJ$3,AJ89,IF($AQ$3=$AL$3,AL89,""))))))))))) -> 36.36 | AR89: =IF(AQ89="","",IF($AQ$3=$T$3,IF(J89="",AQ89*E89,AQ89*J89),IF($AQ$3=$V$3,IF(K89="",AQ89*E89,AQ89*K89),IF($AQ$3=$X$3,IF(L89="",AQ89*E89,AQ89*L89),IF($AQ$3=$Z$3,IF(M89="",AQ89*E89,AQ89*M89),IF($AQ$3=$AB$3,IF(N89="",AQ89*E89,AQ89*N89),IF($AQ$3=$AD$3,IF(O89="",AQ89*E89,AQ89*O89),IF($AQ$3=$AF$3,IF(P89="",AQ89*E89,AQ89*P89),IF($AQ$3=$AH$3,IF(Q89="",AQ89*E89,AQ89*Q89),IF($AQ$3=$AJ$3,IF(R89="",AQ89*E89,AQ89*R89),IF($AQ$3=$AL$3,IF(S89="",AQ89*E89,AQ89*S89),""))))))))))) -> 8610.4116
B90: 1.6.3 | C90: CONFORMACIÓN DE CORONACIÓN DE RAMPA | D90: m3 | E90: 150.994 | I90: =IF(H90="","",+H90*G90) | K90: 150.994 | T90: 38.95 | U90: 5881.0605 | W90: =IF(K90="",IF(V90="","",E90*V90),K90*V90) -> 0 | Y90: =IF(L90="",IF(X90="","",E90*X90),L90*X90) | AA90: =IF(M90="",IF(Z90="","",E90*Z90),M90*Z90) | AC90: =IF(N90="",IF(AB90="","",E90*AB90),N90*AB90) | AE90: =IF(O90="",IF(AD90="","",E90*AD90),O90*AD90) | AG90: =IF(P90="",IF(AF90="","",E90*AF90),P90*AF90) | AI90: =IF(Q90="",IF(AH90="","",E90*AH90),Q90*AH90) | AK90: =IF(R90="",IF(AJ90="","",E90*AJ90),R90*AJ90) | AM90: =IF(S90="",IF(AL90="","",E90*AL90),S90*AL90) | AN90: =IF(AND(T90="",V90="",Z90="",AB90="",X90="",AD90="",AF90="",AH90="",AJ90="",AL90=""),"",MIN(T90,V90,Z90,AB90,X90,AD90,AF90,AH90,AJ90,AL90)) -> 38.95 | AO90: =IF(AN90="","",IF(AP90=$T$3,IF(J90="",+AN90*E90,AN90*J90),IF(AP90=$V$3,IF(K90="",AN90*E90,AN90*K90),IF(AP90=$X$3,IF(L90="",AN90*E90,AN90*L90),IF(AP90=$Z$3,IF(M90="",AN90*E90,AN90*M90),IF(AP90=$AB$3,IF(N90="",AN90*E90,AN90*N90),IF(AP90=$AD$3,IF(O90="",AN90*E90,AN90*O90),IF(AP90=$AF$3,IF(P90="",AN90*E90,AN90*P90),IF(AP90=$AH$3,IF(Q90="",AN90*E90,AN90*Q90),IF(AP90=$AJ$3,IF(R90="",AN90*E90,AN90*R90),IF(AP90=$AL$3,IF(S90="",AN90*E90,AN90*S90),""))))))))))) -> 5881.2163 | AP90: =IF(AN90="","",IF(AN90=T90,$T$3,IF(AN90=V90,$V$3,IF(AN90=X90,$X$3,IF(AN90=Z90,$Z$3,IF(AN90=AB90,$AB$3,IF(AN90=AD90,$AD$3,IF(AN90=AF90,$AF$3,IF(AN90=AH90,$AH$3,IF(AN90=AJ90,$AJ$3,IF(AN90=AL90,$AL$3,""))))))))))) -> CONSORCIO CHAQUICOCHA S.R.L. | AQ90: =IF($AQ$3="","",IF($AQ$3=$T$3,T90,IF($AQ$3=$V$3,V90,IF($AQ$3=$X$3,X90,IF($AQ$3=$Z$3,Z90,IF($AQ$3=$AB$3,AB90,IF($AQ$3=$AD$3,AD90,IF($AQ$3=$AF$3,AF90,IF($AQ$3=$AH$3,AH90,IF($AQ$3=$AJ$3,AJ90,IF($AQ$3=$AL$3,AL90,""))))))))))) -> 38.95 | AR90: =IF(AQ90="","",IF($AQ$3=$T$3,IF(J90="",AQ90*E90,AQ90*J90),IF($AQ$3=$V$3,IF(K90="",AQ90*E90,AQ90*K90),IF($AQ$3=$X$3,IF(L90="",AQ90*E90,AQ90*L90),IF($AQ$3=$Z$3,IF(M90="",AQ90*E90,AQ90*M90),IF($AQ$3=$AB$3,IF(N90="",AQ90*E90,AQ90*N90),IF($AQ$3=$AD$3,IF(O90="",AQ90*E90,AQ90*O90),IF($AQ$3=$AF$3,IF(P90="",AQ90*E90,AQ90*P90),IF($AQ$3=$AH$3,IF(Q90="",AQ90*E90,AQ90*Q90),IF($AQ$3=$AJ$3,IF(R90="",AQ90*E90,AQ90*R90),IF($AQ$3=$AL$3,IF(S90="",AQ90*E90,AQ90*S90),""))))))))))) -> 5881.2163
B91: 2 | C91: OBRAS DE ARTE | I91: =IF(H91="","",+H91*G91) | W91: =IF(K91="",IF(V91="","",E91*V91),K91*V91) | Y91: =IF(L91="",IF(X91="","",E91*X91),L91*X91) | AA91: =IF(M91="",IF(Z91="","",E91*Z91),M91*Z91) | AC91: =IF(N91="",IF(AB91="","",E91*AB91),N91*AB91) | AE91: =IF(O91="",IF(AD91="","",E91*AD91),O91*AD91) | AG91: =IF(P91="",IF(AF91="","",E91*AF91),P91*AF91) | AI91: =IF(Q91="",IF(AH91="","",E91*AH91),Q91*AH91) | AK91: =IF(R91="",IF(AJ91="","",E91*AJ91),R91*AJ91) | AM91: =IF(S91="",IF(AL91="","",E91*AL91),S91*AL91) | AN91: =IF(AND(T91="",V91="",Z91="",AB91="",X91="",AD91="",AF91="",AH91="",AJ91="",AL91=""),"",MIN(T91,V91,Z91,AB91,X91,AD91,AF91,AH91,AJ91,AL91)) | AO91: =IF(AN91="","",IF(AP91=$T$3,IF(J91="",+AN91*E91,AN91*J91),IF(AP91=$V$3,IF(K91="",AN91*E91,AN91*K91),IF(AP91=$X$3,IF(L91="",AN91*E91,AN91*L91),IF(AP91=$Z$3,IF(M91="",AN91*E91,AN91*M91),IF(AP91=$AB$3,IF(N91="",AN91*E91,AN91*N91),IF(AP91=$AD$3,IF(O91="",AN91*E91,AN91*O91),IF(AP91=$AF$3,IF(P91="",AN91*E91,AN91*P91),IF(AP91=$AH$3,IF(Q91="",AN91*E91,AN91*Q91),IF(AP91=$AJ$3,IF(R91="",AN91*E91,AN91*R91),IF(AP91=$AL$3,IF(S91="",AN91*E91,AN91*S91),""))))))))))) | AP91: =IF(AN91="","",IF(AN91=T91,$T$3,IF(AN91=V91,$V$3,IF(AN91=X91,$X$3,IF(AN91=Z91,$Z$3,IF(AN91=AB91,$AB$3,IF(AN91=AD91,$AD$3,IF(AN91=AF91,$AF$3,IF(AN91=AH91,$AH$3,IF(AN91=AJ91,$AJ$3,IF(AN91=AL91,$AL$3,"")))))))))))
B92: 2.1 | C92: CAPTACIÓN A3-CP-23-95 | I92: =IF(H92="","",+H92*G92) | W92: =IF(K92="",IF(V92="","",E92*V92),K92*V92) | Y92: =IF(L92="",IF(X92="","",E92*X92),L92*X92) | AA92: =IF(M92="",IF(Z92="","",E92*Z92),M92*Z92) | AC92: =IF(N92="",IF(AB92="","",E92*AB92),N92*AB92) | AE92: =IF(O92="",IF(AD92="","",E92*AD92),O92*AD92) | AG92: =IF(P92="",IF(AF92="","",E92*AF92),P92*AF92) | AI92: =IF(Q92="",IF(AH92="","",E92*AH92),Q92*AH92) | AK92: =IF(R92="",IF(AJ92="","",E92*AJ92),R92*AJ92) | AM92: =IF(S92="",IF(AL92="","",E92*AL92),S92*AL92) | AN92: =IF(AND(T92="",V92="",Z92="",AB92="",X92="",AD92="",AF92="",AH92="",AJ92="",AL92=""),"",MIN(T92,V92,Z92,AB92,X92,AD92,AF92,AH92,AJ92,AL92)) | AO92: =IF(AN92="","",IF(AP92=$T$3,IF(J92="",+AN92*E92,AN92*J92),IF(AP92=$V$3,IF(K92="",AN92*E92,AN92*K92),IF(AP92=$X$3,IF(L92="",AN92*E92,AN92*L92),IF(AP92=$Z$3,IF(M92="",AN92*E92,AN92*M92),IF(AP92=$AB$3,IF(N92="",AN92*E92,AN92*N92),IF(AP92=$AD$3,IF(O92="",AN92*E92,AN92*O92),IF(AP92=$AF$3,IF(P92="",AN92*E92,AN92*P92),IF(AP92=$AH$3,IF(Q92="",AN92*E92,AN92*Q92),IF(AP92=$AJ$3,IF(R92="",AN92*E92,AN92*R92),IF(AP92=$AL$3,IF(S92="",AN92*E92,AN92*S92),""))))))))))) | AP92: =IF(AN92="","",IF(AN92=T92,$T$3,IF(AN92=V92,$V$3,IF(AN92=X92,$X$3,IF(AN92=Z92,$Z$3,IF(AN92=AB92,$AB$3,IF(AN92=AD92,$AD$3,IF(AN92=AF92,$AF$3,IF(AN92=AH92,$AH$3,IF(AN92=AJ92,$AJ$3,IF(AN92=AL92,$AL$3,"")))))))))))
B93: 2.1.1 | C93: MOVIMIENTO DE TIERRAS | I93: =IF(H93="","",+H93*G93) | W93: =IF(K93="",IF(V93="","",E93*V93),K93*V93) | Y93: =IF(L93="",IF(X93="","",E93*X93),L93*X93) | AA93: =IF(M93="",IF(Z93="","",E93*Z93),M93*Z93) | AC93: =IF(N93="",IF(AB93="","",E93*AB93),N93*AB93) | AE93: =IF(O93="",IF(AD93="","",E93*AD93),O93*AD93) | AG93: =IF(P93="",IF(AF93="","",E93*AF93),P93*AF93) | AI93: =IF(Q93="",IF(AH93="","",E93*AH93),Q93*AH93) | AK93: =IF(R93="",IF(AJ93="","",E93*AJ93),R93*AJ93) | AM93: =IF(S93="",IF(AL93="","",E93*AL93),S93*AL93) | AN93: =IF(AND(T93="",V93="",Z93="",AB93="",X93="",AD93="",AF93="",AH93="",AJ93="",AL93=""),"",MIN(T93,V93,Z93,AB93,X93,AD93,AF93,AH93,AJ93,AL93)) | AO93: =IF(AN93="","",IF(AP93=$T$3,IF(J93="",+AN93*E93,AN93*J93),IF(AP93=$V$3,IF(K93="",AN93*E93,AN93*K93),IF(AP93=$X$3,IF(L93="",AN93*E93,AN93*L93),IF(AP93=$Z$3,IF(M93="",AN93*E93,AN93*M93),IF(AP93=$AB$3,IF(N93="",AN93*E93,AN93*N93),IF(AP93=$AD$3,IF(O93="",AN93*E93,AN93*O93),IF(AP93=$AF$3,IF(P93="",AN93*E93,AN93*P93),IF(AP93=$AH$3,IF(Q93="",AN93*E93,AN93*Q93),IF(AP93=$AJ$3,IF(R93="",AN93*E93,AN93*R93),IF(AP93=$AL$3,IF(S93="",AN93*E93,AN93*S93),""))))))))))) | AP93: =IF(AN93="","",IF(AN93=T93,$T$3,IF(AN93=V93,$V$3,IF(AN93=X93,$X$3,IF(AN93=Z93,$Z$3,IF(AN93=AB93,$AB$3,IF(AN93=AD93,$AD$3,IF(AN93=AF93,$AF$3,IF(AN93=AH93,$AH$3,IF(AN93=AJ93,$AJ$3,IF(AN93=AL93,$AL$3,"")))))))))))
B94: 2.1.1.1 | C94: EXCAVACIÓN ESTRUCTURAL PARA OBRAS DE ARTE | D94: m3 | E94: 519.94 | I94: =IF(H94="","",+H94*G94) | K94: 519.94 | T94: 28.58 | U94: 14859.885 | W94: =IF(K94="",IF(V94="","",E94*V94),K94*V94) -> 0 | Y94: =IF(L94="",IF(X94="","",E94*X94),L94*X94) | AA94: =IF(M94="",IF(Z94="","",E94*Z94),M94*Z94) | AC94: =IF(N94="",IF(AB94="","",E94*AB94),N94*AB94) | AE94: =IF(O94="",IF(AD94="","",E94*AD94),O94*AD94) | AG94: =IF(P94="",IF(AF94="","",E94*AF94),P94*AF94) | AI94: =IF(Q94="",IF(AH94="","",E94*AH94),Q94*AH94) | AK94: =IF(R94="",IF(AJ94="","",E94*AJ94),R94*AJ94) | AM94: =IF(S94="",IF(AL94="","",E94*AL94),S94*AL94) | AN94: =IF(AND(T94="",V94="",Z94="",AB94="",X94="",AD94="",AF94="",AH94="",AJ94="",AL94=""),"",MIN(T94,V94,Z94,AB94,X94,AD94,AF94,AH94,AJ94,AL94)) -> 28.58 | AO94: =IF(AN94="","",IF(AP94=$T$3,IF(J94="",+AN94*E94,AN94*J94),IF(AP94=$V$3,IF(K94="",AN94*E94,AN94*K94),IF(AP94=$X$3,IF(L94="",AN94*E94,AN94*L94),IF(AP94=$Z$3,IF(M94="",AN94*E94,AN94*M94),IF(AP94=$AB$3,IF(N94="",AN94*E94,AN94*N94),IF(AP94=$AD$3,IF(O94="",AN94*E94,AN94*O94),IF(AP94=$AF$3,IF(P94="",AN94*E94,AN94*P94),IF(AP94=$AH$3,IF(Q94="",AN94*E94,AN94*Q94),IF(AP94=$AJ$3,IF(R94="",AN94*E94,AN94*R94),IF(AP94=$AL$3,IF(S94="",AN94*E94,AN94*S94),""))))))))))) -> 14859.885 | AP94: =IF(AN94="","",IF(AN94=T94,$T$3,IF(AN94=V94,$V$3,IF(AN94=X94,$X$3,IF(AN94=Z94,$Z$3,IF(AN94=AB94,$AB$3,IF(AN94=AD94,$AD$3,IF(AN94=AF94,$AF$3,IF(AN94=AH94,$AH$3,IF(AN94=AJ94,$AJ$3,IF(AN94=AL94,$AL$3,""))))))))))) -> CONSORCIO CHAQUICOCHA S.R.L. | AQ94: =IF($AQ$3="","",IF($AQ$3=$T$3,T94,IF($AQ$3=$V$3,V94,IF($AQ$3=$X$3,X94,IF($AQ$3=$Z$3,Z94,IF($AQ$3=$AB$3,AB94,IF($AQ$3=$AD$3,AD94,IF($AQ$3=$AF$3,AF94,IF($AQ$3=$AH$3,AH94,IF($AQ$3=$AJ$3,AJ94,IF($AQ$3=$AL$3,AL94,""))))))))))) -> 28.58 | AR94: =IF(AQ94="","",IF($AQ$3=$T$3,IF(J94="",AQ94*E94,AQ94*J94),IF($AQ$3=$V$3,IF(K94="",AQ94*E94,AQ94*K94),IF($AQ$3=$X$3,IF(L94="",AQ94*E94,AQ94*L94),IF($AQ$3=$Z$3,IF(M94="",AQ94*E94,AQ94*M94),IF($AQ$3=$AB$3,IF(N94="",AQ94*E94,AQ94*N94),IF($AQ$3=$AD$3,IF(O94="",AQ94*E94,AQ94*O94),IF($AQ$3=$AF$3,IF(P94="",AQ94*E94,AQ94*P94),IF($AQ$3=$AH$3,IF(Q94="",AQ94*E94,AQ94*Q94),IF($AQ$3=$AJ$3,IF(R94="",AQ94*E94,AQ94*R94),IF($AQ$3=$AL$3,IF(S94="",AQ94*E94,AQ94*S94),""))))))))))) -> 14859.885
B95: 2.1.1.1 | C95: RELLENO ESTRUCTURAL PARA OBRAS DE ARTE, CON MATERIAL PROPIO | D95: m3 | E95: 182.13 | I95: =IF(H95="","",+H95*G95) | K95: 182.13 | T95: 61.97 | U95: 11286.596 | W95: =IF(K95="",IF(V95="","",E95*V95),K95*V95) -> 0 | Y95: =IF(L95="",IF(X95="","",E95*X95),L95*X95) | AA95: =IF(M95="",IF(Z95="","",E95*Z95),M95*Z95) | AC95: =IF(N95="",IF(AB95="","",E95*AB95),N95*AB95) | AE95: =IF(O95="",IF(AD95="","",E95*AD95),O95*AD95) | AG95: =IF(P95="",IF(AF95="","",E95*AF95),P95*AF95) | AI95: =IF(Q95="",IF(AH95="","",E95*AH95),Q95*AH95) | AK95: =IF(R95="",IF(AJ95="","",E95*AJ95),R95*AJ95) | AM95: =IF(S95="",IF(AL95="","",E95*AL95),S95*AL95) | AN95: =IF(AND(T95="",V95="",Z95="",AB95="",X95="",AD95="",AF95="",AH95="",AJ95="",AL95=""),"",MIN(T95,V95,Z95,AB95,X95,AD95,AF95,AH95,AJ95,AL95)) -> 61.97 | AO95: =IF(AN95="","",IF(AP95=$T$3,IF(J95="",+AN95*E95,AN95*J95),IF(AP95=$V$3,IF(K95="",AN95*E95,AN95*K95),IF(AP95=$X$3,IF(L95="",AN95*E95,AN95*L95),IF(AP95=$Z$3,IF(M95="",AN95*E95,AN95*M95),IF(AP95=$AB$3,IF(N95="",AN95*E95,AN95*N95),IF(AP95=$AD$3,IF(O95="",AN95*E95,AN95*O95),IF(AP95=$AF$3,IF(P95="",AN95*E95,AN95*P95),IF(AP95=$AH$3,IF(Q95="",AN95*E95,AN95*Q95),IF(AP95=$AJ$3,IF(R95="",AN95*E95,AN95*R95),IF(AP95=$AL$3,IF(S95="",AN95*E95,AN95*S95),""))))))))))) -> 11286.596 | AP95: =IF(AN95="","",IF(AN95=T95,$T$3,IF(AN95=V95,$V$3,IF(AN95=X95,$X$3,IF(AN95=Z95,$Z$3,IF(AN95=AB95,$AB$3,IF(AN95=AD95,$AD$3,IF(AN95=AF95,$AF$3,IF(AN95=AH95,$AH$3,IF(AN95=AJ95,$AJ$3,IF(AN95=AL95,$AL$3,""))))))))))) -> CONSORCIO CHAQUICOCHA S.R.L. | AQ95: =IF($AQ$3="","",IF($AQ$3=$T$3,T95,IF($AQ$3=$V$3,V95,IF($AQ$3=$X$3,X95,IF($AQ$3=$Z$3,Z95,IF($AQ$3=$AB$3,AB95,IF($AQ$3=$AD$3,AD95,IF($AQ$3=$AF$3,AF95,IF($AQ$3=$AH$3,AH95,IF($AQ$3=$AJ$3,AJ95,IF($AQ$3=$AL$3,AL95,""))))))))))) -> 61.97 | AR95: =IF(AQ95="","",IF($AQ$3=$T$3,IF(J95="",AQ95*E95,AQ95*J95),IF($AQ$3=$V$3,IF(K95="",AQ95*E95,AQ95*K95),IF($AQ$3=$X$3,IF(L95="",AQ95*E95,AQ95*L95),IF($AQ$3=$Z$3,IF(M95="",AQ95*E95,AQ95*M95),IF($AQ$3=$AB$3,IF(N95="",AQ95*E95,AQ95*N95),IF($AQ$3=$AD$3,IF(O95="",AQ95*E95,AQ95*O95),IF($AQ$3=$AF$3,IF(P95="",AQ95*E95,AQ95*P95),IF($AQ$3=$AH$3,IF(Q95="",AQ95*E95,AQ95*Q95),IF($AQ$3=$AJ$3,IF(R95="",AQ95*E95,AQ95*R95),IF($AQ$3=$AL$3,IF(S95="",AQ95*E95,AQ95*S95),""))))))))))) -> 11286.596
B96: 2.1.2 | C96: OBRAS DE CONCRETO | I96: =IF(H96="","",+H96*G96) | W96: =IF(K96="",IF(V96="","",E96*V96),K96*V96) | Y96: =IF(L96="",IF(X96="","",E96*X96),L96*X96) | AA96: =IF(M96="",IF(Z96="","",E96*Z96),M96*Z96) | AC96: =IF(N96="",IF(AB96="","",E96*AB96),N96*AB96) | AE96: =IF(O96="",IF(AD96="","",E96*AD96),O96*AD96) | AG96: =IF(P96="",IF(AF96="","",E96*AF96),P96*AF96) | AI96: =IF(Q96="",IF(AH96="","",E96*AH96),Q96*AH96) | AK96: =IF(R96="",IF(AJ96="","",E96*AJ96),R96*AJ96) | AM96: =IF(S96="",IF(AL96="","",E96*AL96),S96*AL96) | AN96: =IF(AND(T96="",V96="",Z96="",AB96="",X96="",AD96="",AF96="",AH96="",AJ96="",AL96=""),"",MIN(T96,V96,Z96,AB96,X96,AD96,AF96,AH96,AJ96,AL96)) | AO96: =IF(AN96="","",IF(AP96=$T$3,IF(J96="",+AN96*E96,AN96*J96),IF(AP96=$V$3,IF(K96="",AN96*E96,AN96*K96),IF(AP96=$X$3,IF(L96="",AN96*E96,AN96*L96),IF(AP96=$Z$3,IF(M96="",AN96*E96,AN96*M96),IF(AP96=$AB$3,IF(N96="",AN96*E96,AN96*N96),IF(AP96=$AD$3,IF(O96="",AN96*E96,AN96*O96),IF(AP96=$AF$3,IF(P96="",AN96*E96,AN96*P96),IF(AP96=$AH$3,IF(Q96="",AN96*E96,AN96*Q96),IF(AP96=$AJ$3,IF(R96="",AN96*E96,AN96*R96),IF(AP96=$AL$3,IF(S96="",AN96*E96,AN96*S96),""))))))))))) | AP96: =IF(AN96="","",IF(AN96=T96,$T$3,IF(AN96=V96,$V$3,IF(AN96=X96,$X$3,IF(AN96=Z96,$Z$3,IF(AN96=AB96,$AB$3,IF(AN96=AD96,$AD$3,IF(AN96=AF96,$AF$3,IF(AN96=AH96,$AH$3,IF(AN96=AJ96,$AJ$3,IF(AN96=AL96,$AL$3,"")))))))))))
B97: 2.1.2.1 | C97: CONCRETO f'c=100 kg/cm2 | D97: m3 | E97: 12.47 | I97: =IF(H97="","",+H97*G97) | K97: 12.47 | T97: 455.18 | U97: 5676.0946 | W97: =IF(K97="",IF(V97="","",E97*V97),K97*V97) -> 0 | Y97: =IF(L97="",IF(X97="","",E97*X97),L97*X97) | AA97: =IF(M97="",IF(Z97="","",E97*Z97),M97*Z97) | AC97: =IF(N97="",IF(AB97="","",E97*AB97),N97*AB97) | AE97: =IF(O97="",IF(AD97="","",E97*AD97),O97*AD97) | AG97: =IF(P97="",IF(AF97="","",E97*AF97),P97*AF97) | AI97: =IF(Q97="",IF(AH97="","",E97*AH97),Q97*AH97) | AK97: =IF(R97="",IF(AJ97="","",E97*AJ97),R97*AJ97) | AM97: =IF(S97="",IF(AL97="","",E97*AL97),S97*AL97) | AN97: =IF(AND(T97="",V97="",Z97="",AB97="",X97="",AD97="",AF97="",AH97="",AJ97="",AL97=""),"",MIN(T97,V97,Z97,AB97,X97,AD97,AF97,AH97,AJ97,AL97)) -> 455.18 | AO97: =IF(AN97="","",IF(AP97=$T$3,IF(J97="",+AN97*E97,AN97*J97),IF(AP97=$V$3,IF(K97="",AN97*E97,AN97*K97),IF(AP97=$X$3,IF(L97="",AN97*E97,AN97*L97),IF(AP97=$Z$3,IF(M97="",AN97*E97,AN97*M97),IF(AP97=$AB$3,IF(N97="",AN97*E97,AN97*N97),IF(AP97=$AD$3,IF(O97="",AN97*E97,AN97*O97),IF(AP97=$AF$3,IF(P97="",AN97*E97,AN97*P97),IF(AP97=$AH$3,IF(Q97="",AN97*E97,AN97*Q97),IF(AP97=$AJ$3,IF(R97="",AN97*E97,AN97*R97),IF(AP97=$AL$3,IF(S97="",AN97*E97,AN97*S97),""))))))))))) -> 5676.0946 | AP97: =IF(AN97="","",IF(AN97=T97,$T$3,IF(AN97=V97,$V$3,IF(AN97=X97,$X$3,IF(AN97=Z97,$Z$3,IF(AN97=AB97,$AB$3,IF(AN97=AD97,$AD$3,IF(AN97=AF97,$AF$3,IF(AN97=AH97,$AH$3,IF(AN97=AJ97,$AJ$3,IF(AN97=AL97,$AL$3,""))))))))))) -> CONSORCIO CHAQUICOCHA S.R.L. | AQ97: =IF($AQ$3="","",IF($AQ$3=$T$3,T97,IF($AQ$3=$V$3,V97,IF($AQ$3=$X$3,X97,IF($AQ$3=$Z$3,Z97,IF($AQ$3=$AB$3,AB97,IF($AQ$3=$AD$3,AD97,IF($AQ$3=$AF$3,AF97,IF($AQ$3=$AH$3,AH97,IF($AQ$3=$AJ$3,AJ97,IF($AQ$3=$AL$3,AL97,""))))))))))) -> 455.18 | AR97: =IF(AQ97="","",IF($AQ$3=$T$3,IF(J97="",AQ97*E97,AQ97*J97),IF($AQ$3=$V$3,IF(K97="",AQ97*E97,AQ97*K97),IF($AQ$3=$X$3,IF(L97="",AQ97*E97,AQ97*L97),IF($AQ$3=$Z$3,IF(M97="",AQ97*E97,AQ97*M97),IF($AQ$3=$AB$3,IF(N97="",AQ97*E97,AQ97*N97),IF($AQ$3=$AD$3,IF(O97="",AQ97*E97,AQ97*O97),IF($AQ$3=$AF$3,IF(P97="",AQ97*E97,AQ97*P97),IF($AQ$3=$AH$3,IF(Q97="",AQ97*E97,AQ97*Q97),IF($AQ$3=$AJ$3,IF(R97="",AQ97*E97,AQ97*R97),IF($AQ$3=$AL$3,IF(S97="",AQ97*E97,AQ97*S97),""))))))))))) -> 5676.0946 | AT97: Evaluar opción de contratar concreto premezclado para optimizar costos
B98: 2.1.2.2 | C98: CONCRETO f'c=280 kg/cm2 | D98: m3 | E98: 114.42 | I98: =IF(H98="","",+H98*G98) | K98: 114.42 | T98: 771.41 | U98: 88264.732 | W98: =IF(K98="",IF(V98="","",E98*V98),K98*V98) -> 0 | Y98: =IF(L98="",IF(X98="","",E98*X98),L98*X98) | AA98: =IF(M98="",IF(Z98="","",E98*Z98),M98*Z98) | AC98: =IF(N98="",IF(AB98="","",E98*AB98),N98*AB98) | AE98: =IF(O98="",IF(AD98="","",E98*AD98),O98*AD98) | AG98: =IF(P98="",IF(AF98="","",E98*AF98),P98*AF98) | AI98: =IF(Q98="",IF(AH98="","",E98*AH98),Q98*AH98) | AK98: =IF(R98="",IF(AJ98="","",E98*AJ98),R98*AJ98) | AM98: =IF(S98="",IF(AL98="","",E98*AL98),S98*AL98) | AN98: =IF(AND(T98="",V98="",Z98="",AB98="",X98="",AD98="",AF98="",AH98="",AJ98="",AL98=""),"",MIN(T98,V98,Z98,AB98,X98,AD98,AF98,AH98,AJ98,AL98)) -> 771.41 | AO98: =IF(AN98="","",IF(AP98=$T$3,IF(J98="",+AN98*E98,AN98*J98),IF(AP98=$V$3,IF(K98="",AN98*E98,AN98*K98),IF(AP98=$X$3,IF(L98="",AN98*E98,AN98*L98),IF(AP98=$Z$3,IF(M98="",AN98*E98,AN98*M98),IF(AP98=$AB$3,IF(N98="",AN98*E98,AN98*N98),IF(AP98=$AD$3,IF(O98="",AN98*E98,AN98*O98),IF(AP98=$AF$3,IF(P98="",AN98*E98,AN98*P98),IF(AP98=$AH$3,IF(Q98="",AN98*E98,AN98*Q98),IF(AP98=$AJ$3,IF(R98="",AN98*E98,AN98*R98),IF(AP98=$AL$3,IF(S98="",AN98*E98,AN98*S98),""))))))))))) -> 88264.732 | AP98: =IF(AN98="","",IF(AN98=T98,$T$3,IF(AN98=V98,$V$3,IF(AN98=X98,$X$3,IF(AN98=Z98,$Z$3,IF(AN98=AB98,$AB$3,IF(AN98=AD98,$AD$3,IF(AN98=AF98,$AF$3,IF(AN98=AH98,$AH$3,IF(AN98=AJ98,$AJ$3,IF(AN98=AL98,$AL$3,""))))))))))) -> CONSORCIO CHAQUICOCHA S.R.L. | AQ98: =IF($AQ$3="","",IF($AQ$3=$T$3,T98,IF($AQ$3=$V$3,V98,IF($AQ$3=$X$3,X98,IF($AQ$3=$Z$3,Z98,IF($AQ$3=$AB$3,AB98,IF($AQ$3=$AD$3,AD98,IF($AQ$3=$AF$3,AF98,IF($AQ$3=$AH$3,AH98,IF($AQ$3=$AJ$3,AJ98,IF($AQ$3=$AL$3,AL98,""))))))))))) -> 771.41 | AR98: =IF(AQ98="","",IF($AQ$3=$T$3,IF(J98="",AQ98*E98,AQ98*J98),IF($AQ$3=$V$3,IF(K98="",AQ98*E98,AQ98*K98),IF($AQ$3=$X$3,IF(L98="",AQ98*E98,AQ98*L98),IF($AQ$3=$Z$3,IF(M98="",AQ98*E98,AQ98*M98),IF($AQ$3=$AB$3,IF(N98="",AQ98*E98,AQ98*N98),IF($AQ$3=$AD$3,IF(O98="",AQ98*E98,AQ98*O98),IF($AQ$3=$AF$3,IF(P98="",AQ98*E98,AQ98*P98),IF($AQ$3=$AH$3,IF(Q98="",AQ98*E98,AQ98*Q98),IF($AQ$3=$AJ$3,IF(R98="",AQ98*E98,AQ98*R98),IF($AQ$3=$AL$3,IF(S98="",AQ98*E98,AQ98*S98),""))))))))))) -> 88264.732 | AT98: Evaluar opción de contratar concreto premezclado para optimizar costos
B99: 2.1.2.3 | C99: CONCRETO CICLÓPEO f'c=280 kg/cm2 + 30% P.G. | D99: m3 | E99: 4.2 | I99: =IF(H99="","",+H99*G99) | K99: 4.2 | T99: 576.88 | U99: 2422.896 | W99: =IF(K99="",IF(V99="","",E99*V99),K99*V99) -> 0 | Y99: =IF(L99="",IF(X99="","",E99*X99),L99*X99) | AA99: =IF(M99="",IF(Z99="","",E99*Z99),M99*Z99) | AC99: =IF(N99="",IF(AB99="","",E99*AB99),N99*AB99) | AE99: =IF(O99="",IF(AD99="","",E99*AD99),O99*AD99) | AG99: =IF(P99="",IF(AF99="","",E99*AF99),P99*AF99) | AI99: =IF(Q99="",IF(AH99="","",E99*AH99),Q99*AH99) | AK99: =IF(R99="",IF(AJ99="","",E99*AJ99),R99*AJ99) | AM99: =IF(S99="",IF(AL99="","",E99*AL99),S99*AL99) | AN99: =IF(AND(T99="",V99="",Z99="",AB99="",X99="",AD99="",AF99="",AH99="",AJ99="",AL99=""),"",MIN(T99,V99,Z99,AB99,X99,AD99,AF99,AH99,AJ99,AL99)) -> 576.88 | AO99: =IF(AN99="","",IF(AP99=$T$3,IF(J99="",+AN99*E99,AN99*J99),IF(AP99=$V$3,IF(K99="",AN99*E99,AN99*K99),IF(AP99=$X$3,IF(L99="",AN99*E99,AN99*L99),IF(AP99=$Z$3,IF(M99="",AN99*E99,AN99*M99),IF(AP99=$AB$3,IF(N99="",AN99*E99,AN99*N99),IF(AP99=$AD$3,IF(O99="",AN99*E99,AN99*O99),IF(AP99=$AF$3,IF(P99="",AN99*E99,AN99*P99),IF(AP99=$AH$3,IF(Q99="",AN99*E99,AN99*Q99),IF(AP99=$AJ$3,IF(R99="",AN99*E99,AN99*R99),IF(AP99=$AL$3,IF(S99="",AN99*E99,AN99*S99),""))))))))))) -> 2422.896 | AP99: =IF(AN99="","",IF(AN99=T99,$T$3,IF(AN99=V99,$V$3,IF(AN99=X99,$X$3,IF(AN99=Z99,$Z$3,IF(AN99=AB99,$AB$3,IF(AN99=AD99,$AD$3,IF(AN99=AF99,$AF$3,IF(AN99=AH99,$AH$3,IF(AN99=AJ99,$AJ$3,IF(AN99=AL99,$AL$3,""))))))))))) -> CONSORCIO CHAQUICOCHA S.R.L. | AQ99: =IF($AQ$3="","",IF($AQ$3=$T$3,T99,IF($AQ$3=$V$3,V99,IF($AQ$3=$X$3,X99,IF($AQ$3=$Z$3,Z99,IF($AQ$3=$AB$3,AB99,IF($AQ$3=$AD$3,AD99,IF($AQ$3=$AF$3,AF99,IF($AQ$3=$AH$3,AH99,IF($AQ$3=$AJ$3,AJ99,IF($AQ$3=$AL$3,AL99,""))))))))))) -> 576.88 | AR99: =IF(AQ99="","",IF($AQ$3=$T$3,IF(J99="",AQ99*E99,AQ99*J99),IF($AQ$3=$V$3,IF(K99="",AQ99*E99,AQ99*K99),IF($AQ$3=$X$3,IF(L99="",AQ99*E99,AQ99*L99),IF($AQ$3=$Z$3,IF(M99="",AQ99*E99,AQ99*M99),IF($AQ$3=$AB$3,IF(N99="",AQ99*E99,AQ99*N99),IF($AQ$3=$AD$3,IF(O99="",AQ99*E99,AQ99*O99),IF($AQ$3=$AF$3,IF(P99="",AQ99*E99,AQ99*P99),IF($AQ$3=$AH$3,IF(Q99="",AQ99*E99,AQ99*Q99),IF($AQ$3=$AJ$3,IF(R99="",AQ99*E99,AQ99*R99),IF($AQ$3=$AL$3,IF(S99="",AQ99*E99,AQ99*S99),""))))))))))) -> 2422.896 | AT99: Evaluar opción de contratar concreto premezclado para optimizar costos
B100: 2.1.2.4 | C100: ENCOFRADO Y DESENCOFRADO RECTO | D100: m2 | E100: 94.2 | I100: =IF(H100="","",+H100*G100) | K100: 94.2 | T100: 67.84 | U100: 6390.528 | W100: =IF(K100="",IF(V100="","",E100*V100),K100*V100) -> 0 | Y100: =IF(L100="",IF(X100="","",E100*X100),L100*X100) | AA100: =IF(M100="",IF(Z100="","",E100*Z100),M100*Z100) | AC100: =IF(N100="",IF(AB100="","",E100*AB100),N100*AB100) | AE100: =IF(O100="",IF(AD100="","",E100*AD100),O100*AD100) | AG100: =IF(P100="",IF(AF100="","",E100*AF100),P100*AF100) | AI100: =IF(Q100="",IF(AH100="","",E100*AH100),Q100*AH100) | AK100: =IF(R100="",IF(AJ100="","",E100*AJ100),R100*AJ100) | AM100: =IF(S100="",IF(AL100="","",E100*AL100),S100*AL100) | AN100: =IF(AND(T100="",V100="",Z100="",AB100="",X100="",AD100="",AF100="",AH100="",AJ100="",AL100=""),"",MIN(T100,V100,Z100,AB100,X100,AD100,AF100,AH100,AJ100,AL100)) -> 67.84 | AO100: =IF(AN100="","",IF(AP100=$T$3,IF(J100="",+AN100*E100,AN100*J100),IF(AP100=$V$3,IF(K100="",AN100*E100,AN100*K100),IF(AP100=$X$3,IF(L100="",AN100*E100,AN100*L100),IF(AP100=$Z$3,IF(M100="",AN100*E100,AN100*M100),IF(AP100=$AB$3,IF(N100="",AN100*E100,AN100*N100),IF(AP100=$AD$3,IF(O100="",AN100*E100,AN100*O100),IF(AP100=$AF$3,IF(P100="",AN100*E100,AN100*P100),IF(AP100=$AH$3,IF(Q100="",AN100*E100,AN100*Q100),IF(AP100=$AJ$3,IF(R100="",AN100*E100,AN100*R100),IF(AP100=$AL$3,IF(S100="",AN100*E100,AN100*S100),""))))))))))) -> 6390.528 | AP100: =IF(AN100="","",IF(AN100=T100,$T$3,IF(AN100=V100,$V$3,IF(AN100=X100,$X$3,IF(AN100=Z100,$Z$3,IF(AN100=AB100,$AB$3,IF(AN100=AD100,$AD$3,IF(AN100=AF100,$AF$3,IF(AN100=AH100,$AH$3,IF(AN100=AJ100,$AJ$3,IF(AN100=AL100,$AL$3,""))))))))))) -> CONSORCIO CHAQUICOCHA S.R.L. | AQ100: =IF($AQ$3="","",IF($AQ$3=$T$3,T100,IF($AQ$3=$V$3,V100,IF($AQ$3=$X$3,X100,IF($AQ$3=$Z$3,Z100,IF($AQ$3=$AB$3,AB100,IF($AQ$3=$AD$3,AD100,IF($AQ$3=$AF$3,AF100,IF($AQ$3=$AH$3,AH100,IF($AQ$3=$AJ$3,AJ100,IF($AQ$3=$AL$3,AL100,""))))))))))) -> 67.84 | AR100: =IF(AQ100="","",IF($AQ$3=$T$3,IF(J100="",AQ100*E100,AQ100*J100),IF($AQ$3=$V$3,IF(K100="",AQ100*E100,AQ100*K100),IF($AQ$3=$X$3,IF(L100="",AQ100*E100,AQ100*L100),IF($AQ$3=$Z$3,IF(M100="",AQ100*E100,AQ100*M100),IF($AQ$3=$AB$3,IF(N100="",AQ100*E100,AQ100*N100),IF($AQ$3=$AD$3,IF(O100="",AQ100*E100,AQ100*O100),IF($AQ$3=$AF$3,IF(P100="",AQ100*E100,AQ100*P100),IF($AQ$3=$AH$3,IF(Q100="",AQ100*E100,AQ100*Q100),IF($AQ$3=$AJ$3,IF(R100="",AQ100*E100,AQ100*R100),IF($AQ$3=$AL$3,IF(S100="",AQ100*E100,AQ100*S100),""))))))))))) -> 6390.528 | AT100: Evaluar rendimiento de partida de encofrado para optimizar costos
...

Sheet Resumen Economico
B2: =+"RESUMEN ECONOMICO"&" "&"-"&" "&Comparativo!B1 -> RESUMEN ECONOMICO - SUBPROYECTO A3 - R00
E4: =IF(Comparativo!T3="","",Comparativo!T3) -> CONSORCIO CHAQUICOCHA S.R.L. | G4: =IF(Comparativo!V3="","",Comparativo!V3) | I4: =IF(Comparativo!X3="","",Comparativo!X3) | K4: =IF(Comparativo!Z3="","",Comparativo!Z3) | M4: =IF(Comparativo!AB3="","",Comparativo!AB3) | O4: =IF(Comparativo!AD3="","",Comparativo!AD3) | Q4: =IF(Comparativo!AL3="","",Comparativo!AL3)
E5: Nombre Contacto | F5: =IF(Comparativo!U4="","",Comparativo!U4) | G5: Nombre Contacto | H5: =IF(Comparativo!W4="","",Comparativo!W4) | I5: Nombre Contacto | J5: =IF(Comparativo!Y4="","",Comparativo!Y4) | K5: Nombre Contacto | L5: =IF(Comparativo!AA4="","",Comparativo!AA4) | M5: Nombre Contacto | N5: =IF(Comparativo!AC4="","",Comparativo!AC4) | O5: Nombre Contacto | P5: =IF(Comparativo!AE4="","",Comparativo!AE4) | Q5: Nombre Contacto | R5: =IF(Comparativo!AM4="","",Comparativo!AM4)
E6: Teléfono | F6: =IF(Comparativo!U5="","",Comparativo!U5) | G6: Teléfono | H6: =IF(Comparativo!W5="","",Comparativo!W5) | I6: Teléfono | J6: =IF(Comparativo!Y5="","",Comparativo!Y5) | K6: Teléfono | L6: =IF(Comparativo!AA5="","",Comparativo!AA5) | M6: Teléfono | N6: =IF(Comparativo!AC5="","",Comparativo!AC5) | O6: Teléfono | P6: =IF(Comparativo!AE5="","",Comparativo!AE5) | Q6: Teléfono | R6: =IF(Comparativo!AM5="","",Comparativo!AM5)
E7: mail | F7: =IF(Comparativo!U6="","",Comparativo!U6) | G7: mail | H7: =IF(Comparativo!W6="","",Comparativo!W6) | I7: mail | J7: =IF(Comparativo!Y6="","",Comparativo!Y6) | K7: mail | L7: =IF(Comparativo!AA6="","",Comparativo!AA6) | M7: mail | N7: =IF(Comparativo!AC6="","",Comparativo!AC6) | O7: mail | P7: =IF(Comparativo!AE6="","",Comparativo!AE6) | Q7: mail | R7: =IF(Comparativo!AM6="","",Comparativo!AM6)
E8: Fecha Oferta | F8: =IF(Comparativo!U7="","",Comparativo!U7) -> 45201 | G8: Fecha Oferta | H8: =IF(Comparativo!W7="","",Comparativo!W7) -> 45201 | I8: Fecha Oferta | J8: =IF(Comparativo!Y7="","",Comparativo!Y7) -> 45201 | K8: Fecha Oferta | L8: =IF(Comparativo!AA7="","",Comparativo!AA7) | M8: Fecha Oferta | N8: =IF(Comparativo!AC7="","",Comparativo!AC7) | O8: Fecha Oferta | P8: =IF(Comparativo!AE7="","",Comparativo!AE7) | Q8: Fecha Oferta | R8: =IF(Comparativo!AM7="","",Comparativo!AM7)
B9: PUNTAJE
B10: Disponibilidad/ Entrega | D10: 5
B11: Precio | D11: 4
B12: Modalidad Pago | D12: 3
B13: Garantia / Post venta | D13: 3
B14: Homologacion | D14: 1
B15: PUNTAJE TOTAL | D15: =D11+D10+D12+D13+D14 -> 16 | E15: =SUM(E10:F14) -> 0 | G15: =SUM(G10:H14) -> 0 | I15: =SUM(I10:J14) -> 0 | K15: =SUM(K10:L14) -> 0 | M15: =SUM(M10:N14) -> 0 | O15: =SUM(O10:P14) -> 0 | Q15: =SUM(Q10:R14) -> 0
B18: Escala de cumplimiento:
B19: 5 | C19: Supera con creces | E19: MEJOR PUNTAJE | G19: =MAX(E15:R15) -> 0
B20: 4 | C20: Supera la expectativa | E20: PROVEEDOR ELEGIDO | G20: =IF(G19=E15,E4,IF(G19=G15,G4,IF(G19=I15,I4,IF(G19=K15,K4,IF(G19=M15,M4,IF(G19=O15,O4,IF(G19=Q15,Q4,""))))))) -> CONSORCIO CHAQUICOCHA S.R.L.
B21: 3 | C21: Cumple lo requerido
B22: 2 | C22: No llega al estandar
B23: 1 | C23: No cumple

Sheet Evaluacion Tecnica
B2: =+Comparativo!B1 -> SUBPROYECTO A3 - R00
B4: CRITERIOS DE EVALUACIÓN | C4: PUNTAJE | D4: POSTOR 1 | E4: POSTOR 2 | F4: POSTOR 3 | G4: POSTOR 4 | H4: POSTOR 5 | I4: POSTOR 6 | J4: POSTOR 7 | K4: POSTOR 8 | L4: POSTOR 9 | M4: POSTOR 10
C5: 50 | D5: =+Comparativo!T3 -> CONSORCIO CHAQUICOCHA S.R.L. | E5: =+Comparativo!V3 -> 0 | F5: =+Comparativo!X3 -> 0 | G5: =+Comparativo!Z3 -> 0 | H5: =+Comparativo!AB3 -> 0 | I5: =+Comparativo!AD3 -> 0 | J5: =+Comparativo!AF3 -> 0 | K5: =+Comparativo!AH3 -> 0 | L5: =+Comparativo!AJ3 -> 0 | M5: =+Comparativo!AL3 -> 0
B6: CONSTRUCCIÓN - 34 PUNTOS
B7: EXPERIENCIA DEL POSTOR - 08 PUNTOS
B8: 08 o más años de experiencia en trabajos de construcción en obras y proyectos similares (Movimiento de tierras y obras hidráulicas) | C8: 8
B9: 05 o más años de experiencia en trabajos de construcción en obras y proyectos similares (Movimiento de tierras y obras hidráulicas) | C9: 5
B10: 02 o más años de experiencia en trabajos de construcción en obras y proyectos similares (Movimiento de tierras y obras hidráulicas) | C10: 1
B11: ORGANIGRAMA Y PERSONAL CLAVE - 17 PUNTOS
B12: ORGANIGRAMA - 01 PUNTO
B13: Organigrama que muestre todos los niveles de la gestión de la construcción que incluya al personal clave | C13: 1
B14: No presenta, no considera lo descrito en apartado anterior o presenta incompleto el organigrama | C14: 0
B15: RESIDENTE DE OBRA - 06 PUNTOS
B16: EXPERIENCIA MAYOR A 05 AÑOS | C16: 6
B17: EXPERIENCIA DE 03 A 05 AÑOS | C17: 4
B18: EXPERIENCIA MENOR A 03 AÑOS | C18: 1
B19: JEFE DE PRODUCCIÓN - 03 PUNTOS
B20: EXPERIENCIA MAYOR A 03 AÑOS | C20: 3
B21: EXPERIENCIA DE 02 A 03 AÑOS | C21: 2
B22: JEFE DE SSOMA- 03 PUNTOS
B23: EXPERIENCIA MAYOR A 03 AÑOS | C23: 3
B24: EXPERIENCIA DE 02 A 03 AÑOS | C24: 2
B25: JEFE DE CALIDAD - 04 PUNTOS
B26: EXPERIENCIA MAYOR A 03 AÑOS | C26: 4
B27: EXPERIENCIA DE 02 A 03 AÑOS | C27: 2
B28: RELACIÓN DE EQUIPOS A UTILIZAR EN EL PROYECTO - 05 AÑOS
B29: ANTIGÜEDAD DE LOS EQUIPOS - 02 PUNTOS
B30: Antigüedad de equipos y maquinaria menor a 5 años
B31: El 60% de los equipos ofertados cumplen con la condición | C31: 2
B32: No cumplen con la condición | C32: 0
B33: EQUIPOS PROPIOS - 02 PUNTOS
B34: Equipos y maquinaria propio mayor al 70% de toda su pull ofertado, según la cantidad máxima de su histograma | C34: 2
B35: Equipos y maquinaria propio mayor al 50% de toda su pull ofertado, según la cantidad máxima de su histograma | C35: 1
B36: Equipos y maquinaria propio mayor al 20% de toda su pull ofertado, según la cantidad máxima de su histograma | C36: 0
B37: PLAN DE EJECUCIÓN DEL PROYECTO - 05 PUNTOS
B38: Plan de Construcción Detallado | C38: 3
B39: Gestión de Control de Proyecto | C39: 2
B40: SEGURIDAD Y SALUD EN EL TRABAJO - 04 PUNTOS
B41: Presenta Plan de Seguridad y Salud en el Trabajo | C41: 1
B42: No presenta, presenta incompleto o presenta información incongruente | C42: 0
B43: Presenta procedimientos operativos o PETS Acordes y afines a las actividades a ejecutar en el proyecto | C43: 1
B44: No presenta, presenta incompleto o presenta información incongruente | C44: 0
B45: Presenta certificación vigente de ISO 45001:2018 | C45: 2
B46: No presenta o presenta certificación vigente de ISO 45001:2018 | C46: 0
B47: CALIDAD - 04 PUNTOS
B48: Presentación de Plan de Calidad | C48: 2
B49: No presenta, presenta incompleto o presenta información incongruente (no acorde al servicio y/o proyecto) del Plan de Calidad | C49: 0
B50: Presenta certificación vigente de ISO 9001:2015 | C50: 2
B51: No presenta o presenta certificación vigente de ISO 9001:2015 | C51: 0
B52: PLANEAMIENTO - 05 PUNTOS
B53: PRESENTACION DEL CRONOGRAMA DEL PROYECTO - 02 PUNTOS
